Workbook

Sheet Профили Хром+
A1: ПрофилиХром+
A2: №стр.каталога | B2: Категория | C2: Штрихкод | D2: Кодтовара | E2: Наименование | F2: ОПТ , € с 15.02.24 | G2: РРЦ , € с 15.02.24 | H2: Наценка если заменить на фабрике, ОПТ € с 15.02.24 | I2: Наценка если заменить на фабрике, РРЦ € с 15.02.24 | J2: Склад/подзаказ | K2: Доп.информация
B3: Профиль | D3: 001-706150003 | E3: Chrome+ Профиль стабилизатора верхний 1500 мм | F3: 117 | G3: 180 | H3: 53 | I3: 82 | J3: Подзаказ
B4: Профиль | D4: 001-260200003 | E4: Chrome+ Маскировочный профиль пристенного профиля Fuenta/Essenza | F4: 108 | G4: 167 | H4: 53 | I4: 82 | J4: Подзаказ
B5: Профиль | D5: 001-261200003 | E5: Chrome+ Профиль угловой кабины KDJ+S(Essenza/Fuenta) | F5: 126 | G5: 194 | H5: 53 | I5: 82 | J5: Подзаказ
B6: Профиль | D6: 001-251200003 | E6: Chrome+ Профиль под магнит DWJ (Euphoria / Essenza / Fuenta) | F6: 104 | G6: 160 | H6: 46 | I6: 71 | J6: Под заказ
B7: Профиль | D7: 001-151200003 | E7: Chrome+ П-образный профиль для профиля под магнит DWJ (Euphoria / Essenza / Fuenta) | F7: 89 | G7: 137 | H7: 46 | I7: 71 | J7: Под заказ
B8: Профиль | D8: 001-250200003 | E8: Chrome+ Уплотнительный профиль (между стационарным стеклом и стеной) Euphoria | F8: 87 | G8: 133 | H8: 38 | I8: 59 | J8: Под заказ

Sheet Общий прайс-лист для 1С
A1: Штрих код | B1: Артикул | C1: РРЦ, € с 1.08.26 | D1: Наименование
A2: 5902738061382 | B2: 10001050-01-01 | C2: 244 | D2: Шторка на ванну Idea PNJ 50 500x1500 хром/прозрачное/6mm 10001050-01-01
A3: 5902738065151 | B3: 10001050-01-01W | C3: 332 | D3: Шторка на ванну Idea PNJ 500 с полотенцедержателем 500x1500 хром/прозрачное/6mm 10001050-01-01W
A4: 5902738061443 | B4: 10001050-54-01 | C4: 269 | D4: Шторка на ванну Idea Black PNJ 50 500x1500 Black/прозрачное/6mm 10001050-54-01
A5: 5902738065168 | B5: 10001060-01-01W | C5: 349 | D5: Шторка на ванну Idea PNJ 600 с полотенцедержателем 600x1500 хром/прозрачное/6mm 10001060-01-01W
A6: 5902738061450 | B6: 10001060-54-01 | C6: 286 | D6: Шторка на ванну Idea Black PNJ 60 600x1500 Black/прозрачное/6mm 10001060-54-01
A7: 5902738061511 | B7: 10001060-54-55 | C7: 424 | D7: Шторка на ванну Idea Black PNJ 60 Factory 10001060-54-55
A8: 5902738061573 | B8: 10001060-54-56 | C8: 424 | D8: Шторка на ванну Idea Black PNJ 60 Frame 10001060-54-56
A9: 5902738064949 | B9: 10001070-01-01W | C9: 374 | D9: Шторка на ванну Idea PNJ 700 с полотенцедержателем 700x1500 хром/прозрачное/6mm 10001070-01-01W
A10: 5902738061528 | B10: 10001070-54-55 | C10: 475 | D10: Шторка на ванну Idea Black PNJ 70 Factory 10001070-54-55
A11: 5902738061580 | B11: 10001070-54-56 | C11: 475 | D11: Душевая шторка Idea Black PNJ 70 Frame 700x1500 10001070-54-56
A12: 5902738061412 | B12: 10001080-01-01 | C12: 290 | D12: Шторка на ванну Idea PNJ 80 800x1500 хром/прозрачное/6mm 10001080-01-01
A13: 5904295133212 | B13: 10001080-09-01 | C13: 357 | D13: Шторка на ванну Idea Gold PNJ II 80 золото/прозрач./6mm/800x1500 10001080-09-01
A14: 5902738061535 | B14: 10001080-54-55 | C14: 504 | D14: Шторка на ванну Idea Black PNJ II 80 Factory 10001080-54-55
A15: 5902738061597 | B15: 10001080-54-56 | C15: 504 | D15: Шторка на ванну Idea Black PNJ 80 Frame 10001080-54-56
A16: 5904295333285 | B16: 10001080-91-01 | C16: 357 | D16: Шторка на ванну Idea Brushed Nickel PNJ II 80 /прозрач./6mm/800x1500 10001080-91-01
A17: 5904295333346 | B17: 10001080-92-01 | C17: 357 | D17: Шторка на ванну Idea Brushed GunMetal PNJ II 80 /прозрач./6mm/800x1500 10001080-92-01
... A19: 5904295507358 | B19: 10001080-98-01 | C19: 357 | D19: Шторка на ванну Idea PNJ II 80 brushed light gold/прозрач./6 мм/800x1500 10001080-98-01
A20: 5904295133274 | B20: 10001080-99-01 | C20: 357 | D20: Шторка на ванну Idea Brushed Gold PNJ II 80 /прозрач./6mm/800x1500 10001080-99-01
A21: 5904295133229 | B21: 10001090-09-01 | C21: 412 | D21: Шторка на ванну Idea Gold PNJ II 90 золото/прозрач./6mm/900x1500 10001090-09-01
A22: 5902738061481 | B22: 10001090-54-01 | C22: 374 | D22: Шторка на ванну Idea Black PNJ 90 900x1500 Black/прозрачное/6mm 10001090-54-01
A23: 5902738061542 | B23: 10001090-54-55 | C23: 584 | D23: Шторка на ванну Idea Black PNJ 90 Factory 10001090-54-55
A24: 5902738061603 | B24: 10001090-54-56 | C24: 584 | D24: Шторка на ванну Idea Black PNJ 90 Frame 10001090-54-56
A25: 5904295333292 | B25: 10001090-91-01 | C25: 412 | D25: Шторка на ванну Idea Brushed Nickel PNJ II 90 /прозрач./6mm/900x1500 10001090-91-01
A26: 5904295333353 | B26: 10001090-92-01 | C26: 412 | D26: Шторка на ванну Idea Brushed GunMetal PNJ II 90 /прозрач./6mm/900x1500 10001090-92-01
A27: 5904295333414 | B27: 10001090-93-01 | C27: 412 | D27: Шторка на ванну Idea Brushed Copper PNJ II 90 /прозрач./6mm/900x1500 10001090-93-01
A28: 5904295507365 | B28: 10001090-98-01 | C28: 412 | D28: Шторка на ванну Idea PNJ II 90 brushed light gold/прозрач./6 мм/900x1500 10001090-98-01
A29: 5904295133281 | B29: 10001090-99-01 | C29: 412 | D29: Шторка на ванну Idea Brushed Gold PNJ II 90 /прозрач./6mm/900x1500 10001090-99-01
A30: 5902738065175 | B30: 10001100-01-01W | C30: 441 | D30: Шторка на ванну Idea PNJ 100 с полотенцедержателем 1000x1500 хром/прозрачное/6mm 10001100-01-01W
A31: 5904295133236 | B31: 10001100-09-01 | C31: 424 | D31: Шторка на ванну Idea Gold PNJ II 100 золото/прозрач./6mm/1000x1500 10001100-09-01
A32: 5902738061559 | B32: 10001100-54-55 | C32: 613 | D32: Шторка на ванну Idea Black PNJ 100 Factory 10001100-54-55
A33: 5902738061610 | B33: 10001100-54-56 | C33: 613 | D33: Шторка на ванну Idea Black PNJ 100 Frame 10001100-54-56
A34: 5904295333308 | B34: 10001100-91-01 | C34: 424 | D34: Шторка на ванну Idea Brushed Nickel PNJ II 100 /прозрач./6mm/1000x1500 10001100-91-01
A35: 5904295333360 | B35: 10001100-92-01 | C35: 424 | D35: Шторка на ванну Idea Brushed GunMetal PNJ II 100 /прозрач./6mm/1000x1500 10001100-92-01
A36: 5904295333421 | B36: 10001100-93-01 | C36: 424 | D36: Шторка на ванну Idea Brushed Copper PNJ II 100 /прозрач./6mm/1000x1500 10001100-93-01
A37: 5904295507372 | B37: 10001100-98-01 | C37: 424 | D37: Шторка на ванну Idea PNJ II 100 brushed light gold/прозрач./6 мм/1000x1500 10001100-98-01
A38: 5904295133298 | B38: 10001100-99-01 | C38: 424 | D38: Шторка на ванну Idea Brushed Gold PNJ II 100 /прозрач./6mm/1000x1500 10001100-99-01
A39: 5902738061726 | B39: 10003140-01-01L | C39: 739 | D39: Шторка на ванну Idea PN DWJ 140 Left 1400x1500 хром/прозрач/6mm 10003140-01-01L
A40: 5902738064154 | B40: 10003140-01-01R | C40: 739 | D40: Шторка на ванну Idea PN DWJ 140 Right 1400x1500 хром/прозрач/6mm 10003140-01-01R
A41: 5902738061771 | B41: 10003140-54-01L | C41: 815 | D41: Шторка на ванну Idea Black PN DWJ 140 Left Black/прозрачное/6mm 10003140-54-01L
A42: 5902738064208 | B42: 10003140-54-01R | C42: 815 | D42: Шторка на ванну Idea Black PN DWJ 140 Right Black/прозрачное/6mm 10003140-54-01R
A43: 5902738061733 | B43: 10003150-01-01L | C43: 760 | D43: Шторка на ванну Idea PN DWJ 150 Left 1500x1500 хром/прозрач/6mm 10003150-01-01L
A44: 5902738064161 | B44: 10003150-01-01R | C44: 760 | D44: Шторка на ванну Idea PN DWJ 150 Right 1500x1500 хром/прозрач/6mm 10003150-01-01R
A45: 5902738061788 | B45: 10003150-54-01L | C45: 840 | D45: Шторка на ванну Idea Black PN DWJ 150 Left Black/прозрачное/6mm 10003150-54-01L
A46: 5902738064215 | B46: 10003150-54-01R | C46: 840 | D46: Шторка на ванну Idea Black PN DWJ 150 Right Black/прозрачное/6mm 10003150-54-01R
A47: 5902738061740 | B47: 10003160-01-01L | C47: 777 | D47: Шторка на ванну Idea PN DWJ 160 Left 1600x1500 хром/прозрач/6mm 10003160-01-01L
A48: 5902738064178 | B48: 10003160-01-01R | C48: 777 | D48: Шторка на ванну Idea PN DWJ 160 Right 1600x1500 хром/прозрач/6mm 10003160-01-01R
A49: 5902738061795 | B49: 10003160-54-01L | C49: 857 | D49: Шторка на ванну Idea Black PN DWJ 160 Left Black/прозрачное/6mm 10003160-54-01L
A50: 5902738064222 | B50: 10003160-54-01R | C50: 857 | D50: Шторка на ванну Idea Black PN DWJ 160 Right Black/прозрачное/6mm 10003160-54-01R
A51: 5902738061757 | B51: 10003170-01-01L | C51: 790 | D51: Шторка на ванну Idea PN DWJ 170 Left 1700x1500 хром/прозрач/6mm 10003170-01-01L
A52: 5902738064185 | B52: 10003170-01-01R | C52: 790 | D52: Шторка на ванну Idea PN DWJ 170 Right 1700x1500 хром/прозрач/6mm 10003170-01-01R
... A69: 5902738061924 | B69: 10005070-01-01L | C69: 244 | D69: Боковая стенка Idea PN S 70 L хром/прозрач/6mm 10005070-01-01L
A70: 5902738067209 | B70: 10005070-01-01R | C70: 244 | D70: Боковая стенка Idea PN S 70 R хром/прозрач/6mm 10005070-01-01R
A71: 5902738061955 | B71: 10005070-54-01L | C71: 269 | D71: Боковая стенка Idea Black PN S 70 L Black/прозрачное/6mm 10005070-54-01L
A72: 5902738067230 | B72: 10005070-54-01R | C72: 269 | D72: Боковая стенка Idea Black PN S 70 R Black/прозрачное/6mm 10005070-54-01R
A73: 5902738061962 | B73: 10005075-54-01L | C73: 286 | D73: Боковая стенка Idea Black PN S 75 L Black/прозрачное/6mm 10005075-54-01L
A74: 5902738067247 | B74: 10005075-54-01R | C74: 286 | D74: Боковая стенка Idea Black PN S 75 R Black/прозрачное/6mm 10005075-54-01R
A75: 5902738061948 | B75: 10005080-01-01L | C75: 277 | D75: Боковая стенка Idea PN S 80 L хром/прозрач/6mm 10005080-01-01L
A76: 5902738067223 | B76: 10005080-01-01R | C76: 277 | D76: Боковая стенка Idea PN S 80 R хром/прозрач/6mm 10005080-01-01R
A77: 5902738061979 | B77: 10005080-54-01L | C77: 307 | D77: Боковая стенка Idea Black PN S 80 L Black/прозрачное/6mm 10005080-54-01L
A78: 5902738067254 | B78: 10005080-54-01R | C78: 307 | D78: Боковая стенка Idea Black PN S 80 R Black/прозрачное/6mm 10005080-54-01R
A79: 5902738066912 | B79: 10042140-01-01L | C79: 701 | D79: Шторка на ванну Idea PN DWJ+S 140 Front Left хром/прозрач/6mm 10042140-01-01L
A80: 5902738066929 | B80: 10042140-01-01R | C80: 701 | D80: Шторка на ванну Idea PN DWJ+S 140 Front Right хром/прозрач/6mm 10042140-01-01R
A81: 5902738066936 | B81: 10042140-54-01L | C81: 769 | D81: Шторка на ванну Idea Black PN DWJ+S 140 Front Left 10042140-54-01L
A82: 5902738066943 | B82: 10042140-54-01R | C82: 769 | D82: Шторка на ванну Idea Black PN DWJ+S 140 Front Right 10042140-54-01R
A83: 5902738066950 | B83: 10042150-01-01L | C83: 727 | D83: Шторка на ванну Idea PN DWJ+S 150 Front Left хром/прозрач/6mm 10042150-01-01L
A84: 5902738066967 | B84: 10042150-01-01R | C84: 727 | D84: Шторка на ванну Idea PN DWJ+S 150 Front Right хром/прозрач/6mm 10042150-01-01R
A85: 5902738066974 | B85: 10042150-54-01L | C85: 798 | D85: Шторка на ванну Idea Black PN DWJ+S 150 Front Left 10042150-54-01L
A86: 5902738066981 | B86: 10042150-54-01R | C86: 798 | D86: Шторка на ванну Idea Black PN DWJ+S 150 Front Right 10042150-54-01R
A87: 5902738066998 | B87: 10042160-01-01L | C87: 735 | D87: Шторка на ванну Idea PN DWJ+S 160 Front Left хром/прозрач/6mm 10042160-01-01L
A88: 5902738067001 | B88: 10042160-01-01R | C88: 735 | D88: Шторка на ванну Idea PN DWJ+S 160 Front Right хром/прозрач/6mm 10042160-01-01R
A89: 5902738067018 | B89: 10042160-54-01L | C89: 806 | D89: Шторка на ванну Idea Black PN DWJ+S 160 Front Left 10042160-54-01L
... A159: 5902738040752 | B159: 387014-01-01L | C159: 731 | D159: Душевая дверь Idea DWJ 1000L*2005 хром/прозрачн. 387014-01-01L
A160: 5902738040769 | B160: 387014-01-01R | C160: 731 | D160: Душевая дверь Idea DWJ 1000R*2005 хром/прозрачн. 387014-01-01R
A161: 5904295007988 | B161: 387014-04-01L | C161: 802 | D161: Дверь Idea White DWJ 100 Left белый/прозрач./6 мм 1000x2000 387014-04-01L
A162: 5904295007995 | B162: 387014-04-01R | C162: 802 | D162: Дверь Idea White DWJ 100 Right белый/прозрач./6 мм 1000x2000 387014-04-01R
A163: 5902738092782 | B163: 387014-09-01L | C163: 903 | D163: Душевая дверь Idea Gold DWJ 100 Left 1000x2005 золото/прозрачное/6mm 387014-09-01L
A164: 5902738092799 | B164: 387014-09-01R | C164: 903 | D164: Душевая дверь Idea Gold DWJ 100 Right 1000x2005 золото/прозрачное/6mm 387014-09-01R
A165: 5902738058764 | B165: 387014-54-01L | C165: 802 | D165: Душевая дверь Idea Black DWJ 100 Left черный/прозрачное 1000x2005 387014-54-01L
A166: 5902738058771 | B166: 387014-54-01R | C166: 802 | D166: Душевая дверь Idea Black DWJ 100 Right черный/прозрачное 1000x2005 387014-54-01R
A167: 5904295004383 | B167: 387014-54-55L | C167: 1117 | D167: Душевая дверь Idea Black DWJ 100 Left черный/Factory 1000x2005 387014-54-55L
A168: 5904295004390 | B168: 387014-54-55R | C168: 1117 | D168: Душевая дверь Idea Black DWJ 100 Right черный/Factory 1000x2005 387014-54-55R
A169: 5904295012098 | B169: 387014-91-01L | C169: 903 | D169: Душевая дверь Idea Brushed Nickel DWJ 100 Left /прозрач./6mm/1000x2000 387014-91-01L
A170: 5904295012104 | B170: 387014-91-01R | C170: 903 | D170: Душевая дверь Idea DWJ 100 R brushed nickel/прозрач./6мм/1000x2000 387014-91-01R
A171: 5904295012234 | B171: 387014-92-01L | C171: 903 | D171: Душевая дверь Idea Brushed GunMetal DWJ 100 Left /прозрач./6mm/1000x2000 387014-92-01L
A172: 5904295012241 | B172: 387014-92-01R | C172: 903 | D172: Душевая дверь Idea Brushed GunMetal DWJ 100 Right /прозрач./6mm/1000x2000 387014-92-01R
A173: 5904295123367 | B173: 387014-93-01L | C173: 903 | D173: Душевая дверь Idea Brushed Copper DWJ 100 Left /прозрач./6mm/1000x2000 387014-93-01L
A174: 5904295123374 | B174: 387014-93-01R | C174: 903 | D174: Душевая дверь Idea Brushed Copper DWJ 100 Right /прозрач./6mm/1000x2000 387014-93-01R
A175: 5904295507112 | B175: 387014-98-01L | C175: 903 | D175: Душевая дверь Idea DWJ 100 Left brushed light gold/прозрач./6 мм/1000x2005 387014-98-01L
A176: 5904295507129 | B176: 387014-98-01R | C176: 903 | D176: Душевая дверь Idea DWJ 100 Right brushed light gold/прозрач./6 мм/1000x2005 387014-98-01R
A177: 5904295890795 | B177: 387014-99-01L | C177: 903 | D177: Душевая дверь Idea DWJ 100 L brushed gold/прозрач./6мм/1000x2000 387014-99-01L
A178: 5904295890801 | B178: 387014-99-01R | C178: 903 | D178: Душевая дверь Idea DWJ 100 R brushed gold/прозрач./6мм/1000x2000 387014-99-01R
A179: 5902738040776 | B179: 387015-01-01L | C179: 760 | D179: Душевая дверь Idea DWJ 1100L*2005 хром/прозрачн. 387015-01-01L
A180: 5902738040783 | B180: 387015-01-01R | C180: 760 | D180: Душевая дверь Idea DWJ 1100R*2005 хром/прозрачн. 387015-01-01R
A181: 5904295008008 | B181: 387015-04-01L | C181: 840 | D181: Дверь Idea White DWJ 110 Left белый/прозрач./6 мм 1100x2000 387015-04-01L
A182: 5904295008015 | B182: 387015-04-01R | C182: 840 | D182: Дверь Idea White DWJ 110 Right белый/прозрач./6 мм 1100x2000 387015-04-01R
A183: 5902738092805 | B183: 387015-09-01L | C183: 937 | D183: Душевая дверь Idea Gold DWJ 110 Left 1100x2005 золото/прозрачное/6mm 387015-09-01L
A184: 5902738092812 | B184: 387015-09-01R | C184: 937 | D184: Душевая дверь Idea Gold DWJ 110 Right золото/прозрачн. 387015-09-01R
A185: 5902738058788 | B185: 387015-54-01L | C185: 840 | D185: Душевая дверь Idea Black DWJ 110 Left черный/прозрачное 1100x2005 387015-54-01L
A186: 5902738058795 | B186: 387015-54-01R | C186: 840 | D186: Душевая дверь Idea Black DWJ 110 Right черный/прозрачное 1100x2005 387015-54-01R
...

Sheet Изменение цвета стекла
A1: !ВАЖНО! Доплата за Изменение варианта стекла* за часть** продукта: *Если 1 часть состоит из двух индексов, то доплата делится поровну на оба индекса, **Пожалуйста, обратитесь к листу каталога, чтобы определить количество деталей
A2: В таблицах указана цена за изменение цвета стекла - ТОЛЬКО В КАБИНАХ С ПЛОСКИМ СТЕКЛОМ. В полукруглых кабинах изменить цвет стекла нельзя. | F2: Розничная цена, Евро с 1.01.26 | G2: Доп. Информация | H2: Пример: Nes 8 KDJ I с матовым стеклом = +224 евро, независимо от размера. 1 индекс для фронтальной стороны (+112 евро) + 1 индекс для боковой стены (+112 евро) Furo KDJ с матовым стеклом = +224 евро, независимо от размера. 2 индекса для фронтальной стороны (+112 / 2 = +56 евро за индекс) + 1 индекс для боковой стены (+112 евро)
A3: Душевую кабину можно заказать в стандартном размере и нестандартном цвете стекла, тогда расчет цены включает: 1) стоимость стандартного ограждения + 2) наценка за изменение цвета | E3: толщина стекла 6 мм
E4: Коричневое 08 | F4: 94
E5: Графитовое 05 | F5: 94
E6: Матовое (Sateen) + UltraClear | F6: =F7+F8 -> 188 | G6: ПРЕИМУЩЕСТВА НОВИНКИ: ✨ Никакого зеленого оттенка ✨ Цена стала ниже! 🤑 Раньше: Digital Print + UltraClear ТЕХНИЧЕСКИЕ ДЕТАЛИ: 📌 В конфигураторе указывайте: «Матовое UltraClear» 📌 Доступные толщины: 6 мм и 8 мм 📌 Сроки: пока уточняем под каждый заказ индивидуально (скоро придем к единому стандарту)
A7: Срок изготовления 10 календарных дней + доставка из Польши до Москвы Срок на горячее нанесение 14 календарных дней + доставка из Польши до Москвы. | E7: Матовое (сатин) 02 | F7: 94
E8: UltraClear | F8: 94
A9: Стекло PIXARENA и ShowerGuard толщиной 6 и 8 мм на фабрике СНЯТО С ПРОИЗВОДСТВА! | E9: Visiosun | F9: 157 | G9: Вариант стекла Visiosun доступен в коллекциях со стеклом 6 мм: Carena, Eos / Eos II (кроме PND I), Idea, Nes (кроме : KDJ-B KDD-B, DWB, PND I), Torrenta. Стекло Visiosun не доступно в полукруглых моделях. Максимально возможная высота стекла 2700 мм
E10: Master-Soft | F10: 157 | G10: Стекло Master Soft доступно в коллекциях: 6 мм - Idea, Nes 6 (кроме : KDJ-B KDD-B, DWB, PND I), Almatea, Torrenta, Eos 8 мм - Modo , Espera, Nes 8 (кроме : KDJ-B KDD-B, DWB, PND I)
E11: Mirror(зеркало) | F11: 204
E12: Полоса интимато (intimato) (площадь печати от 0-50% поверхности стекла) | F12: 219 | G12: Полоса интимато (intimato) с 15.12.2020 наносится также как и покрытие Frame/Factory методом горячего нанесения (жидкая керамика). Полоса интимато (intimato) может быть любой ширины, но не более 50% площади ограждения, свыше 50% - индивидуальный расчет по запросу.
E13: Frame/Factory (площадь печати от 0-50% поверхности стекла) | F13: 219 | G13: Допустимые размеры нанесения Frame/Factory по ширине до 1600мм, по высоте до 3000 мм. Толщина стекла любая 6, 8 и 10 мм. Уточнять ограничения по высоте по каждой коллекции индивидуально. Допускается комбинация с цветными стеклами, цена включает: 1) стоимость нанесения Frame/Factory + 2) стоимость цветного стекла.
E14: ДЕКОР VISIOPRINT | F14: 219
E16: толщина стекла 8 мм
E17: Коричневое 08 | F17: 172
E18: Графитовое 05 | F18: 172
E19: Матовое (Sateen) + UltraClear | F19: 344 | G19: ПРЕИМУЩЕСТВА НОВИНКИ: ✨ Никакого зеленого оттенка ✨ Цена стала ниже! 🤑 Раньше: Digital Print + UltraClear ТЕХНИЧЕСКИЕ ДЕТАЛИ: 📌 В конфигураторе указывайте: «Матовое UltraClear» 📌 Доступные толщины: 6 мм и 8 мм 📌 Сроки: пока уточняем под каждый заказ индивидуально (скоро придем к единому стандарту)
E20: Матовое (сатин) 02 | F20: 172
E21: UltraClear | F21: 172
E22: Master-Soft | F22: 236 | G22: Стекло Master Soft доступно в коллекциях: 6 мм - Idea, Nes 6 (кроме : KDJ-B KDD-B, DWB, PND I), Almatea, Torrenta, Eos 8 мм - Modo , Espera, Nes 8 (кроме : KDJ-B KDD-B, DWB, PND I)
E23: Visiosun | F23: 236 | G23: Вариант стекла Visiosun доступен в коллекциях со стеклом 8 мм: Modo New/F/SL/F SL/SL SW, Nes 8*, Espera Pro, Espera, IDEA 8/8QL). * кроме моделей: KDJ B, KDD B, DWB, PND I.Стекло Visiosun не доступно в полукруглых моделях. Максимально возможная высота стекла 3000 мм
E24: Mirror (зеркало) | F24: 455
E25: Полоса интимато (intimato) (площадь печати от 0-50% поверхности стекла) | F25: 219 | G25: Полоса интимато (intimato) с 15.12.2020 наносится также как и покрытие Frame/Factory методом горячего нанесения (жидкая керамика). Полоса интимато (intimato) может быть любой ширины, но не более 50% площади ограждения, свыше 50% - индивидуальный расчет по запросу.
E26: Frame/Factory (площадь печати от 0-50% поверхности стекла) | F26: 219 | G26: Допустимые размеры нанесения Frame/Factory по ширине до 1600мм, по высоте до 3000 мм. Толщина стекла любая 6, 8 и 10 мм. Уточнять ограничения по высоте по каждой коллекции индивидуально. Допускается комбинация с цветными стеклами(*** Frame и Factory доступныe на стекле: UltraClear® матовом, графитовом, коричневом, зеркальном), цена включает: 1) стоимость нанесения Frame/Factory + 2) стоимость цветного стекла.
E27: ДЕКОР VISIOPRINT | F27: 219 | G27: ДЕКОР VISIOPRINT Цветная печать доступна только на плоском стекле: прозрачном, коричневом, графитовом и Ultra Clear® толщиной 6, 8, 10мм. Максимальная ширина стекла = 1600мм
E29: толщина стекла 10 мм
E30: Коричневое 08 | F30: 204
E31: Графитовое 05 | F31: 204
E32: Матовое (Sateen) + UltraClear | F32: =F33+F34 -> 408 | G32: ПРЕИМУЩЕСТВА НОВИНКИ: ✨ Никакого зеленого оттенка ✨ Цена стала ниже! 🤑 Раньше: Digital Print + UltraClear ТЕХНИЧЕСКИЕ ДЕТАЛИ: 📌 В конфигураторе указывайте: «Матовое UltraClear» 📌 Доступные толщины: 6 мм и 8 мм и 10 мм 📌 Сроки: пока уточняем под каждый заказ индивидуально (скоро придем к единому стандарту)
E33: Матовое (сатин) 02 | F33: 204
E34: UltraClear | F34: 204
E35: Полоса интимато (intimato) (площадь печати от 0-50% поверхности стекла) | F35: 219 | G35: Полоса интимато (intimato) с 15.12.2020 наносится также как и покрытие Frame/Factory методом горячего нанесения (жидкая керамика). Полоса интимато (intimato) может быть любой ширины, но не более 50% площади ограждения, свыше 50% - индивидуальный расчет по запросу.
E36: Frame/Factory (площадь печати от 0-50% поверхности стекла) | F36: 219 | G36: Допустимые размеры нанесения Frame/Factory по ширине до 1600мм, по высоте до 3000 мм. Толщина стекла любая 6, 8 и 10 мм. Уточнять ограничения по высоте по каждой коллекции индивидуально. Допускается комбинация с цветными стеклами(*** Frame и Factory доступныe на стекле: UltraClear® матовом, графитовом, коричневом, зеркальном), цена включает: 1) стоимость нанесения Frame/Factory + 2) стоимость цветного стекла.
E37: ДЕКОР VISIOPRINT | F37: 219 | G37: ДЕКОР VISIOPRINT Цветная печать доступна только на плоском стекле: прозрачном, коричневом, графитовом и Ultra Clear® толщиной 6, 8, 10мм. Максимальная ширина стекла = 1600мм
E38: На стеклах 6, 8, 10 мм доступна печать любого рисунка методом горячего нанесения (жидкая керамика). Допустимые размеры нанесения по ширине до 1600мм, по высоте до 3000 мм.
E40: Прочие узоры (не менее 1 кв.м) CMYK, площадь печати от 1-100% поверхности стекла. | F40: 376
E41: Прочие узоры (не менее 1 кв.м) в цвете Silver, Gold (зеркальное серебро и золото)

Sheet Спец.предложение
A2: Коллекция | B2: Модель | C2: Штрих код | D2: Код товара | F2: Наименование | G2: Цвет | H2: Размер | I2: Цвет стекла | J2: Толщина стекла | K2: ОПТ, € с 15.02.24 | L2: РРЦ, € с 15.02.24 | M2: Спеццена-ОПТ
A3: Premium | B3: A | C3: 5902738002033 | D3: 30413-01-01set | E3: Premium A 80x80 | F3: Premium A 80x80x190 | G3: chrome | H3: 800x800x1900 | I3: прозрачное | J3: 5mm | K3: 437 | L3: 673 | M3: 279 | N3: доступно до окончания складских остатков. Вышел из ассортимента
C4: 5902738046938 | D4: S4TIA8080-08 | F4: Tinos A Compact 80x80 półokrągły | G4: white | H4: 800x800x160
C5: 8426621142608 | D5: PB50T | F5: PB50T Siphon Ø50
A6: Premium | B6: C | C6: 5902738027180 | D6: 30463-01-01set | E6: Premium C 80x80 | F6: Premium C 80x80x190 | G6: chrome | H6: 900x900x1900 | I6: прозрачное | J6: 5mm | K6: 437 | L6: 673 | M6: 279
C7: 5902738046921 | D7: S4TIC8080-08 | F7: Tinos C Compact 80x80 kwadratowy | G7: white | H7: 800x800x160
C8: 8426621142608 | D8: PB50T | F8: PB50T Siphon Ø50

Sheet Доп возможности
B1: Категория | C1: Характеристики | D1: Штрих код | E1: Код товара | G1: Наименование | H1: Цвет | K1: Склад/ под заказ | L1: Доп. информация
B2: Запчасть для сифона | E2: 023-008002301 | G2: Вставка для сифона R400W Slim | K2: Под заказ
B3: Запчасть для сифона | D3: 5902738023939 | E3: 023-30719155 | G3: Мембрана для сифона R400 Slim | K3: Под заказ
B4: Горизонтальный уплотнитель | C4: Для монтажа кабины в варианте без порога. Essenza Pro: KDJ; KDD; PTJ; DWJ; Essenza : KDJ; KDJ B; KDD; KDD-B; PTJ; KDJ+S; DWJ; DWJS; DWB Fuenta : KDJ; KDJ B; KDD; KDD B; KDJ+S; DWJ; DWJS; DWB Eos: KDJ; KDS; KDJ B; KDD; KDD B; DWJ; DWS; DWB; DWD Eos II: KDJ; KDS; KDD; DWD+S; DWD+2S; DWJ; DWJS; DWD Torrenta: KDJ; KDD; DWJ; DWJS | E4: 007-106700500 | G4: Горизонтальный левый уплотнитель для Eos и Eos II* без порога | K4: снято с производства
B5: Горизонтальный уплотнитель | C5: Для монтажа кабины в варианте без порога. Essenza Pro: KDJ; KDD; PTJ; DWJ; Essenza : PDD; KDJ; KDJ B; KDD; KDD-B; PTJ; KDJ+S; DWJ; DWJS; DWB Fuenta : PDD; KDJ; KDJ B; KDD; KDD B; KDJ+S; DWJ; DWJS; DWB Eos: KDJ; KDS; KDJ B; KDD; KDD B; DWJ; DWS; DWB; DWD Eos II: KDJ; KDS; KDD; DWD+S; DWD+2S; DWJ; DWJS; DWD Torrenta: KDJ; KDD; DWJ; DWJS | E5: 007-106700600 | G5: Горизонтальный правый уплотнитель для Eos и Eos II* без порога | K5: снято с производства
B6: Горизонтальный уплотнитель | C6: Для монтажа кабины в варианте без порога. Eos: PDD Eos II: PDD Torrenta: PDJ | E6: 007-106301100 | G6: Горизонтальный левый уплотнитель для Eos PDD без порога | K6: снято с производства
B7: Горизонтальный уплотнитель | C7: Для монтажа кабины в варианте без порога. Eos: PDD Eos II: PDD Torrenta: PDJ | E7: 007-106301200 | G7: Горизонтальный правый уплотнитель для Eos PDD без порога | K7: снято с производства
B8: Горизонтальный уплотнитель | C8: Для монтажа кабины в варианте без порога. Essenza Pro: PDD Torrenta: PDD | E8: 007-106700100 | G8: Горизонтальный левый уплотнитель для Eos II PDD без порога | K8: снято с производства
B9: Горизонтальный уплотнитель | C9: Для монтажа кабины в варианте без порога. Essenza Pro: PDD Torrenta: PDD | E9: 007-106700200 | G9: Горизонтальный правый уплотнитель для Eos II PDD без порога | K9: снято с производства
B10: Горизонтальный уплотнитель | C10: Для монтажа кабины в варианте без порога. Euphoria: KDJ; KDJ+S; KDJ P; KDD; DWJ | E10: 007-108200100 | G10: Горизонтальный левый уплотнитель для Euphoria* без порога | K10: снято с производства
B11: Горизонтальный уплотнитель | C11: Для монтажа кабины в варианте без порога. Euphoria KDJ; Euphoria KDJ+S; Euphoria KDJ P; Euphoria KDD; Euphoria DWJ | E11: 007-108200200 | G11: Горизонтальный правый уплотнитель для Euphoria* без порога | K11: снято с производства
B12: Горизонтальный уплотнитель | C12: Для монтажа кабины в варианте без порога. Euphoria PDD | E12: 007-108200300 | G12: Горизонтальный левый уплотнитель для Euphoria PDD без порога | K12: снято с производства
B13: Горизонтальный уплотнитель | C13: Для монтажа кабины в варианте без порога. Euphoria PDD | E13: 007-108200400 | G13: Горизонтальный правый уплотнитель для Euphoria PDD без порога | K13: снято с производства
B14: Стабилизатор крестообразный | C14: В СОСТАВ КОМПЛЕКТА ВХОДЯТ: – держатель на стекло - 2шт., – держатель на стену - 1шт., – промежуточный кронштейн - 1 шт., – палка стабилизатора длиной 1500мм (для самостоятельной подрезки) - 1 шт. | D14: 5902738023922 | E14: 6KWK1 | G14: Т-образный стабилизатор на стекло 6 мм (только для KDJ) | H14: хром | K14: Под заказ
B15: Стабилизатор крестообразный | D15: 5902738067124 | E15: 6KWK1B | G15: Т-образный стабилизатор на стекло 6 мм черный | H15: черный | K15: Под заказ
B16: Стабилизатор крестообразный | D16: 5902738056746 | E16: 8KWK1 | G16: Т-образный стабилизатор на стекло 8 мм (только для KDJ) | H16: хром | K16: Под заказ
B17: Стабилизатор крестообразный | D17: 5902738067117 | E17: 8KWK1B | G17: Т-образный стабилизатор на стекло 8 мм черный | H17: черный | K17: Под заказ
B18: Держатель для полотенец | E18: WRW01-L | G18: Держатель для полотенец Left Chrome | H18: хром | K18: снято с производства
B19: Держатель для полотенец | E19: WRW03-L | G19: Держатель для полотенец Left Chrome+ | K19: снято с производства
B20: Держатель для полотенец | E20: WRW54-L | G20: Держатель для полотенец Left Black | H20: черный | K20: снято с производства
B21: Держатель для полотенец | E21: WRW01-R | G21: Держатель для полотенец Right Chrome | H21: хром | K21: снято с производства
B22: Держатель для полотенец | E22: WRW03-R | G22: Держатель для полотенец Right Chrome+ | K22: снято с производства
B23: Держатель для полотенец | E23: WRW54-R | G23: Держатель для полотенец Right Black | H23: черный | K23: снято с производства
B24: Держатель для полотенец | E24: WRG99 | G24: Держатель для полотенец Brushed Gold | H24: brushed gold | K24: снято с производства
B25: Держатель для полотенец | E25: WRG93 | G25: Держатель для полотенец Brushed Cooper | H25: Brushed Cooper | K25: снято с производства
B26: Держатель для полотенец | E26: WRG92 | G26: Держатель для полотенец Brushed GunMetal | H26: brushed GunMetal | K26: снято с производства
B27: Держатель для полотенец | E27: WRG91 | G27: Держатель для полотенец Brushed Nickel | H27: brushed nickel | K27: снято с производства
B28: Держатель для полотенец | E28: WRG01 | G28: Держатель для полотенец | H28: хром | K28: снято с производства
B29: Держатель для полотенец | E29: WRG03 | G29: Держатель для полотенец Chrome+ | H29: хром+ | K29: снято с производства
B30: Держатель для полотенец | E30: WRG54 | G30: Держатель для полотенец Black | H30: черный | K30: снято с производства
B31: Держатель для полотенец | E31: WRG09 | G31: Полотенцедержатель стекло-стекло - Gold | H31: золото | K31: снято с производства
B32: Ручка-Дополнительная ручка – вид изнутри душевого ограждения. TPE элемент графитового или черного цвета. | C32: Ручка подходит для дверей изготовленных из стекла как 6 мм, так и 8 мм. В комплект входят элементы TPE черного и графитового цвета. Ручка монтируется в процессе производства, поэтому её следует заказать одновременно с дверью. | E32: BF-001 | G32: Дополнительная ручка BIFOLD 2 SR Chrome | H32: хром | K32: Под заказ
B33: Ручка-Дополнительная ручка черного цвета – вид изнутри душевого ограждения. TPE элемент черного цвета. | C33: Ручка подходит для дверей изготовленных из стекла как 6 мм, так и 8 мм. В комплект входят элементы TPE черного и графитового цвета. Ручка монтируется в процессе производства, поэтому её следует заказать одновременно с дверью. | E33: BF-054 | G33: Дополнительная ручка BIFOLD 2 SR Black | H33: черный | K33: Под заказ
B34: Ручка-Дополнительная ручка – вид изнутри душевого ограждения. TPE элемент черного цвета. | C34: Ручка подходит для дверей изготовленных из стекла как 6 мм, так и 8 мм. В комплект входят элементы TPE черного и графитового цвета. Ручка монтируется в процессе производства, поэтому её следует заказать одновременно с дверью. | E34: BF-009 | G34: Дополнительная ручка BIFOLD 2 SR Gold | H34: золото | K34: Под заказ
B35: Ручка-Дополнительная ручка – вид изнутри душевого ограждения. TPE элемент черного цвета. | C35: Ручка подходит для дверей изготовленных из стекла как 6 мм, так и 8 мм. В комплект входят элементы TPE черного и графитового цвета. Ручка монтируется в процессе производства, поэтому её следует заказать одновременно с дверью. | E35: BF-092 | G35: Дополнительная ручка BIFOLD 2 SR brushed GunMetal | H35: brushed GunMetal | K35: Под заказ
B36: Ручка-Дополнительная ручка – вид изнутри душевого ограждения. TPE элемент черного цвета. | C36: Ручка подходит для дверей изготовленных из стекла как 6 мм, так и 8 мм. В комплект входят элементы TPE черного и графитового цвета. Ручка монтируется в процессе производства, поэтому её следует заказать одновременно с дверью. | E36: BF-091 | G36: Дополнительная ручка BIFOLD 2 SR brushed nickel | H36: brushed nickel | K36: Под заказ
B37: Ручка-Дополнительная ручка – вид изнутри душевого ограждения. TPE элемент черного цвета. | C37: Ручка подходит для дверей изготовленных из стекла как 6 мм, так и 8 мм. В комплект входят элементы TPE черного и графитового цвета. Ручка монтируется в процессе производства, поэтому её следует заказать одновременно с дверью. | E37: BF-093 | G37: Дополнительная ручка BIFOLD 2 SR Brushed Cooper | H37: Brushed Cooper | K37: Под заказ
B38: Ручка-Дополнительная ручка – вид изнутри душевого ограждения. TPE элемент черного цвета. | C38: Ручка подходит для дверей изготовленных из стекла как 6 мм, так и 8 мм. В комплект входят элементы TPE черного и графитового цвета. Ручка монтируется в процессе производства, поэтому её следует заказать одновременно с дверью. | E38: BF-099 | G38: Дополнительная ручка BIFOLD 2 SR Brushed Gold | H38: brushed gold | K38: Под заказ
B39: Ручка-В некоторых моделях серии Eos можно заменить стандартные ручки на ручки с элемен- тами TPE черного, графитового цветов или на полностью хромированные | C39: № арт. 004-400001400 Металлическая, хромированная ручка с TPE (термопластичные эластомеры) элементами графитового цвета | E39: 004-400001400 | G39: Дверная ручка с графитом TPE | K39: Под заказ
B40: Ручка-В некоторых моделях серии Eos можно заменить стандартные ручки на ручки с элемен- тами TPE черного, графитового цветов или на полностью хромированные | C40: № арт. 004-400001401 Металлическая, хромированная ручка с TPE (термопластичные эластомеры) элементами черного цвета | E40: 004-400001401 | G40: Дверная ручка с черным TPE | K40: Под заказ
B41: Ручка-В некоторых моделях серии Eos можно заменить стандартные ручки на ручки с элемен- тами TPE черного, графитового цветов или на полностью хромированные | C41: № арт. 004-400000301 Ручка – Хромированная, для всех моделей, кроме: KDDB, KDJB и DWB. | E41: 004-400000301 | G41: Дверная ручка хром | K41: Под заказ
B42: Держатель для полотенец | E42: WRU01 | G42: Замена ручки на ручку-полотенцедержатель WRU Chrome | H42: хром | K42: снято с производства | L42: теперь смотрим артикул UR02 (type 2)
B43: Держатель для полотенец | E43: WRU54 | G43: Замена ручки на ручку-полотенцедержатель с ручкой WRU Black | H43: черный | K43: снято с производства | L43: теперь смотрим артикул UR02 (type 2)
B44: Держатель для полотенец | E44: WRU09 | G44: Замена ручки на ручку-полотенцедержатель WRU Gold | H44: золото | K44: снято с производства | L44: теперь смотрим артикул UR02 (type 2)
B45: Держатель для полотенец | E45: WRU99 | G45: Замена ручки на ручку-полотенцедержатель WRU Brushed Gold | H45: brushed gold | K45: снято с производства | L45: теперь смотрим артикул UR02 (type 2)
B46: Держатель для полотенец | E46: WRU91 | G46: Замена ручки на ручку-полотенцедержатель WRU Brushed Nickel | H46: brushed nickel | K46: снято с производства | L46: теперь смотрим артикул UR02 (type 2)
B47: Держатель для полотенец | E47: WRU93 | G47: Замена ручки на ручку-полотенцедержатель WRU Black | H47: Brushed Cooper | K47: снято с производства | L47: теперь смотрим артикул UR02 (type 2)
B48: Держатель для полотенец | E48: WRU92 | G48: Замена ручки на ручку-полотенцедержатель WRU Brushed GunMetal | H48: brushed GunMetal | K48: снято с производства | L48: теперь смотрим артикул UR02 (type 2)
B49: Зап.часть крышка к поддонам Teos | C49: 576x135mm | D49: 5902738073101 | E49: HT70-04 | G49: Teos крышка 70 white | K49: Под заказ
B50: Зап.часть крышка к поддонам Teos | C50: 576x135mm | D50: 5902738073095 | E50: HT70-64 | G50: Teos крышка 70 anthracite | K50: Под заказ
B51: Зап.часть крышка к поддонам Teos | C51: 576x135mm | D51: 5902738078267 | E51: HT70-54 | G51: Teos крышка 70 Black | K51: Под заказ
B52: Зап.часть крышка к поддонам Teos | C52: 576x135mm | D52: 5902738082189 | E52: HT70-74 | G52: Teos крышка 70 cemento | K52: Под заказ
B53: Зап.часть крышка к поддонам Teos | C53: 676x135mm | D53: 5902738073088 | E53: HT80-04 | G53: Teos крышка 80 white | K53: Под заказ
B54: Зап.часть крышка к поддонам Teos | C54: 676x135mm | D54: 5902738073071 | E54: HT80-64 | G54: Teos крышка 80 anthracite | K54: Под заказ
B55: Зап.часть крышка к поддонам Teos | C55: 676x135mm | D55: 5902738078274 | E55: HT80-54 | G55: Teos крышка 80 Black | K55: Под заказ
B56: Зап.часть крышка к поддонам Teos | C56: 676x135mm | D56: 5902738082196 | E56: HT80-74 | G56: Teos крышка 80 cemento | K56: Под заказ
B57: Зап.часть крышка к поддонам Teos | C57: 776x135mm | D57: 5902738073064 | E57: HT90-04 | G57: Teos крышка 90 white | K57: Под заказ
B58: Зап.часть крышка к поддонам Teos | C58: 776x135mm | D58: 5902738073057 | E58: HT90-64 | G58: Teos крышка 90 anthracite | K58: Под заказ
B59: Зап.часть крышка к поддонам Teos | C59: 776x135mm | D59: 5902738078281 | E59: HT90-54 | G59: Teos крышка 90 Black | K59: Под заказ
B60: Зап.часть крышка к поддонам Teos | C60: 776x135mm | D60: 5902738082202 | E60: HT90-74 | G60: Teos крышка 90 cemento | K60: Под заказ
B61: Зап.часть крышка к поддонам Teos | C61: 876x135mm | D61: 5902738073040 | E61: HT100-04 | G61: Teos крышка 100 white | K61: Под заказ
B62: Зап.часть крышка к поддонам Teos | C62: 876x135mm | D62: 5902738073033 | E62: HT100-64 | G62: Teos крышка 100 anthracite | K62: Под заказ
B63: Зап.часть крышка к поддонам Teos | C63: 876x135mm | D63: 5902738078298 | E63: HT100-54 | G63: Teos крышка 100 Black | K63: Под заказ
B64: Зап.часть крышка к поддонам Teos | C64: 876x135mm | D64: 5902738082172 | E64: HT100-74 | G64: Teos крышка 100 cemento | K64: Под заказ
B65: Замена уплотнителей на черные | G65: Замена уплотнителей на черные | H65: черный | K65: Под заказ
G66: Замена на SL стабилизатор
E67: 004-500001901 | G67: Стабилизатор для потолков – крепление к потолку | K67: снято с производства | L67: вместо него теперь 001-7141500
E68: 004-500002001 | G68: Стабилизатор для потолков – крепление к стеклу | K68: снято с производства
E69: 004-500002101 | G69: Стабилизатор для мансардных потолков – профиль 19*19*2000мм нерж.сталь | K69: снято с производства
E70: 004-500001801 | G70: Профиль стабилизатора 15*15*1500мм нерж.сталь | K70: снято с производства | L70: вышло из ассортимента
E71: 004-005003101 | G71: Крепержи для стабилизатора для подрезки – для стекла 6мм | K71: снято с производства
E72: 001-704100001 | G72: Профиль для стабилизатора для подрезки – 100см | K72: снято с производства
E73: 004-006002901 | G73: Внутренняя скоба для стекла 8мм | K73: снято с производства
G74: Замена на ручку RH (chrom,Black)
G75: Ручка вырез (NH)
B76: В продуктах серий Nes, Nes 8, Essenza Pro, Essenza 8, Essenza и Fuenta New, отмеченных данной пиктограммой, мы ввели возможность замены ручек на закруглённые | D76: В коллекции Nes 8, Nes, Essenza Pro, Essenza New, Fuenta New можно заменить стандартную дверную ручку на ручки с закруглением (хром или Black) | E76: 004-400002654
B85: В продуктах серий Nes, Nes 8, Essenza Pro, Essenza 8, Essenza и Fuenta New, отмеченных данной пиктограммой, мы ввели возможность замены ручек на закруглённые | D85: В коллекции Nes 8, Nes, Essenza Pro, Essenza New, Fuenta New можно заменить стандартную дверную ручку на ручки с закруглением (хром или Black) | E85: 004-400002601
B94: Держатель для полотенец/ Ручка-полотенцедержатель | D94: 5904295157263 | E94: UR01-420-01 | G94: Полотенцедержатель type 1 420mm Chrome | H94: хром
D95: 5904295157256 | E95: UR01-420-54 | G95: Полотенцедержатель type 1 420mm Black | H95: черный
D96: 5904295157270 | E96: UR01-420-09 | G96: Полотенцедержатель type 1 420mm Gold | H96: золото
D97: 5904295078001 | E97: UR01-420-98 | G97: Полотенцедержатель type 1 420mm Brushed Light Gold | H97: brushed light gold | L97: !НОВИНКА! Доступна к заказу с января 2026
D98: 5904295157249 | E98: UR01-420-99 | G98: Полотенцедержатель type 1 420mm Brushed Gold | H98: Brushed Gold
D99: 5904295157218 | E99: UR01-420-91 | G99: Полотенцедержатель type 1 420mm Brushed Nickel | H99: Brushed Nickel
D100: 5904295157225 | E100: UR01-420-92 | G100: Полотенцедержатель type 1 420mm Brushed GunMetal | H100: Brushed GunMetal
D101: 5904295157232 | E101: UR01-420-93 | G101: Полотенцедержатель type 1 420mm Brushed Copper | H101: Brushed Cooper
D102: 5904295157409 | E102: UR01-520-01 | G102: Полотенцедержатель type 1 520mm Chrome | H102: хром
D103: 5904295157393 | E103: UR01-520-54 | G103: Полотенцедержатель type 1 520mm Black | H103: черный
D104: 5904295157416 | E104: UR01-520-09 | G104: Полотенцедержатель type 1 520mm Gold | H104: золото
D105: 5904295078148 | E105: UR01-520-98 | G105: Полотенцедержатель type 1 520mm Brushed Light Gold | H105: brushed light gold | L105: !НОВИНКА! Доступна к заказу с января 2026
D106: 5904295157386 | E106: UR01-520-99 | G106: Полотенцедержатель type 1 520mm Brushed Gold | H106: Brushed Gold
D107: 5904295157355 | E107: UR01-520-91 | G107: Полотенцедержатель type 1 520mm Brushed Nickel | H107: Brushed Nickel
D108: 5904295157362 | E108: UR01-520-92 | G108: Полотенцедержатель type 1 520mm Brushed GunMetal | H108: Brushed GunMetal
D109: 5904295157379 | E109: UR01-520-93 | G109: Полотенцедержатель type 1 520mm Brushed Copper | H109: Brushed Cooper
D110: 5904295157546 | E110: UR01-650-01 | G110: Полотенцедержатель type 1 650mm Chrome | H110: хром
D111: 5904295157539 | E111: UR01-650-54 | G111: Полотенцедержатель type 1 650mm Black | H111: черный
D112: 5904295157553 | E112: UR01-650-09 | G112: Полотенцедержатель type 1 650mm Gold | H112: золото
D113: 5904295078216 | E113: UR01-650-98 | G113: Полотенцедержатель type 1 650mm Brushed Light Gold | H113: brushed light gold | L113: !НОВИНКА! Доступна к заказу с января 2026
D114: 5904295157522 | E114: UR01-650-99 | G114: Полотенцедержатель type 1 650mm Brushed Gold | H114: Brushed Gold
D115: 5904295157492 | E115: UR01-650-91 | G115: Полотенцедержатель type 1 650mm Brushed Nickel | H115: Brushed Nickel
D116: 5904295157508 | E116: UR01-650-92 | G116: Полотенцедержатель type 1 650mm Brushed GunMetal | H116: Brushed GunMetal
...

Sheet Ren-спецзаказ
B1: Высота | E1: Толщина стекла, мм | F1: Кол-во петель | G1: Размер Х, мм | H1: Размер В, мм | I1: Размер С, мм | J1: РРЦ, евро с 1.01.26 хром | K1: РРЦ, евро с 1.01.26 черный | L1: РРЦ, евро с 1.01.26 браш золото
A2: Фурнитура: хром, черный, золото, брашированные золото, медь, оружейная сталь, никель. Размер двери максимум 900мм.Ручка - новая моноблочная вешалка для полотенец 42см | B2: Ren DWS H 2300-3000 | C2: H <= 2300 | D2: 2300 | E2: 8 | F2: 2 | G2: 1000 | H2: 500 | I2: 500 | J2: 1518 | K2: 1670 | L2: 1745
D3: 2300 | E3: 8 | F3: 2 | G3: 1500 | H3: 700 | I3: 800 | J3: 1752 | K3: 1928 | L3: 2016
C4: 2300 < H <= 2500 | D4: 2500 | E4: 8 | F4: 3 | G4: 1000 | H4: 500 | I4: 500 | J4: 1974 | K4: 2172 | L4: 2270
D5: 2500 | E5: 8 | F5: 3 | G5: 1500 | H5: 700 | I5: 800 | J5: 2229 | K5: 2452 | L5: 2563
C6: 2500 < H <=3000 | D6: 3000 | E6: 10 | F6: 3 | G6: 1000 | H6: 500 | I6: 500 | J6: 2061 | K6: 2267 | L6: 2370
D7: 3000 | E7: 10 | F7: 3 | G7: 1500 | H7: 700 | I7: 800 | J7: 2442 | K7: 2686 | L7: 2808
B8: Ren DWJS H 2300-3000 | C8: H <= 2300 | D8: 2300 | E8: 8 | F8: 2 | G8: 1400 | H8: 600 | I8: 400 | J8: 2037 | K8: 2241 | L8: 2343
D9: 2300 | E9: 8 | F9: 2 | G9: 2000 | H9: 800 | I9: 600 | J9: 2322 | K9: 2554 | L9: 2669
C10: 2300 < H <= 2500 | D10: 2500 | E10: 8 | F10: 3 | G10: 1400 | H10: 600 | I10: 400 | J10: 2609 | K10: 2870 | L10: 3001
D11: 2500 | E11: 8 | F11: 3 | G11: 2000 | H11: 800 | I11: 600 | J11: 2911 | K11: 3202 | L11: 3348
C12: 2500 < H <=3000 | D12: 3000 | E12: 10 | F12: 3 | G12: 1400 | H12: 600 | I12: 400 | J12: 2852 | K12: 3138 | L12: 3279
D13: 3000 | E13: 10 | F13: 3 | G13: 2000 | H13: 800 | I13: 600 | J13: 3316 | K13: 3648 | L13: 3814
B14: Ren DWJS+S H 2300-3000 Перед кабины | C14: H <= 2300 | D14: 2300 | E14: 8 | F14: 2 | G14: 1400 | H14: 600 | I14: 400 | J14: 2141 | K14: 2355 | L14: 2462
D15: 2300 | E15: 8 | F15: 2 | G15: 2000 | H15: 800 | I15: 600 | J15: 2421 | K15: 2663 | L15: 2785
C16: 2300 < H <= 2500 | D16: 2500 | E16: 8 | F16: 3 | G16: 1400 | H16: 600 | I16: 400 | J16: 2873 | K16: 3161 | L16: 3305
D17: 2500 | E17: 8 | F17: 3 | G17: 2000 | H17: 800 | I17: 600 | J17: 3182 | K17: 3501 | L17: 3660
C18: 2500 < H <=3000 | D18: 3000 | E18: 10 | F18: 3 | G18: 1400 | H18: 600 | I18: 400 | J18: 3087 | K18: 3396 | L18: 3550
D19: 3000 | E19: 10 | F19: 3 | G19: 2000 | H19: 800 | I19: 600 | J19: 3547 | K19: 3902 | L19: 4079
B20: Ren DWJS+S H 2300-3000 Боковая стенка | C20: H <= 2300 | D20: 2300 | E20: 8 | G20: 1000 | J20: 681 | K20: 750 | L20: 783
D21: 2300 | E21: 8 | G21: 1500 | J21: 1012 | K21: 1113 | L21: 1164
C22: 2300 < H <= 2500 | D22: 2500 | E22: 8 | G22: 1000 | J22: 723 | K22: 796 | L22: 831
D23: 2500 | E23: 8 | G23: 1500 | J23: 1075 | K23: 1182 | L23: 1236
C24: 2500 < H <=3000 | D24: 3000 | E24: 10 | G24: 1000 | J24: 983 | K24: 1081 | L24: 1131
D25: 3000 | E25: 10 | G25: 1500 | J25: 1464 | K25: 1611 | L25: 1683
B26: Ren DWJ I H 2300-3000 | C26: H <= 2300 | D26: 2300 | E26: 8 | F26: 2 | G26: 900 | J26: 1079 | K26: 1187 | L26: 1241
C27: 2300 < H <= 2500 | D27: 2500 | E27: 8 | F27: 3 | G27: 900 | J27: 1430 | K27: 1573 | L27: 1644
C28: 2500 < H <=3000 | D28: 3000 | E28: 10 | F28: 3 | G28: 900 | J28: 1551 | K28: 1706 | L28: 1784
B29: Ren DWJ II H 2300-3000 | C29: H <= 2300 | D29: 2300 | E29: 8 | F29: 2 | G29: 1000 | H29: 600 | I29: 400 | J29: 1593 | K29: 1752 | L29: 1832
D30: 2300 | E30: 8 | F30: 2 | G30: 1400 | H30: 800 | I30: 600 | J30: 1778 | K30: 1955 | L30: 2044
C31: 2300 < H <= 2500 | D31: 2500 | E31: 8 | F31: 3 | G31: 1000 | H31: 600 | I31: 400 | J31: 2033 | K31: 2236 | L31: 2338
D32: 2500 | E32: 8 | F32: 3 | G32: 1400 | H32: 800 | I32: 600 | J32: 2242 | K32: 2466 | L32: 2579
C33: 2500 < H <=3000 | D33: 3000 | E33: 10 | F33: 3 | G33: 1000 | H33: 600 | I33: 400 | J33: 2246 | K33: 2470 | L33: 2583
D34: 3000 | E34: 10 | F34: 3 | G34: 1400 | H34: 800 | I34: 600 | J34: 2551 | K34: 2806 | L34: 2934
A35: Фурнитура: хром, черный, золото, брашированные золото, медь, оружейная сталь, никель. Размер двери максимум 800мм. Ручка - новая моноблочная вешалка для полотенец 42см. Стабилизатор в случае KDJ II-Крестообразный | B35: Ren KDJ I - front | C35: H <= 2300 | D35: 2300 | E35: 8 | F35: 2 | G35: 900 | J35: 1276 | K35: 1404 | L35: 1468
C36: 2300 < H <= 2500 | D36: 2500 | E36: 10 | F36: 3 | G36: 900 | J36: 1656 | K36: 1822 | L36: 1905
C37: 2500 < H <=3000 | D37: 3000 | E37: 10 | F37: 3 | G37: 900 | J37: 1778 | K37: 1955 | L37: 2044
B38: Ren KDJ II - front | C38: H <= 2300 | D38: 2300 | E38: 8 | F38: 2 | G38: 1000 | H38: 600 | I38: 400 | J38: 1744 | K38: 1919 | L38: 2006
D39: 2300 | E39: 8 | F39: 2 | G39: 1400 | H39: 800 | I39: 600 | J39: 1932 | K39: 2125 | L39: 2222
C40: 2300 < H <= 2500 | D40: 2500 | E40: 10 | F40: 3 | G40: 1000 | H40: 600 | I40: 400 | J40: 2275 | K40: 2502 | L40: 2616
D41: 2500 | E41: 10 | F41: 3 | G41: 1400 | H41: 800 | I41: 600 | J41: 2535 | K41: 2789 | L41: 2915
C42: 2500 < H <=3000 | D42: 3000 | E42: 10 | F42: 3 | G42: 1000 | H42: 600 | I42: 400 | J42: 2417 | K42: 2659 | L42: 2781
D43: 3000 | E43: 10 | F43: 3 | G43: 1400 | H43: 800 | I43: 600 | J43: 2726 | K43: 2999 | L43: 3135
B44: Боковая стенка S1 для KDJ I, KDJ II | C44: <= 2300 | D44: 2300 | E44: 8 | G44: 1000 | J44: 685 | K44: 754 | L44: 788
D45: 2300 | E45: 8 | G45: 1500 | J45: 1020 | K45: 1122 | L45: 1173
C46: 2300 < H <= 2500 | D46: 2500 | E46: 10 | G46: 1000 | J46: 853 | K46: 938 | L46: 980
D47: 2500 | E47: 10 | G47: 1500 | J47: 1276 | K47: 1404 | L47: 1468
C48: 2500 < H <=3000 | D48: 3000 | E48: 10 | G48: 1000 | J48: 991 | K48: 1090 | L48: 1140
D49: 3000 | E49: 10 | G49: 1500 | J49: 1472 | K49: 1619 | L49: 1692

Sheet Almatea
B1: Коллекция | C1: Модель | D1: Штрих код | E1: Код товара | G1: Наименование | H1: Цвет | I1: Размер, мм | J1: Цвет стекла | K1: Толщина стекла, мм | L1: РРЦ, € с 1.08.26 | M1: Склад/ под заказ | N1: Доп. информация
G2: Асимметричные кабины
B3: Almatea | C3: PDJ | D3: 5902738002378 | E3: 30702-01-05N | G3: Almatea PDJ 90/R | H3: хром | I3: 900x900x1950 | J3: графит | K3: 6 мм | L3: 851 | M3: снято с производства | N3: в наличии на складе | O3: =VLOOKUP($E3,остатки!$C:$F,5,0) -> #N/A
B4: Almatea | C4: KDJ * размер двери ** если размер боковой стенки ≥ 1000 мм, кабина получит крестообразный стабилизатор | D4: 5902738003382 | E4: 32112-01-01NR | G4: Almatea KDJ 80/R | H4: хром | I4: 800x800x1950 | J4: прозрачное | K4: 6 мм | L4: 645 | M4: снято с производства | N4: в наличии на складе Спеццена 28 000 руб | O4: =VLOOKUP($E4,остатки!$C:$F,5,0) -> #N/A
D5: 5902738003412 | E5: 32142-01-01NL | G5: Almatea KDJ 100L*80 | H5: хром | I5: 1000x800x1950 | J5: прозрачное | K5: 6 мм | L5: 664 | M5: снято с производства | N5: в наличии на складе Спеццена 33 000 руб | O5: =VLOOKUP($E5,остатки!$C:$F,5,0) -> #N/A
D6: 5902738011684 | E6: 32143-01-01NR | G6: Almatea KDJ 100R*90 | H6: хром | I6: 1000x900x1950 | J6: прозрачное | K6: 6 мм | L6: 1031 | M6: снято с производства | N6: в наличии на складе Спеццена 29 000 руб | O6: =VLOOKUP($E6,остатки!$C:$F,5,0) -> #N/A
D7: 5902738011660 | E7: 32141-01-05NR | G7: Almatea KDJ 120R*80 | H7: хром | I7: 1200x800x1950 | J7: графит | K7: 6 мм | L7: 759 | M7: снято с производства | N7: в наличии на складе Спеццена 36 000 руб | O7: =VLOOKUP($E7,остатки!$C:$F,5,0) -> #N/A
B8: Almatea | C8: KDJ+S * размер двери | D8: 5902738011509 | E8: 31554-01-01L2 | G8: Almatea KDJ+S/2L 90*100L*90 | H8: хром | I8: 900x1000x900x1950 | J8: прозрачное | K8: 6 мм | L8: 541 | M8: снято с производства | N8: в наличии на складе | O8: =VLOOKUP($E8,остатки!$C:$F,5,0) -> #N/A
B9: Almatea | C9: DWJ | D9: 5902738002491 | E9: 30902-01-01N | G9: Almatea DWJ 80/R | H9: хром | I9: 800x1950 | J9: прозрачное | K9: 6 мм | L9: 754 | M9: снято с производства | N9: в наличии на складе Спеццена 21 000 руб | O9: =VLOOKUP($E9,остатки!$C:$F,5,0) -> #N/A
B10: Almatea SE | C10: KDJ-**Если размер боковой стенки ≥ 1000 мм, кабина получит крестообразный стабилизатор | G10: Квадратные / Прямоугольные Душевые кабины
D11: 5904295084712 | E11: 132112-01-01L | G11: Almatea SE Chrome KDJ 80 Door Left x 80 | H11: хром | I11: 800x800x1950 | J11: прозрачное | K11: 6 мм | L11: 802 | M11: Под заказ
D12: 5904295084729 | E12: 132112-01-01R | G12: Almatea SE Chrome KDJ 80 Door Right x 80 | H12: хром | I12: 800x800x1950 | J12: прозрачное | K12: 6 мм | L12: 802 | M12: Под заказ
D13: 5904295084736 | E13: 132102-01-01L | G13: Almatea SE Chrome KDJ 90 Door Left x 90 | H13: хром | I13: 900x900x1950 | J13: прозрачное | K13: 6 мм | L13: 844 | M13: Под заказ
D14: 5904295084743 | E14: 132102-01-01R | G14: Almatea SE Chrome KDJ 90 Door Right x 90 | H14: хром | I14: 900x900x1950 | J14: прозрачное | K14: 6 мм | L14: 844 | M14: Под заказ
D15: 5904295084750 | E15: 132142-01-01L | G15: Almatea SE Chrome KDJ 100 Door Left x 80 | H15: хром | I15: 1000x800x1950 | J15: прозрачное | K15: 6 мм | L15: 857 | M15: Под заказ
D16: 5904295084767 | E16: 132142-01-01R | G16: Almatea SE Chrome KDJ 100 Door Right x 80 | H16: хром | I16: 1000x800x1950 | J16: прозрачное | K16: 6 мм | L16: 857 | M16: Под заказ
D17: 5904295084774 | E17: 132143-01-01L | G17: Almatea SE Chrome KDJ 100 Door Left x 90 | H17: хром | I17: 1000x900x1950 | J17: прозрачное | K17: 6 мм | L17: 878 | M17: Под заказ
D18: 5904295084781 | E18: 132143-01-01R | G18: Almatea SE Chrome KDJ 100 Door Right x 90 | H18: хром | I18: 1000x900x1950 | J18: прозрачное | K18: 6 мм | L18: 878 | M18: Под заказ
D19: 5904295084798 | E19: 132112-09-01L | G19: Almatea SE Gold KDJ 80 Door Left x 80 | H19: золото | I19: 800x800x1950 | J19: прозрачное | K19: 6 мм | L19: 991 | M19: Под заказ
D20: 5904295084804 | E20: 132112-09-01R | G20: Almatea SE Gold KDJ 80 Door Right x 80 | H20: золото | I20: 800x800x1950 | J20: прозрачное | K20: 6 мм | L20: 991 | M20: Под заказ
D21: 5904295084811 | E21: 132102-09-01L | G21: Almatea SE Gold KDJ 90 Door Left x 90 | H21: золото | I21: 900x900x1950 | J21: прозрачное | K21: 6 мм | L21: 1042 | M21: Под заказ
D22: 5904295084828 | E22: 132102-09-01R | G22: Almatea SE Gold KDJ 90 Door Right x 90 | H22: золото | I22: 900x900x1950 | J22: прозрачное | K22: 6 мм | L22: 1042 | M22: Под заказ
... D26: 5904295084866 | E26: 132143-09-01R | G26: Almatea SE Gold KDJ 100 Door Right x 90 | H26: золото | I26: 1000x900x1950 | J26: прозрачное | K26: 6 мм | L26: 1079 | M26: Под заказ

Sheet Modo F&F SL
B1: Коллекция | C1: Модель | D1: Штрих код | E1: Код товара | G1: Наименование | H1: Цвет | I1: Размер | J1: Цвет стекла | K1: Толщина стекла | L1: РРЦ, € с 1.08.26 | M1: Склад/ под заказ | N1: Доп. информация
B2: Modo F | C2: walk-in | G2: Душевая перегородка с декоративной рамкой
D3: 5904295981820 | E3: 10409054-01-01 | G3: Modo F II 50 | H3: 500х2000 | I3: хром | J3: прозрачное | K3: 8 мм | L3: 529 | M3: Под заказ
D4: 5904295981899 | E4: 10409055-01-01 | G4: Modo F II 55 | H4: 550х2000 | I4: хром | J4: прозрачное | K4: 8 мм | L4: 554 | M4: Под заказ
D5: 5904295981967 | E5: 10409064-01-01 | G5: Modo F II 60 | H5: 600х2000 | I5: хром | J5: прозрачное | K5: 8 мм | L5: 554 | M5: Под заказ
D6: 5904295982032 | E6: 10409065-01-01 | G6: Modo F II 65 | H6: 650х2000 | I6: хром | J6: прозрачное | K6: 8 мм | L6: 567 | M6: Под заказ
D7: 5904295982100 | E7: 10409074-01-01 | G7: Modo F II 70 | H7: 700х2000 | I7: хром | J7: прозрачное | K7: 8 мм | L7: 567 | M7: Под заказ
D8: 5904295982179 | E8: 10409075-01-01 | G8: Modo F II 75 | H8: 750х2000 | I8: хром | J8: прозрачное | K8: 8 мм | L8: 609 | M8: Под заказ
D9: 5904295982247 | E9: 10409084-01-01 | G9: Modo F II 80 | H9: 800х2000 | I9: хром | J9: прозрачное | K9: 8 мм | L9: 609 | M9: Под заказ
D10: 5904295982315 | E10: 10409085-01-01 | G10: Modo F II 85 | H10: 850х2000 | I10: хром | J10: прозрачное | K10: 8 мм | L10: 630 | M10: Под заказ
D11: 5904295982384 | E11: 10409094-01-01 | G11: Modo F II 90 | H11: 900х2000 | I11: хром | J11: прозрачное | K11: 8 мм | L11: 630 | M11: Под заказ
D12: 5904295982452 | E12: 10409095-01-01 | G12: Modo F II 95 | H12: 950х2000 | I12: хром | J12: прозрачное | K12: 8 мм | L12: 693 | M12: Под заказ
D13: 5904295982520 | E13: 10409104-01-01 | G13: Modo F II 100 | H13: 1000х2000 | I13: хром | J13: прозрачное | K13: 8 мм | L13: 693 | M13: Под заказ | N13: есть в наличии
D14: 5904295982599 | E14: 10409105-01-01 | G14: Modo F II 105 | H14: 1050х2000 | I14: хром | J14: прозрачное | K14: 8 мм | L14: 718 | M14: Под заказ
D15: 5904295982667 | E15: 10409114-01-01 | G15: Modo F II 110 | H15: 1100х2000 | I15: хром | J15: прозрачное | K15: 8 мм | L15: 718 | M15: Под заказ
D16: 5904295982735 | E16: 10409115-01-01 | G16: Modo F II 115 | H16: 1150х2000 | I16: хром | J16: прозрачное | K16: 8 мм | L16: 739 | M16: Под заказ
D17: 5904295982803 | E17: 10409124-01-01 | G17: Modo F II 120 | H17: 1200х2000 | I17: хром | J17: прозрачное | K17: 8 мм | L17: 739 | M17: Под заказ
D18: 5904295982872 | E18: 10409125-01-01 | G18: Modo F II 125 | H18: 1250х2000 | I18: хром | J18: прозрачное | K18: 8 мм | L18: 773 | M18: Под заказ
D19: 5904295982940 | E19: 10409134-01-01 | G19: Modo F II 130 | H19: 1300х2000 | I19: хром | J19: прозрачное | K19: 8 мм | L19: 773 | M19: Под заказ
D20: 5904295983015 | E20: 10409135-01-01 | G20: Modo F II 135 | H20: 1350х2000 | I20: хром | J20: прозрачное | K20: 8 мм | L20: 815 | M20: Под заказ
D21: 5904295983084 | E21: 10409144-01-01 | G21: Modo F II 140 | H21: 1400х2000 | I21: хром | J21: прозрачное | K21: 8 мм | L21: 815 | M21: Под заказ
D22: 5904295983152 | E22: 10409145-01-01 | G22: Modo F II 145 | H22: 1450х2000 | I22: хром | J22: прозрачное | K22: 8 мм | L22: 832 | M22: Под заказ
D23: 5904295983220 | E23: 10409154-01-01 | G23: Modo F II 150 | H23: 1500х2000 | I23: хром | J23: прозрачное | K23: 8 мм | L23: 832 | M23: Под заказ
D24: 5904295983299 | E24: 10409155-01-01 | G24: Modo F II 155 | H24: 1550х2000 | I24: хром | J24: прозрачное | K24: 8 мм | L24: 882 | M24: Под заказ
D25: 5904295983367 | E25: 10409164-01-01 | G25: Modo F II 160 | H25: 1600х2000 | I25: хром | J25: прозрачное | K25: 8 мм | L25: 882 | M25: Под заказ
B26: Modo F II Black | C26: walk-in | D26: 5904295981844 | E26: 10409054-54-01 | G26: Modo F Black II 50 | H26: 500х2000 | I26: чёрный | J26: прозрачное | K26: 8 мм | L26: 563 | M26: Под заказ
D27: 5904295981912 | E27: 10409055-54-01 | G27: Modo F Black II 55 | H27: 550х2000 | I27: чёрный | J27: прозрачное | K27: 8 мм | L27: 588 | M27: Под заказ
D28: 5904295981981 | E28: 10409064-54-01 | G28: Modo F Black II 60 | H28: 600х2000 | I28: чёрный | J28: прозрачное | K28: 8 мм | L28: 588 | M28: Под заказ
D29: 5904295982056 | E29: 10409065-54-01 | G29: Modo F Black II 65 | H29: 650х2000 | I29: чёрный | J29: прозрачное | K29: 8 мм | L29: 605 | M29: Под заказ
D30: 5904295982124 | E30: 10409074-54-01 | G30: Modo F Black II 70 | H30: 700х2000 | I30: чёрный | J30: прозрачное | K30: 8 мм | L30: 605 | M30: Под заказ
D31: 5904295982193 | E31: 10409075-54-01 | G31: Modo F Black II 75 | H31: 750х2000 | I31: чёрный | J31: прозрачное | K31: 8 мм | L31: 655 | M31: Под заказ
D32: 5904295982261 | E32: 10409084-54-01 | G32: Modo F Black II 80 | H32: 800х2000 | I32: чёрный | J32: прозрачное | K32: 8 мм | L32: 655 | M32: Под заказ
D33: 5904295982339 | E33: 10409085-54-01 | G33: Modo F Black II 85 | H33: 850х2000 | I33: чёрный | J33: прозрачное | K33: 8 мм | L33: 676 | M33: Под заказ
D34: 5904295982407 | E34: 10409094-54-01 | G34: Modo F Black II 90 | H34: 900х2000 | I34: чёрный | J34: прозрачное | K34: 8 мм | L34: 676 | M34: Под заказ
D35: 5904295982476 | E35: 10409095-54-01 | G35: Modo F Black II 95 | H35: 950х2000 | I35: чёрный | J35: прозрачное | K35: 8 мм | L35: 743 | M35: Под заказ
D36: 5904295982544 | E36: 10409104-54-01 | G36: Modo F Black II 100 | H36: 1000х2000 | I36: чёрный | J36: прозрачное | K36: 8 мм | L36: 743 | M36: Под заказ
D37: 5904295982612 | E37: 10409105-54-01 | G37: Modo F Black II 105 | H37: 1050х2000 | I37: чёрный | J37: прозрачное | K37: 8 мм | L37: 773 | M37: Под заказ
D38: 5904295982681 | E38: 10409114-54-01 | G38: Modo F Black II 110 | H38: 1100х2000 | I38: чёрный | J38: прозрачное | K38: 8 мм | L38: 773 | M38: Под заказ | N38: есть в наличии
D39: 5904295982759 | E39: 10409115-54-01 | G39: Modo F Black II 115 | H39: 1150х2000 | I39: чёрный | J39: прозрачное | K39: 8 мм | L39: 794 | M39: Под заказ
D40: 5904295982827 | E40: 10409124-54-01 | G40: Modo F Black II 120 | H40: 1200х2000 | I40: чёрный | J40: прозрачное | K40: 8 мм | L40: 794 | M40: Под заказ | N40: есть в наличии
D41: 5904295982896 | E41: 10409125-54-01 | G41: Modo F Black II 125 | H41: 1250х2000 | I41: чёрный | J41: прозрачное | K41: 8 мм | L41: 832 | M41: Под заказ
D42: 5904295982964 | E42: 10409134-54-01 | G42: Modo F Black II 130 | H42: 1300х2000 | I42: чёрный | J42: прозрачное | K42: 8 мм | L42: 832 | M42: Под заказ
D43: 5904295983039 | E43: 10409135-54-01 | G43: Modo F Black II 135 | H43: 1350х2000 | I43: чёрный | J43: прозрачное | K43: 8 мм | L43: 882 | M43: Под заказ
D44: 5904295983107 | E44: 10409144-54-01 | G44: Modo F Black II 140 | H44: 1400х2000 | I44: чёрный | J44: прозрачное | K44: 8 мм | L44: 882 | M44: Под заказ
D45: 5904295983176 | E45: 10409145-54-01 | G45: Modo F Black II 145 | H45: 1450х2000 | I45: чёрный | J45: прозрачное | K45: 8 мм | L45: 903 | M45: Под заказ
D46: 5904295983244 | E46: 10409154-54-01 | G46: Modo F Black II 150 | H46: 1500х2000 | I46: чёрный | J46: прозрачное | K46: 8 мм | L46: 903 | M46: Под заказ
D47: 5904295983312 | E47: 10409155-54-01 | G47: Modo F Black II 155 | H47: 1550х2000 | I47: чёрный | J47: прозрачное | K47: 8 мм | L47: 953 | M47: Под заказ
D48: 5904295983381 | E48: 10409164-54-01 | G48: Modo F Black II 160 | H48: 1600х2000 | I48: чёрный | J48: прозрачное | K48: 8 мм | L48: 953 | M48: Под заказ
B49: Modo F II Gold | C49: walk-in | D49: 5904295981837 | E49: 10409054-09-01 | G49: Modo F Gold II 50 | H49: 500х2000 | I49: золото | J49: прозрачное | K49: 8 мм | L49: 575 | M49: Под заказ
D50: 5904295981905 | E50: 10409055-09-01 | G50: Modo F Gold II 55 | H50: 550х2000 | I50: золото | J50: прозрачное | K50: 8 мм | L50: 605 | M50: Под заказ
D51: 5904295981974 | E51: 10409064-09-01 | G51: Modo F Gold II 60 | H51: 600х2000 | I51: золото | J51: прозрачное | K51: 8 мм | L51: 605 | M51: Под заказ
D52: 5904295982049 | E52: 10409065-09-01 | G52: Modo F Gold II 65 | H52: 650х2000 | I52: золото | J52: прозрачное | K52: 8 мм | L52: 622 | M52: Под заказ
D53: 5904295982117 | E53: 10409074-09-01 | G53: Modo F Gold II 70 | H53: 700х2000 | I53: золото | J53: прозрачное | K53: 8 мм | L53: 622 | M53: Под заказ
D54: 5904295982186 | E54: 10409075-09-01 | G54: Modo F Gold II 75 | H54: 750х2000 | I54: золото | J54: прозрачное | K54: 8 мм | L54: 672 | M54: Под заказ
D55: 5904295982254 | E55: 10409084-09-01 | G55: Modo F Gold II 80 | H55: 800х2000 | I55: золото | J55: прозрачное | K55: 8 мм | L55: 672 | M55: Под заказ
D56: 5904295982322 | E56: 10409085-09-01 | G56: Modo F Gold II 85 | H56: 850х2000 | I56: золото | J56: прозрачное | K56: 8 мм | L56: 697 | M56: Под заказ
D57: 5904295982391 | E57: 10409094-09-01 | G57: Modo F Gold II 90 | H57: 900х2000 | I57: золото | J57: прозрачное | K57: 8 мм | L57: 697 | M57: Под заказ
D58: 5904295982469 | E58: 10409095-09-01 | G58: Modo F Gold II 95 | H58: 950х2000 | I58: золото | J58: прозрачное | K58: 8 мм | L58: 764 | M58: Под заказ
D59: 5904295982537 | E59: 10409104-09-01 | G59: Modo F Gold II 100 | H59: 1000х2000 | I59: золото | J59: прозрачное | K59: 8 мм | L59: 764 | M59: Под заказ
D60: 5904295982605 | E60: 10409105-09-01 | G60: Modo F Gold II 105 | H60: 1050х2000 | I60: золото | J60: прозрачное | K60: 8 мм | L60: 794 | M60: Под заказ
D61: 5904295982674 | E61: 10409114-09-01 | G61: Modo F Gold II 110 | H61: 1100х2000 | I61: золото | J61: прозрачное | K61: 8 мм | L61: 794 | M61: Под заказ
... D71: 5904295983374 | E71: 10409164-09-01 | G71: Modo F Gold II 160 | H71: 1600х2000 | I71: золото | J71: прозрачное | K71: 8 мм | L71: 983 | M71: Под заказ
B72: Modo F II brushed gold | C72: walk-in | D72: 5904295981882 | E72: 10409054-99-01 | G72: Modo F Brushed Gold II 50 | H72: 500х2000 | I72: brushed gold | J72: прозрачное | K72: 8 мм | L72: 575 | M72: Под заказ
D73: 5904295981950 | E73: 10409055-99-01 | G73: Modo F Brushed Gold II 55 | H73: 550х2000 | I73: brushed gold | J73: прозрачное | K73: 8 мм | L73: 605 | M73: Под заказ
D74: 5904295982025 | E74: 10409064-99-01 | G74: Modo F Brushed Gold II 60 | H74: 600х2000 | I74: brushed gold | J74: прозрачное | K74: 8 мм | L74: 605 | M74: Под заказ
D75: 5904295982094 | E75: 10409065-99-01 | G75: Modo F Brushed Gold II 65 | H75: 650х2000 | I75: brushed gold | J75: прозрачное | K75: 8 мм | L75: 622 | M75: Под заказ
D76: 5904295982162 | E76: 10409074-99-01 | G76: Modo F Brushed Gold II 70 | H76: 700х2000 | I76: brushed gold | J76: прозрачное | K76: 8 мм | L76: 622 | M76: Под заказ
D77: 5904295982230 | E77: 10409075-99-01 | G77: Modo F Brushed Gold II 75 | H77: 750х2000 | I77: brushed gold | J77: прозрачное | K77: 8 мм | L77: 672 | M77: Под заказ
D78: 5904295982308 | E78: 10409084-99-01 | G78: Modo F Brushed Gold II 80 | H78: 800х2000 | I78: brushed gold | J78: прозрачное | K78: 8 мм | L78: 672 | M78: Под заказ
D79: 5904295982377 | E79: 10409085-99-01 | G79: Modo F Brushed Gold II 85 | H79: 850х2000 | I79: brushed gold | J79: прозрачное | K79: 8 мм | L79: 697 | M79: Под заказ
D80: 5904295982445 | E80: 10409094-99-01 | G80: Modo F Brushed Gold II 90 | H80: 900х2000 | I80: brushed gold | J80: прозрачное | K80: 8 мм | L80: 697 | M80: Под заказ | N80: есть в наличии
D81: 5904295982513 | E81: 10409095-99-01 | G81: Modo F Brushed Gold II 95 | H81: 950х2000 | I81: brushed gold | J81: прозрачное | K81: 8 мм | L81: 764 | M81: Под заказ
D82: 5904295982582 | E82: 10409104-99-01 | G82: Modo F Brushed Gold II 100 | H82: 1000х2000 | I82: brushed gold | J82: прозрачное | K82: 8 мм | L82: 764 | M82: Под заказ | N82: есть в наличии
D83: 5904295982650 | E83: 10409105-99-01 | G83: Modo F Brushed Gold II 105 | H83: 1050х2000 | I83: brushed gold | J83: прозрачное | K83: 8 мм | L83: 794 | M83: Под заказ
D84: 5904295982728 | E84: 10409114-99-01 | G84: Modo F Brushed Gold II 110 | H84: 1100х2000 | I84: brushed gold | J84: прозрачное | K84: 8 мм | L84: 794 | M84: Под заказ | N84: есть в наличии
D85: 5904295982797 | E85: 10409115-99-01 | G85: Modo F Brushed Gold II 115 | H85: 1150х2000 | I85: brushed gold | J85: прозрачное | K85: 8 мм | L85: 819 | M85: Под заказ
D86: 5904295982865 | E86: 10409124-99-01 | G86: Modo F Brushed Gold II 120 | H86: 1200х2000 | I86: brushed gold | J86: прозрачное | K86: 8 мм | L86: 819 | M86: Под заказ | N86: есть в наличии
D87: 5904295982933 | E87: 10409125-99-01 | G87: Modo F Brushed Gold II 125 | H87: 1250х2000 | I87: brushed gold | J87: прозрачное | K87: 8 мм | L87: 857 | M87: Под заказ
D88: 5904295983008 | E88: 10409134-99-01 | G88: Modo F Brushed Gold II 130 | H88: 1300х2000 | I88: brushed gold | J88: прозрачное | K88: 8 мм | L88: 857 | M88: Под заказ
D89: 5904295983077 | E89: 10409135-99-01 | G89: Modo F Brushed Gold II 135 | H89: 1350х2000 | I89: brushed gold | J89: прозрачное | K89: 8 мм | L89: 907 | M89: Под заказ
D90: 5904295983145 | E90: 10409144-99-01 | G90: Modo F Brushed Gold II 140 | H90: 1400х2000 | I90: brushed gold | J90: прозрачное | K90: 8 мм | L90: 907 | M90: Под заказ
D91: 5904295983213 | E91: 10409145-99-01 | G91: Modo F Brushed Gold II 145 | H91: 1450х2000 | I91: brushed gold | J91: прозрачное | K91: 8 мм | L91: 928 | M91: Под заказ
D92: 5904295983282 | E92: 10409154-99-01 | G92: Modo F Brushed Gold II 150 | H92: 1500х2000 | I92: brushed gold | J92: прозрачное | K92: 8 мм | L92: 928 | M92: Под заказ
D93: 5904295983350 | E93: 10409155-99-01 | G93: Modo F Brushed Gold II 155 | H93: 1550х2000 | I93: brushed gold | J93: прозрачное | K93: 8 мм | L93: 983 | M93: Под заказ
D94: 5904295983428 | E94: 10409164-99-01 | G94: Modo F Brushed Gold II 160 | H94: 1600х2000 | I94: brushed gold | J94: прозрачное | K94: 8 мм | L94: 983 | M94: Под заказ
B95: Modo F II Brushed GunMetal | C95: walk-in | D95: 5904295981868 | E95: 10409054-92-01 | G95: Modo F Brushed GunMetal II 50 | H95: 500х2000 | I95: Brushed GunMetal | J95: прозрачное | K95: 8 мм | L95: 575 | M95: Под заказ
D96: 5904295981936 | E96: 10409055-92-01 | G96: Modo F Brushed GunMetal II 55 | H96: 550х2000 | I96: Brushed GunMetal | J96: прозрачное | K96: 8 мм | L96: 605 | M96: Под заказ
D97: 5904295982001 | E97: 10409064-92-01 | G97: Modo F Brushed GunMetal II 60 | H97: 600х2000 | I97: Brushed GunMetal | J97: прозрачное | K97: 8 мм | L97: 605 | M97: Под заказ
D98: 5904295982070 | E98: 10409065-92-01 | G98: Modo F Brushed GunMetal II 65 | H98: 650х2000 | I98: Brushed GunMetal | J98: прозрачное | K98: 8 мм | L98: 622 | M98: Под заказ
D99: 5904295982148 | E99: 10409074-92-01 | G99: Modo F Brushed GunMetal II 70 | H99: 700х2000 | I99: Brushed GunMetal | J99: прозрачное | K99: 8 мм | L99: 622 | M99: Под заказ
D100: 5904295982216 | E100: 10409075-92-01 | G100: Modo F Brushed GunMetal II 75 | H100: 750х2000 | I100: Brushed GunMetal | J100: прозрачное | K100: 8 мм | L100: 672 | M100: Под заказ
D101: 5904295982285 | E101: 10409084-92-01 | G101: Modo F Brushed GunMetal II 80 | H101: 800х2000 | I101: Brushed GunMetal | J101: прозрачное | K101: 8 мм | L101: 672 | M101: Под заказ
D102: 5904295982353 | E102: 10409085-92-01 | G102: Modo F Brushed GunMetal II 85 | H102: 850х2000 | I102: Brushed GunMetal | J102: прозрачное | K102: 8 мм | L102: 697 | M102: Под заказ
D103: 5904295982421 | E103: 10409094-92-01 | G103: Modo F Brushed GunMetal II 90 | H103: 900х2000 | I103: Brushed GunMetal | J103: прозрачное | K103: 8 мм | L103: 697 | M103: Под заказ
D104: 5904295982490 | E104: 10409095-92-01 | G104: Modo F Brushed GunMetal II 95 | H104: 950х2000 | I104: Brushed GunMetal | J104: прозрачное | K104: 8 мм | L104: 764 | M104: Под заказ
D105: 5904295982568 | E105: 10409104-92-01 | G105: Modo F Brushed GunMetal II 100 | H105: 1000х2000 | I105: Brushed GunMetal | J105: прозрачное | K105: 8 мм | L105: 764 | M105: Под заказ
D106: 5904295982636 | E106: 10409105-92-01 | G106: Modo F Brushed GunMetal II 105 | H106: 1050х2000 | I106: Brushed GunMetal | J106: прозрачное | K106: 8 мм | L106: 794 | M106: Под заказ
D107: 5904295982704 | E107: 10409114-92-01 | G107: Modo F Brushed GunMetal II 110 | H107: 1100х2000 | I107: Brushed GunMetal | J107: прозрачное | K107: 8 мм | L107: 794 | M107: Под заказ
... D117: 5904295983404 | E117: 10409164-92-01 | G117: Modo F Brushed GunMetal II 160 | H117: 1600х2000 | I117: Brushed GunMetal | J117: прозрачное | K117: 8 мм | L117: 983 | M117: Под заказ
B118: Modo F II brushed copper | C118: walk-in | D118: 5904295981875 | E118: 10409054-93-01 | G118: Modo F Brushed Copper II 50 | H118: 500х2000 | I118: brushed copper | J118: прозрачное | K118: 8 мм | L118: 575 | M118: Под заказ
...

Sheet Volta
B1: Коллекция | C1: Модель | D1: Штрих код | E1: Код товара | G1: Наименование | H1: Цвет | I1: Размер | J1: Цвет стекла | K1: Толщина стекла | L1: РРЦ, € с 1.08.26 | M1: Склад/ под заказ | N1: Доп. информация
B2: Volta | C2: Walk-in | D2: 5904295005908 | E2: 10201016-01-01 | G2: Душевое ограждение Volta II 100-160x200-270 хром/прозрачное/8 мм 10201016-01-01L | H2: хром | I2: 100-160x200-270 | J2: прозрачное | K2: 8 мм | L2: 941 | M2: Под заказ | N2: стекло универсальное, поэтому теперь акртикул без буквы L/R
D3: 5904295006073 | E3: 10201016-54-56L | G3: Душевое ограждение Volta II Black Frame 100-160x200-270 черн/8мм 10201016-54-56L | H3: черный | I3: 100-160x200-270 | J3: Frame | K3: 8 мм | L3: 1541 | M3: Под заказ
D4: 5904295006080 | E4: 10201016-54-56R | G4: Душевое ограждение Volta II Black Frame 100-160x200-270 черн/8мм 10201016-54-56R | H4: черный | I4: 100-160x200-270 | J4: Frame | K4: 8 мм | L4: 1541 | M4: Под заказ

Sheet Modo
B1: Коллекция | C1: Модель | D1: Штрих код | E1: Код товара | G1: Наименование | H1: Цвет | I1: Размер | J1: Цвет стекла | K1: Толщина стекла | L1: РРЦ, € с 1.08.26 | M1: Склад/ под заказ | N1: Доп. информация
G2: Душевые перегородки
B3: Modo X I | C3: Walk-in | D3: 5902738067506 | E3: 388324-01-01 | G3: Modo X I 120 | H3: хром | I3: 1200x2000 | J3: прозрачное | K3: 10 мм | L3: 693 | M3: Под заказ
D4: 5902738067520 | E4: 388334-01-01 | G4: Modo X I 130 | H4: хром | I4: 1300x2000 | J4: прозрачное | K4: 10 мм | L4: 722 | M4: Под заказ
D5: 5902738067544 | E5: 388344-01-01 | G5: Modo X I 140 | H5: хром | I5: 1400x2000 | J5: прозрачное | K5: 10 мм | L5: 743 | M5: Под заказ
D6: 5902738067568 | E6: 388354-01-01 | G6: Modo X I 150 | H6: хром | I6: 1500x2000 | J6: прозрачное | K6: 10 мм | L6: 773 | M6: Под заказ
D7: 5902738067582 | E7: 388364-01-01 | G7: Modo X I 160 | H7: хром | I7: 1600x2000 | J7: прозрачное | K7: 10 мм | L7: 798 | M7: Под заказ
D8: 5902738067612 | E8: 388324-54-01 | G8: Modo X I Black 120 | H8: чёрный | I8: 1200x2000 | J8: прозрачное | K8: 10 мм | L8: 764 | M8: Под заказ
D9: 5902738067650 | E9: 388334-54-01 | G9: Modo X I Black 130 | H9: чёрный | I9: 1300x2000 | J9: прозрачное | K9: 10 мм | L9: 798 | M9: Под заказ
D10: 5902738067674 | E10: 388344-54-01 | G10: Modo X I Black 140 | H10: чёрный | I10: 1400x2000 | J10: прозрачное | K10: 10 мм | L10: 823 | M10: Под заказ
D11: 5902738067698 | E11: 388354-54-01 | G11: Modo X I Black 150 | H11: чёрный | I11: 1500x2000 | J11: прозрачное | K11: 10 мм | L11: 857 | M11: Под заказ
D12: 5902738067711 | E12: 388364-54-01 | G12: Modo X I Black 160 | H12: чёрный | I12: 1600x2000 | J12: прозрачное | K12: 10 мм | L12: 890 | M12: Под заказ
B13: Modo X Black I Frame | C13: Walk-in | D13: 5902738067605 | E13: 388324-54-58 | G13: Modo X I Black 120 Frame | H13: чёрный | I13: 1200x2000 | J13: Frame | K13: 10 мм | L13: 1126 | M13: Под заказ
D14: 5902738067643 | E14: 388334-54-58 | G14: Modo X I Black 130 Frame | H14: чёрный | I14: 1300x2000 | J14: Frame | K14: 10 мм | L14: 1189 | M14: Под заказ
D15: 5902738093703 | E15: 388344-54-58 | G15: Modo X I Black 140 Frame | H15: чёрный | I15: 1400x2000 | J15: Frame | K15: 10 мм | L15: 1243 | M15: Под заказ
D16: 5902738093710 | E16: 388354-54-58 | G16: Modo X I Black 150 Frame | H16: чёрный | I16: 1500x2000 | J16: Frame | K16: 10 мм | L16: 1310 | M16: Под заказ
D17: 5902738093727 | E17: 388364-54-58 | G17: Modo X I Black 160 Frame | H17: чёрный | I17: 1600x2000 | J17: Frame | K17: 10 мм | L17: 1327 | M17: Под заказ
B18: Modo X Black I Factory | C18: Walk-in | D18: 5902738067599 | E18: 388324-54-57 | G18: Modo X I Black 120 Factory | H18: чёрный | I18: 1200x2000 | J18: Factory | K18: 10 мм | L18: 1126 | M18: Под заказ
D19: 5902738067636 | E19: 388334-54-57 | G19: Modo X I Black 130 Factory | H19: чёрный | I19: 1300x2000 | J19: Factory | K19: 10 мм | L19: 1189 | M19: Под заказ
D20: 5902738093673 | E20: 388344-54-57 | G20: Modo X I Black 140 Factory | H20: чёрный | I20: 1400x2000 | J20: Factory | K20: 10 мм | L20: 1243 | M20: Под заказ
D21: 5902738093680 | E21: 388354-54-57 | G21: Modo X I Black 150 Factory | H21: чёрный | I21: 1500x2000 | J21: Factory | K21: 10 мм | L21: 1310 | M21: Под заказ
D22: 5902738093697 | E22: 388364-54-57 | G22: Modo X I Black 160 Factory | H22: чёрный | I22: 1600x2000 | J22: Factory | K22: 10 мм | L22: 1327 | M22: Под заказ
G23: Душевые перегородки
B24: Modo I | C24: Walk-in Существует возможность установить душевую перегородку со стационарной, Г-образной стенкой SW шириной 300 мм. Она может применяться только со стеклом толщиной 8 мм. В этом случае при заказе также укажите номер артикула стенки: хром – 388000-01-01, черный – 388000-54-01. | D24: 5902738041124 | E24: 388124-01-01 | G24: Modo I 120 | H24: хром | I24: 1200x2000 | J24: прозрачное | K24: 8 мм | L24: 575 | M24: Под заказ
D25: 5902738041131 | E25: 388134-01-01 | G25: Modo I 130 | H25: хром | I25: 1300x2000 | J25: прозрачное | K25: 8 мм | L25: 601 | M25: Под заказ
D26: 5902738041148 | E26: 388144-01-01 | G26: Modo I 140 | H26: хром | I26: 1400x2000 | J26: прозрачное | K26: 8 мм | L26: 617 | M26: Под заказ
D27: 5902738041155 | E27: 388154-01-01 | G27: Modo I 150 | H27: хром | I27: 1500x2000 | J27: прозрачное | K27: 8 мм | L27: 643 | M27: Под заказ
D28: 5902738041162 | E28: 388164-01-01 | G28: Modo I 160 | H28: хром | I28: 1600x2000 | J28: прозрачное | K28: 8 мм | L28: 668 | M28: Под заказ
D29: 5902738041179 | E29: 388901-01-01 | G29: Modo I 120-150x150-230 | H29: хром | I29: extent 1200-1500 x 1500-2300 | J29: прозрачное | K29: 8 мм | L29: 781 | M29: Под заказ
D30: 5902738041186 | E30: 388902-01-01 | G30: Modo I 150-180x150-230 | H30: хром | I30: extent 1501-1800 x 1500-2300 | J30: прозрачное | K30: 8 мм | L30: 802 | M30: Под заказ
G31: Дополнительные возможности
D32: 5902738064970 | E32: 388000-01-01 | G32: Modo I Side Wall (Боковая стенка) | H32: хром | I32: 300x2000 | J32: прозрачное | K32: 8 мм | L32: 206 | M32: Под заказ
E33: WD-008-02 | G33: Стабилизатор к потолку - высота max 3000 мм | H33: хром | I33: - | J33: - | L33: 187 | M33: Под заказ
D34: 5902738056296 | E34: 388124-54-01 | G34: Modo I Black 120 | H34: чёрный | I34: 1200x2000 | J34: прозрачное | K34: 8 мм | L34: 634 | M34: Под заказ
D35: 5902738056302 | E35: 388134-54-01 | G35: Modo I Black 130 | H35: чёрный | I35: 1300x2000 | J35: прозрачное | K35: 8 мм | L35: 668 | M35: Под заказ
D36: 5902738056319 | E36: 388144-54-01 | G36: Modo I Black 140 | H36: чёрный | I36: 1400x2000 | J36: прозрачное | K36: 8 мм | L36: 689 | M36: Под заказ
D37: 5902738056326 | E37: 388154-54-01 | G37: Modo I Black 150 | H37: чёрный | I37: 1500x2000 | J37: прозрачное | K37: 8 мм | L37: 714 | M37: Под заказ
D38: 5902738056333 | E38: 388164-54-01 | G38: Modo I Black 160 | H38: чёрный | I38: 1600x2000 | J38: прозрачное | K38: 8 мм | L38: 739 | M38: Под заказ
D39: 5902738056340 | E39: 388901-54-01 | G39: Modo Black I 120-150x150-230 | H39: чёрный | I39: extent 1200-1500 x 1500-2300 | J39: прозрачное | K39: 8 мм | L39: 869 | M39: Под заказ
D40: 5902738056357 | E40: 388902-54-01 | G40: Modo Black I 150-180x150-230 | H40: чёрный | I40: extent 1501-1800 x 1500-2300 | J40: прозрачное | K40: 8 мм | L40: 890 | M40: Под заказ
G41: Дополнительные возможности
E42: WD-008-02-54 | G42: Вертик. стабилизатор к потолку для стекла 8 мм черный | H42: чёрный | I42: - | J42: - | K42: 8 мм | L42: 226 | M42: Под заказ
D43: 5902738062761 | E43: 388000-54-01 | G43: Неподвижная боковая стенка шириной 300 мм | H43: чёрный | I43: 300x2000 | J43: прозрачное | K43: 8 мм | L43: 231 | M43: Под заказ
B44: Modo Black I Frame | D44: 5902738061160 | E44: 388124-54-58 | G44: Modo I Black 120 Frame | H44: чёрный | I44: 1200x2000 | J44: Frame | K44: 8 мм | L44: 995 | M44: Под заказ
D45: 5902738061177 | E45: 388134-54-58 | G45: Modo I Black 130 Frame | H45: чёрный | I45: 1300x2000 | J45: Frame | K45: 8 мм | L45: 1054 | M45: Под заказ
D46: 5902738093475 | E46: 388144-54-58 | G46: Modo Black I 140 Frame | H46: чёрный | I46: 1400x2000 | J46: Frame | K46: 8 мм | L46: 1109 | M46: Под заказ
D47: 5902738093482 | E47: 388154-54-58 | G47: Modo Black I 150 Frame | H47: чёрный | I47: 1500x2000 | J47: Frame | K47: 8 мм | L47: 1163 | M47: Под заказ
D48: 5902738093499 | E48: 388164-54-58 | G48: Modo Black I 160 Frame | H48: чёрный | I48: 1600x2000 | J48: Frame | K48: 8 мм | L48: 1184 | M48: Под заказ
G49: Дополнительные возможности
E50: WD-008-02-54 | G50: Вертик. стабилизатор к потолку - высота max 3000 мм | H50: чёрный | I50: - | J50: - | K50: 8 мм | L50: 226 | M50: Под заказ
B51: Modo Black I Factory | D51: 5902738061146 | E51: 388124-54-57 | G51: Modo Black I Factory 120 | H51: чёрный | I51: 1200x2000 | J51: Factory | K51: 8 мм | L51: 995 | M51: Под заказ
D52: 5902738061153 | E52: 388134-54-57 | G52: Modo Black I Factory 130 | H52: чёрный | I52: 1300x2000 | J52: Factory | K52: 8 мм | L52: 1054 | M52: Под заказ
D53: 5902738093444 | E53: 388144-54-57 | G53: Modo Black I 140 Factory | H53: чёрный | I53: 1400x2000 | J53: Factory | K53: 8 мм | L53: 1109 | M53: Под заказ
D54: 5902738093451 | E54: 388154-54-57 | G54: Modo Black I 150 Factory | H54: чёрный | I54: 1500x2000 | J54: Factory | K54: 8 мм | L54: 1163 | M54: Под заказ
D55: 5902738093468 | E55: 388164-54-57 | G55: Modo Black I 160 Factory | H55: чёрный | I55: 1600x2000 | J55: Factory | K55: 8 мм | L55: 1184 | M55: Под заказ
G56: Дополнительные возможности
E57: WD-008-02-54 | G57: Вертик. стабилизатор к потолку - высота max 3000 мм | H57: чёрный | I57: - | J57: - | K57: 8 мм | L57: 226 | M57: Под заказ
G58: Душевые перегородки
B59: Modo X II | C59: Walk-in-перегородка универсальная, возможен как левосторонний, так и правосторонний монтаж. | D59: 5902738068107 | E59: 389254-01-01 | G59: Modo X II 50 | H59: хром | I59: 500x2000 | J59: прозрачное | K59: 10 мм | L59: 378 | M59: Под заказ
D60: 5902738068176 | E60: 389255-01-01 | G60: Modo X II 55 | H60: хром | I60: 550x2000 | J60: прозрачное | K60: 10 мм | L60: 407 | M60: Под заказ
D61: 5902738068244 | E61: 389264-01-01 | G61: Modo X II 60 | H61: хром | I61: 600x2000 | J61: прозрачное | K61: 10 мм | L61: 407 | M61: Под заказ
D62: 5902738068305 | E62: 389265-01-01 | G62: Modo X II 65 | H62: хром | I62: 650x2000 | J62: прозрачное | K62: 10 мм | L62: 424 | M62: Под заказ
D63: 5902738068343 | E63: 389274-01-01 | G63: Modo X II 70 | H63: хром | I63: 700x2000 | J63: прозрачное | K63: 10 мм | L63: 424 | M63: Под заказ
D64: 5902738068381 | E64: 389275-01-01 | G64: Modo X II 75 | H64: хром | I64: 750x2000 | J64: прозрачное | K64: 10 мм | L64: 479 | M64: Под заказ
D65: 5902738068428 | E65: 389284-01-01 | G65: Modo X II 80 | H65: хром | I65: 800x2000 | J65: прозрачное | K65: 10 мм | L65: 479 | M65: Под заказ
D66: 5902738068466 | E66: 389285-01-01 | G66: Modo X II 85 | H66: хром | I66: 850x2000 | J66: прозрачное | K66: 10 мм | L66: 504 | M66: Под заказ
D67: 5902738068503 | E67: 389294-01-01 | G67: Modo X II 90 | H67: хром | I67: 900x2000 | J67: прозрачное | K67: 10 мм | L67: 504 | M67: Под заказ
D68: 5902738068541 | E68: 389295-01-01 | G68: Modo X II 95 | H68: хром | I68: 950x2000 | J68: прозрачное | K68: 10 мм | L68: 575 | M68: Под заказ
D69: 5902738067728 | E69: 389304-01-01 | G69: Modo X II 100 | H69: хром | I69: 1000x2000 | J69: прозрачное | K69: 10 мм | L69: 575 | M69: Под заказ
D70: 5902738067766 | E70: 389305-01-01 | G70: Modo X II 105 | H70: хром | I70: 1050x2000 | J70: прозрачное | K70: 10 мм | L70: 605 | M70: Под заказ
D71: 5902738067803 | E71: 389314-01-01 | G71: Modo X II 110 | H71: хром | I71: 1100x2000 | J71: прозрачное | K71: 10 мм | L71: 605 | M71: Под заказ
... D81: 5902738068237 | E81: 389364-01-01 | G81: Modo X II 160 | H81: хром | I81: 1600x2000 | J81: прозрачное | K81: 10 мм | L81: 798 | M81: Под заказ
B82: Modo X II Gold | C82: Walk-in-перегородка универсальная, возможен как левосторонний, так и правосторонний монтаж. | D82: 5904295123992 | E82: 389254-09-01 | G82: Modo X II Gold 50 | H82: золото | I82: 500x2000 | J82: прозрачное | K82: 10 мм | L82: 441 | M82: Под заказ
D83: 5904295124005 | E83: 389255-09-01 | G83: Modo X II Gold 55 | H83: золото | I83: 550x2000 | J83: прозрачное | K83: 10 мм | L83: 475 | M83: Под заказ
D84: 5904295124012 | E84: 389264-09-01 | G84: Modo X II Gold 60 | H84: золото | I84: 600x2000 | J84: прозрачное | K84: 10 мм | L84: 475 | M84: Под заказ
D85: 5904295124029 | E85: 389265-09-01 | G85: Modo X II Gold 65 | H85: золото | I85: 650x2000 | J85: прозрачное | K85: 10 мм | L85: 491 | M85: Под заказ
D86: 5904295124036 | E86: 389274-09-01 | G86: Modo X II Gold 70 | H86: золото | I86: 700x2000 | J86: прозрачное | K86: 10 мм | L86: 491 | M86: Под заказ
D87: 5904295124043 | E87: 389275-09-01 | G87: Modo X II Gold 75 | H87: золото | I87: 750x2000 | J87: прозрачное | K87: 10 мм | L87: 550 | M87: Под заказ
D88: 5904295124050 | E88: 389284-09-01 | G88: Modo X II Gold 80 | H88: золото | I88: 800x2000 | J88: прозрачное | K88: 10 мм | L88: 550 | M88: Под заказ
D89: 5904295124067 | E89: 389285-09-01 | G89: Modo X II Gold 85 | H89: золото | I89: 850x2000 | J89: прозрачное | K89: 10 мм | L89: 580 | M89: Под заказ
D90: 5904295124074 | E90: 389294-09-01 | G90: Modo X II Gold 90 | H90: золото | I90: 900x2000 | J90: прозрачное | K90: 10 мм | L90: 580 | M90: Под заказ
D91: 5904295124081 | E91: 389295-09-01 | G91: Modo X II Gold 95 | H91: золото | I91: 950x2000 | J91: прозрачное | K91: 10 мм | L91: 668 | M91: Под заказ
D92: 5904295124098 | E92: 389304-09-01 | G92: Modo X II Gold 100 | H92: золото | I92: 1000x2000 | J92: прозрачное | K92: 10 мм | L92: 668 | M92: Под заказ
D93: 5904295124104 | E93: 389305-09-01 | G93: Modo X II Gold 105 | H93: золото | I93: 1050x2000 | J93: прозрачное | K93: 10 мм | L93: 701 | M93: Под заказ
D94: 5904295124111 | E94: 389314-09-01 | G94: Modo X II Gold 110 | H94: золото | I94: 1100x2000 | J94: прозрачное | K94: 10 мм | L94: 701 | M94: Под заказ
... D110: 5904295124272 | E110: 389409-09-01 | G110: Modo X II Gold 100-160x250-300 | H110: золото | I110: extent 1001-1600 x 2501-3000 | J110: прозрачное | K110: 10 мм | L110: 1176 | M110: Под заказ
B111: Modo X II brushed gold | C111: Walk-in-перегородка универсальная, возможен как левосторонний, так и правосторонний монтаж. | D111: 5904295124289 | E111: 389254-99-01 | G111: Modo X II Brushed Gold 50 | H111: brushed gold | I111: 500x2000 | J111: прозрачное | K111: 10 мм | L111: 441 | M111: Под заказ
D112: 5904295124296 | E112: 389255-99-01 | G112: Modo X II Brushed Gold 55 | H112: brushed gold | I112: 550x2000 | J112: прозрачное | K112: 10 мм | L112: 475 | M112: Под заказ
D113: 5904295124302 | E113: 389264-99-01 | G113: Modo X II Brushed Gold 60 | H113: brushed gold | I113: 600x2000 | J113: прозрачное | K113: 10 мм | L113: 475 | M113: Под заказ
D114: 5904295124319 | E114: 389265-99-01 | G114: Modo X II Brushed Gold 65 | H114: brushed gold | I114: 650x2000 | J114: прозрачное | K114: 10 мм | L114: 491 | M114: Под заказ
D115: 5904295124326 | E115: 389274-99-01 | G115: Modo X II Brushed Gold 70 | H115: brushed gold | I115: 700x2000 | J115: прозрачное | K115: 10 мм | L115: 491 | M115: Под заказ
D116: 5904295124333 | E116: 389275-99-01 | G116: Modo X II Brushed Gold 75 | H116: brushed gold | I116: 750x2000 | J116: прозрачное | K116: 10 мм | L116: 550 | M116: Под заказ
D117: 5904295124340 | E117: 389284-99-01 | G117: Modo X II Brushed Gold 80 | H117: brushed gold | I117: 800x2000 | J117: прозрачное | K117: 10 мм | L117: 550 | M117: Под заказ
D118: 5904295124357 | E118: 389285-99-01 | G118: Modo X II Brushed Gold 85 | H118: brushed gold | I118: 850x2000 | J118: прозрачное | K118: 10 мм | L118: 580 | M118: Под заказ
D119: 5904295124364 | E119: 389294-99-01 | G119: Modo X II Brushed Gold 90 | H119: brushed gold | I119: 900x2000 | J119: прозрачное | K119: 10 мм | L119: 580 | M119: Под заказ
D120: 5904295124371 | E120: 389295-99-01 | G120: Modo X II Brushed Gold 95 | H120: brushed gold | I120: 950x2000 | J120: прозрачное | K120: 10 мм | L120: 668 | M120: Под заказ
D121: 5904295124388 | E121: 389304-99-01 | G121: Modo X II Brushed Gold 100 | H121: brushed gold | I121: 1000x2000 | J121: прозрачное | K121: 10 мм | L121: 668 | M121: Под заказ
D122: 5904295124395 | E122: 389305-99-01 | G122: Modo X II Brushed Gold 105 | H122: brushed gold | I122: 1050x2000 | J122: прозрачное | K122: 10 мм | L122: 701 | M122: Под заказ
D123: 5904295124401 | E123: 389314-99-01 | G123: Modo X II Brushed Gold 110 | H123: brushed gold | I123: 1100x2000 | J123: прозрачное | K123: 10 мм | L123: 701 | M123: Под заказ
... D139: 5904295124562 | E139: 389409-99-01 | G139: Modo X II Brushed Gold 100-160x250-300 | H139: brushed gold | I139: extent 1001-1600 x 2501-3000 | J139: прозрачное | K139: 10 мм | L139: 1176 | M139: Под заказ
...

Sheet Arta QL
B1: Коллекция | C1: Модель | D1: Штрих код | E1: Код товара | G1: Наименование | H1: Цвет | I1: Размер, мм | J1: Цвет стекла | K1: Толщина стекла, мм | L1: РРЦ, € с 1.08.26 | M1: Склад/ под заказ | N1: Доп. информация | O1: 🛑 Коллекция выходит из ассортимента. Доступна до окончания запасов фабрики. Наличие уточняйте
G2: Однодверная распашная душевая кабина
B3: Arta QL | C3: KDJ I В заказе надо указать 2 номера артикулов: двери и боковой стенки S1 и заполнить бланк заказа. Данное изделие доступно с фурнитурой цвета: 03 Chrome+ | D3: 5902738084541 | E3: 10102501-03-01L | G3: Дверь Arta QL KDJ I 50-100 Left | H3: хром+ | I3: 500-1000x2000 | J3: прозрачное | K3: 8 мм | L3: 1285 | M3: Под заказ | N3: Цена для спец.заказа
D4: 5902738084558 | E4: 10102501-03-01R | G4: Дверь Arta QL KDJ I 50-100 Right | H4: хром+ | I4: 500-1000x2000 | J4: прозрачное | K4: 8 мм | L4: 1285 | M4: Под заказ | N4: Цена для спец.заказа
D5: 5902738084695 | E5: 10102509-03-01 | G5: Arta QL S1 30-100 | H5: хром+ | I5: 300-1000x2000 | J5: прозрачное | K5: 8 мм | L5: 659 | M5: Под заказ | N5: Цена для спец.заказа
D6: 5902738084701 | E6: 10102510-03-01 | G6: Arta QL S1 100-150 | H6: хром+ | I6: 300-1000x2000 | J6: прозрачное | K6: 8 мм | L6: 727 | M6: Под заказ | N6: Цена для спец.заказа
G7: Двухдверная распашная душевая кабина
B8: Arta QL | C8: KDD I В заказе надо указать 2 номера артикулов: левой и правой части кабины и заполнить бланк заказа. Данное изделие доступно с фурнитурой цвета: 03 Chrome+ | D8: 5902738084565 | E8: 10102502-03-01L | G8: Arta QL KDD I 50-100 Left | H8: хром+ | I8: 500-1000x2000 | J8: прозрачное | K8: 8 мм | L8: 1050 | M8: Под заказ
D9: 5902738084572 | E9: 10102502-03-01R | G9: Arta QL KDD I 50-100 Right | H9: хром+ | I9: 500-1000x2000 | J9: прозрачное | K9: 8 мм | L9: 1050 | M9: Под заказ
G10: Однодверная распашная дверь в нишу
B11: Arta QL | C11: DWJ I При размещении заказа следует указать № арт. и заполнить бланк. Данное изделие доступно с фурнитурой цвета: 03 Chrome+ | D11: 5902738084589 | E11: 10102503-03-01L | G11: Arta QL DWJ I 50-100 Left | H11: хром+ | I11: 500-1000x2000 | J11: прозрачное | K11: 8 мм | L11: 1151 | M11: Под заказ
D12: 5902738084596 | E12: 10102503-03-01R | G12: Arta QL DWJ I 50-100 Right | H12: хром+ | I12: 500-1000x2000 | J12: прозрачное | K12: 8 мм | L12: 1151 | M12: Под заказ
G13: Однодверная распашная дверь в нишу
B14: Arta QL | C14: DWS В заказе надо указать 2 номера артикулов: створки двери и стенки и заполнить бланк заказа. Данное изделие доступно с фурнитурой цвета: 03 Chrome+ | D14: 5902738084602 | E14: 10102504-03-01L | F14: DWS 100-150 L | G14: Arta QL DWS 100-150 Left | H14: хром+ | I14: 1000-1500x2000 | J14: прозрачное | K14: 8 мм | L14: 1273 | M14: Под заказ
D15: 5902738084640 | E15: 10102506-03-01 | G15: Arta QL DWS Wall | H15: хром+ | I15: 300-1200x2000 | J15: прозрачное | K15: 8 мм | L15: 483 | M15: Под заказ
D16: 5902738084619 | E16: 10102504-03-01R | F16: DWS 100-150 R | G16: Arta QL DWS 100-150 Right | H16: хром+ | I16: 1000-1500x2000 | J16: прозрачное | K16: 8 мм | L16: 1273 | M16: Под заказ
D17: 5902738084640 | E17: 10102506-03-01 | G17: Arta QL DWS Wall | H17: хром+ | I17: 300-1200x2000 | J17: прозрачное | K17: 8 мм | L17: 483 | M17: Под заказ
D18: 5902738084626 | E18: 10102505-03-01L | F18: DWS 150-200 L | G18: Arta QL DWS 150-200 Left | H18: хром+ | I18: 1500-2000x2000 | J18: прозрачное | K18: 8 мм | L18: 1331 | M18: Под заказ
D19: 5902738084640 | E19: 10102506-03-01 | G19: Arta QL DWS Wall | H19: хром+ | I19: 300-1200x2000 | J19: прозрачное | K19: 8 мм | L19: 483 | M19: Под заказ
D20: 5902738084633 | E20: 10102505-03-01R | F20: DWS 150-200 R | G20: Arta QL DWS 150-200 Right | H20: хром+ | I20: 1500-2000x2000 | J20: прозрачное | K20: 8 мм | L20: 1331 | M20: Под заказ
D21: 5902738084640 | E21: 10102506-03-01 | G21: Arta QL DWS Wall | H21: хром+ | I21: 300-1200x2000 | J21: прозрачное | K21: 8 мм | L21: 483 | M21: Под заказ
G22: Двухдверная распашная дверь в нишу
B23: Arta QL | C23: DWD При размещении заказа следует указать 2 номера артикулов: левой и правой створок двери и заполнить бланк. Створки двери можно заказать либо в двух идентичных размерах, либо в двух разных размерах, если это необходимо. Данное изделие доступно с фурнитурой цвета: 03 Chrome+ | D23: 5902738084657 | E23: 10102507-03-01L | F23: DWD 50-100 | G23: Arta QL DWD 25-50 Left | H23: хром+ | I23: 250-500x2000 | J23: прозрачное | K23: 8 мм | L23: 920 | M23: Под заказ
D24: 5902738084664 | E24: 10102507-03-01R | G24: Arta QL DWD 25-50 Right | H24: хром+ | I24: 250-500x2000 | J24: прозрачное | K24: 8 мм | L24: 920 | M24: Под заказ
D25: 5902738084671 | E25: 10102508-03-01L | F25: DWD 100-150 | G25: Arta QL DWD 50-75 Left | H25: хром+ | I25: 500-750x2000 | J25: прозрачное | K25: 8 мм | L25: 928 | M25: Под заказ
D26: 5902738084688 | E26: 10102508-03-01R | G26: Arta QL DWD 50-75 Right | H26: хром+ | I26: 500-750x2000 | J26: прозрачное | K26: 8 мм | L26: 928 | M26: Под заказ
G27: Неподвижная шторка на ванну
B28: Arta QL | C28: PNJ I При размещении заказа следует указать № арт. и заполнить бланк. Данное изделие доступно с фурнитурой цвета: 03 Chrome+ | D28: 5902738084527 | E28: 10102500-03-01L | G28: Arta QL PNJ 30-100 Left | H28: хром+ | I28: 300-1000x1500 | J28: прозрачное | K28: 8 мм | L28: 815 | M28: Под заказ
D29: 5902738084534 | E29: 10102500-03-01R | G29: Arta QL PNJ 30-100 Right | H29: хром+ | I29: 300-1000x1500 | J29: прозрачное | K29: 8 мм | L29: 815 | M29: Под заказ

Sheet Arta
B1: Коллекция | C1: Модель | D1: Штрих код | E1: Код товара | G1: Наименование | H1: Цвет | I1: Размер | J1: Цвет стекла | K1: Толщина стекла | L1: РРЦ, € с 1.08.26 | M1: Склад/ под заказ | N1: Доп. информация | O1: 🛑 Коллекция выходит из ассортимента. Доступна до окончания запасов фабрики. Наличие уточняйте
B2: Arta | C2: Walk-in В заказе надо указать 2 номера артикулов: фронтальной части и боковой стенки. | G2: Душевая перегородка
D3: 5902738055923 | E3: 386280-03-01 | G3: Arta Walk In W3 80 | H3: хром+ | I3: 800x2000 | J3: прозрачное | K3: 8 мм | L3: 588 | M3: Под заказ
D4: 5902738055930 | E4: 386290-03-01 | G4: Arta Walk In W3 90 | H4: хром+ | I4: 900x2000 | J4: прозрачное | K4: 8 мм | L4: 609 | M4: Под заказ
D5: 5902738055947 | E5: 386210-03-01 | G5: Arta Walk In W3 100 | H5: хром+ | I5: 1000x2000 | J5: прозрачное | K5: 8 мм | L5: 672 | M5: Под заказ
D6: 5902738055954 | E6: 386211-03-01 | G6: Arta Walk In W3 110 | H6: хром+ | I6: 1100x2000 | J6: прозрачное | K6: 8 мм | L6: 701 | M6: Под заказ
D7: 5902738055961 | E7: 386212-03-01 | G7: Arta Walk In W3 120 | H7: хром+ | I7: 1200x2000 | J7: прозрачное | K7: 8 мм | L7: 727 | M7: Под заказ
D8: 5902738055978 | E8: 386213-03-01 | G8: Arta Walk In W3 130 | H8: хром+ | I8: 1300x2000 | J8: прозрачное | K8: 8 мм | L8: 802 | M8: Под заказ
D9: 5902738055985 | E9: 386214-03-01 | G9: Arta Walk In W3 140 | H9: хром+ | I9: 1400x2000 | J9: прозрачное | K9: 8 мм | L9: 832 | M9: Под заказ
G10: Подвижная боковая стенка
D11: 5902738052465 | E11: 386010-03-01L | G11: Arta WALK IN C Боковая стенка 40 Left | H11: хром+ | I11: 400x2000 | J11: прозрачное | K11: 8 мм | L11: 865 | M11: Под заказ
D12: 5902738052472 | E12: 386010-03-01R | G12: Arta WALK IN C Боковая стенка 40 Right | H12: хром+ | I12: 400x2000 | J12: прозрачное | K12: 8 мм | L12: 865 | M12: Под заказ
B13: Arta | G13: Однодверная распашная душевая кабина
C14: KDJ I В заказе надо указать 2 номера артикулов: двери и боковой стенки S1. | D14: 5902738035987 | E14: 1386081-03-01L | G14: ARTA KDJ I Дверь 80 L | H14: хром+ | I14: 800x2000 | J14: прозрачное | K14: 8 мм | L14: 1268 | M14: Под заказ
D15: 5902738035987 | E15: 1386081-03-01R | G15: ARTA KDJ I Дверь 80 R | H15: хром+ | I15: 800x2000 | J15: прозрачное | K15: 8 мм | L15: 1268 | M15: Под заказ
D16: 5902738035994 | E16: 1386082-03-01L | G16: ARTA KDJ I Дверь 90 L | H16: хром+ | I16: 900x2000 | J16: прозрачное | K16: 8 мм | L16: 1315 | M16: Под заказ
D17: 5902738036007 | E17: 1386082-03-01R | G17: ARTA KDJ I Дверь 90 R | H17: хром+ | I17: 900x2000 | J17: прозрачное | K17: 8 мм | L17: 1315 | M17: Под заказ
D18: 5902738036014 | E18: 1386083-03-01L | G18: ARTA KDJ I Дверь 100 L | H18: хром+ | I18: 1000x2000 | J18: прозрачное | K18: 8 мм | L18: 1336 | M18: Под заказ
D19: 5902738036021 | E19: 1386083-03-01R | G19: ARTA KDJ I Дверь 100 R | H19: хром+ | I19: 1000x2000 | J19: прозрачное | K19: 8 мм | L19: 1336 | M19: Под заказ
G20: Боковая стенка
D21: 5902738056135 | E21: 386019-03-01 | G21: ARTA боковая стенка S1 70 | H21: хром+ | I21: 700x2000 | J21: прозрачное | K21: 8 мм | L21: 533 | M21: Под заказ
D22: 5902738063881 | E22: 386018-03-01 | G22: ARTA боковая стенка S1 75 | H22: хром+ | I22: 750x2000 | J22: прозрачное | K22: 8 мм | L22: 542 | M22: Под заказ
D23: 5902738035406 | E23: 386020-03-01 | G23: ARTA боковая стенка S1 80 | H23: хром+ | I23: 800x2000 | J23: прозрачное | K23: 8 мм | L23: 575 | M23: Под заказ
D24: 5902738035413 | E24: 386021-03-01 | G24: ARTA боковая стенка S1 90 | H24: хром+ | I24: 900x2000 | J24: прозрачное | K24: 8 мм | L24: 592 | M24: Под заказ
D25: 5902738035420 | E25: 386022-03-01 | G25: ARTA боковая стенка S1 100 | H25: хром+ | I25: 1000x2000 | J25: прозрачное | K25: 8 мм | L25: 659 | M25: Под заказ
D26: 5902738035437 | E26: 386023-03-01 | G26: ARTA боковая стенка S1 110 | H26: хром+ | I26: 1100x2000 | J26: прозрачное | K26: 8 мм | L26: 676 | M26: Под заказ
D27: 5902738035444 | E27: 386024-03-01 | G27: ARTA боковая стенка S1 120 | H27: хром+ | I27: 1200x2000 | J27: прозрачное | K27: 8 мм | L27: 693 | M27: Под заказ
G28: Однодверная распашная душевая кабина
B29: Arta | C29: KDJ II В заказе надо указать 3 номера артикулов: фронтальной части кабины (два номера) и боковой стенки S1. | D29: 5902738041599 | E29: 386420-03-01L | F29: KDJ II 80 L | G29: ARTA Дверь G 520 L | H29: хром+ | I29: 520x2000 | J29: прозрачное | K29: 8 мм | L29: 680 | M29: Под заказ
D30: 5902738035635 | E30: 1386040-03-01L | G30: ARTA KDJ II Неподвижная стенка 227 L | H30: хром+ | I30: 227x2000 | J30: прозрачное | K30: 8 мм | L30: 735 | M30: Под заказ
D31: 5902738041605 | E31: 386420-03-01R | F31: KDJ II 80 R | G31: ARTA Дверь G 520 R | H31: хром+ | I31: 520x2000 | J31: прозрачное | K31: 8 мм | L31: 680 | M31: Под заказ
D32: 5902738035642 | E32: 1386040-03-01R | G32: ARTA KDJ II Неподвижная стенка 227 R | H32: хром+ | I32: 227x2000 | J32: прозрачное | K32: 8 мм | L32: 735 | M32: Под заказ
D33: 5902738041537 | E33: 386455-03-01L | F33: KDJ II 90 L | G33: ARTA Дверь G 620 L | H33: хром+ | I33: 620x2000 | J33: прозрачное | K33: 8 мм | L33: 718 | M33: Под заказ
D34: 5902738035635 | E34: 1386040-03-01L | G34: ARTA KDJ II Неподвижная стенка 227 L | H34: хром+ | I34: 227x2000 | J34: прозрачное | K34: 8 мм | L34: 735 | M34: Под заказ
D35: 5902738041544 | E35: 386455-03-01R | F35: KDJ II 90 R | G35: ARTA Дверь G 620 R | H35: хром+ | I35: 620x2000 | J35: прозрачное | K35: 8 мм | L35: 718 | M35: Под заказ
D36: 5902738035642 | E36: 1386040-03-01R | G36: ARTA KDJ II Неподвижная стенка 227 R | H36: хром+ | I36: 227x2000 | J36: прозрачное | K36: 8 мм | L36: 735 | M36: Под заказ
D37: 5902738041537 | E37: 386455-03-01L | F37: KDJ II 100 L | G37: ARTA Дверь G 620 L | H37: хром+ | I37: 620x2000 | J37: прозрачное | K37: 8 мм | L37: 718 | M37: Под заказ
D38: 5902738035673 | E38: 1386042-03-01L | G38: ARTA KDJ II Неподвижная стенка 327 L | H38: хром+ | I38: 327x2000 | J38: прозрачное | K38: 8 мм | L38: 756 | M38: Под заказ
D39: 5902738041544 | E39: 386455-03-01R | F39: KDJ II 100 R | G39: ARTA Дверь G 620 R | H39: хром+ | I39: 620x2000 | J39: прозрачное | K39: 8 мм | L39: 718 | M39: Под заказ
D40: 5902738035680 | E40: 1386042-03-01R | G40: ARTA KDJ II Неподвижная стенка 327 R | H40: хром+ | I40: 327x2000 | J40: прозрачное | K40: 8 мм | L40: 756 | M40: Под заказ
D41: 5902738041575 | E41: 386457-03-01L | F41: KDJ II 110 L | G41: ARTA Дверь G 820 L | H41: хром+ | I41: 820x2000 | J41: прозрачное | K41: 8 мм | L41: 773 | M41: Под заказ
D42: 5902738035635 | E42: 1386040-03-01L | G42: ARTA KDJ II Неподвижная стенка 227 L | H42: хром+ | I42: 227x2000 | J42: прозрачное | K42: 8 мм | L42: 735 | M42: Под заказ
D43: 5902738041582 | E43: 386457-03-01R | F43: KDJ II 110 R | G43: ARTA Дверь G 820 R | H43: хром+ | I43: 820x2000 | J43: прозрачное | K43: 8 мм | L43: 773 | M43: Под заказ
D44: 5902738035642 | E44: 1386040-03-01R | G44: ARTA KDJ II Неподвижная стенка 227 R | H44: хром+ | I44: 227x2000 | J44: прозрачное | K44: 8 мм | L44: 735 | M44: Под заказ
D45: 5902738041575 | E45: 386457-03-01L | F45: KDJ II 120 L | G45: ARTA Дверь G 820 L | H45: хром+ | I45: 820x2000 | J45: прозрачное | K45: 8 мм | L45: 773 | M45: Под заказ
D46: 5902738035673 | E46: 1386042-03-01L | G46: ARTA KDJ II Неподвижная стенка 327 L | H46: хром+ | I46: 327x2000 | J46: прозрачное | K46: 8 мм | L46: 756 | M46: Под заказ
D47: 5902738041582 | E47: 386457-03-01R | F47: KDJ II 120 R | G47: ARTA Дверь G 820 R | H47: хром+ | I47: 820x2000 | J47: прозрачное | K47: 8 мм | L47: 773 | M47: Под заказ
D48: 5902738035680 | E48: 1386042-03-01R | G48: ARTA KDJ II Неподвижная стенка 327 R | H48: хром+ | I48: 327x2000 | J48: прозрачное | K48: 8 мм | L48: 756 | M48: Под заказ
D49: 5902738041575 | E49: 386457-03-01L | F49: KDJ II 130 L | G49: ARTA Дверь G 820 L | H49: хром+ | I49: 820x2000 | J49: прозрачное | K49: 8 мм | L49: 773 | M49: Под заказ
D50: 5902738035734 | E50: 1386045-03-01L | G50: ARTA KDJ II Неподвижная стенка 427 L | H50: хром+ | I50: 427x2000 | J50: прозрачное | K50: 8 мм | L50: 806 | M50: Под заказ
D51: 5902738041582 | E51: 386457-03-01R | F51: KDJ II 130 R | G51: ARTA Дверь G 820 R | H51: хром+ | I51: 820x2000 | J51: прозрачное | K51: 8 мм | L51: 773 | M51: Под заказ
D52: 5902738035741 | E52: 1386045-03-01R | G52: ARTA KDJ II Неподвижная стенка 427 R | H52: хром+ | I52: 427x2000 | J52: прозрачное | K52: 8 мм | L52: 806 | M52: Под заказ
D53: 5902738041575 | E53: 386457-03-01L | F53: KDJ II 140 L | G53: ARTA Дверь G 820 L | H53: хром+ | I53: 820x2000 | J53: прозрачное | K53: 8 мм | L53: 773 | M53: Под заказ
D54: 5902738035758 | E54: 1386046-03-01L | G54: ARTA KDJ II Неподвижная стенка 527 L | H54: хром+ | I54: 527x2000 | J54: прозрачное | K54: 8 мм | L54: 832 | M54: Под заказ
D55: 5902738041582 | E55: 386457-03-01R | F55: KDJ II 140 R | G55: ARTA Дверь G 820 R | H55: хром+ | I55: 820x2000 | J55: прозрачное | K55: 8 мм | L55: 773 | M55: Под заказ
D56: 5902738035765 | E56: 1386046-03-01R | G56: ARTA KDJ II Неподвижная стенка 527 R | H56: хром+ | I56: 527x2000 | J56: прозрачное | K56: 8 мм | L56: 832 | M56: Под заказ
G57: Боковая стенка
D58: 5902738056135 | E58: 386019-03-01 | G58: ARTA боковая стенка S1 70 | H58: хром+ | I58: 700x2000 | J58: прозрачное | K58: 8 мм | L58: 533 | M58: Под заказ
D59: 5902738063881 | E59: 386018-03-01 | G59: ARTA боковая стенка S1 75 | H59: хром+ | I59: 750x2000 | J59: прозрачное | K59: 8 мм | L59: 542 | M59: Под заказ
D60: 5902738035406 | E60: 386020-03-01 | G60: ARTA боковая стенка S1 80 | H60: хром+ | I60: 800x2000 | J60: прозрачное | K60: 8 мм | L60: 575 | M60: Под заказ
D61: 5902738035413 | E61: 386021-03-01 | G61: ARTA боковая стенка S1 90 | H61: хром+ | I61: 900x2000 | J61: прозрачное | K61: 8 мм | L61: 592 | M61: Под заказ
D62: 5902738035420 | E62: 386022-03-01 | G62: ARTA боковая стенка S1 100 | H62: хром+ | I62: 1000x2000 | J62: прозрачное | K62: 8 мм | L62: 659 | M62: Под заказ
D63: 5902738035437 | E63: 386023-03-01 | G63: ARTA боковая стенка S1 110 | H63: хром+ | I63: 1100x2000 | J63: прозрачное | K63: 8 мм | L63: 676 | M63: Под заказ
D64: 5902738035444 | E64: 386024-03-01 | G64: ARTA боковая стенка S1 120 | H64: хром+ | I64: 1200x2000 | J64: прозрачное | K64: 8 мм | L64: 693 | M64: Под заказ
G65: Двухдверная распашная душевая кабина
G66: Левая часть
B67: Arta | C67: KDD I В заказе надо указать 2 номера артикулов: левой и правой части кабины. | D67: 5902738035819 | E67: 386060-03-01L | G67: ARTA KDD I 80 L | H67: хром+ | I67: 800x2000 | J67: прозрачное | K67: 8 мм | L67: 1088 | M67: Под заказ
D68: 5902738035833 | E68: 386061-03-01L | G68: ARTA KDD I 90 L | H68: хром+ | I68: 900x2000 | J68: прозрачное | K68: 8 мм | L68: 1130 | M68: Под заказ
D69: 5902738035857 | E69: 386062-03-01L | G69: ARTA KDD I 100 L | H69: хром+ | I69: 1000x2000 | J69: прозрачное | K69: 8 мм | L69: 1151 | M69: Под заказ
G70: Правая часть
D71: 5902738035826 | E71: 386060-03-01R | G71: ARTA KDD I 80 R | H71: хром+ | I71: 800x2000 | J71: прозрачное | K71: 8 мм | L71: 1088 | M71: Под заказ
D72: 5902738035840 | E72: 386061-03-01R | G72: ARTA KDD I 90 R | H72: хром+ | I72: 900x2000 | J72: прозрачное | K72: 8 мм | L72: 1130 | M72: Под заказ
D73: 5902738035864 | E73: 386062-03-01R | G73: ARTA KDD I 100 R | H73: хром+ | I73: 1000x2000 | J73: прозрачное | K73: 8 мм | L73: 1151 | M73: Под заказ
G74: Двухдверная распашная душевая кабина
G75: Левая часть
B76: Arta | C76: KDD II В заказе надо указать 4 номера артикулов: левой части (2 номера) и правой части кабины (2 номера). | D76: 5902738041599 | E76: 386420-03-01L | F76: KDD II 80 L | G76: ARTA Дверь G 520 L | H76: хром+ | I76: 520x2000 | J76: прозрачное | K76: 8 мм | L76: 680 | M76: Под заказ
D77: 5902738040080 | E77: 386170-03-01L | G77: ARTA KDD II Неподвижная стенка 235 L | H77: хром+ | I77: 235x2000 | J77: прозрачное | K77: 8 мм | L77: 554 | M77: Под заказ
D78: 5902738041537 | E78: 386455-03-01L | F78: KDD II 90 L | G78: ARTA Дверь G 620 L | H78: хром+ | I78: 620x2000 | J78: прозрачное | K78: 8 мм | L78: 718 | M78: Под заказ
D79: 5902738040080 | E79: 386170-03-01L | G79: ARTA KDD II Неподвижная стенка 235 L | H79: хром+ | I79: 235x2000 | J79: прозрачное | K79: 8 мм | L79: 554 | M79: Под заказ
D80: 5902738041537 | E80: 386455-03-01L | F80: KDD II 100 L | G80: ARTA Дверь G 620 L | H80: хром+ | I80: 620x2000 | J80: прозрачное | K80: 8 мм | L80: 718 | M80: Под заказ
D81: 5902738040127 | E81: 386172-03-01L | G81: ARTA KDD II Неподвижная стенка 335 L | H81: хром+ | I81: 335x2000 | J81: прозрачное | K81: 8 мм | L81: 580 | M81: Под заказ
G82: Правая часть
D83: 5902738041605 | E83: 386420-03-01R | F83: KDD II 80 R | G83: ARTA Дверь G 520 R | H83: хром+ | I83: 520x2000 | J83: прозрачное | K83: 8 мм | L83: 680 | M83: Под заказ
D84: 5902738040097 | E84: 386170-03-01R | G84: ARTA KDD II Неподвижная стенка 235 R | H84: хром+ | I84: 235x2000 | J84: прозрачное | K84: 8 мм | L84: 554 | M84: Под заказ
D85: 5902738041544 | E85: 386455-03-01R | F85: KDD II 90 R | G85: ARTA Дверь G 620 R | H85: хром+ | I85: 620x2000 | J85: прозрачное | K85: 8 мм | L85: 718 | M85: Под заказ
D86: 5902738040097 | E86: 386170-03-01R | G86: ARTA KDD II Неподвижная стенка 235 R | H86: хром+ | I86: 235x2000 | J86: прозрачное | K86: 8 мм | L86: 554 | M86: Под заказ
D87: 5902738041544 | E87: 386455-03-01R | F87: KDD II 100 R | G87: ARTA Дверь G 620 R | H87: хром+ | I87: 620x2000 | J87: прозрачное | K87: 8 мм | L87: 718 | M87: Под заказ
D88: 5902738040134 | E88: 386172-03-01R | G88: ARTA KDD II Неподвижная стенка 335 R | H88: хром+ | I88: 335x2000 | J88: прозрачное | K88: 8 мм | L88: 580 | M88: Под заказ
B89: Arta | C89: KDD B В заказе надо указать 2 номера артикулов: левой и правой части кабины. | G89: Двухдверная складная душевая кабина
G90: Левая часть
D91: 5902738040028 | E91: 386160-03-01L | G91: ARTA KDD B 80 L | H91: хром+ | I91: 800x2000 | J91: прозрачное | K91: 8 мм | L91: 1361 | M91: Под заказ
D92: 5902738040042 | E92: 386161-03-01L | G92: ARTA KDD B 90 L | H92: хром+ | I92: 900x2000 | J92: прозрачное | K92: 8 мм | L92: 1411 | M92: Под заказ
D93: 5902738040066 | E93: 386162-03-01L | G93: ARTA KDD B 100 L | H93: хром+ | I93: 1000x2000 | J93: прозрачное | K93: 8 мм | L93: 1474 | M93: Под заказ
G94: Правая часть
D95: 5902738040035 | E95: 386160-03-01R | G95: ARTA KDD B 80 R | H95: хром+ | I95: 800x2000 | J95: прозрачное | K95: 8 мм | L95: 1361 | M95: Под заказ
D96: 5902738040059 | E96: 386161-03-01R | G96: ARTA KDD B 90 R | H96: хром+ | I96: 900x2000 | J96: прозрачное | K96: 8 мм | L96: 1411 | M96: Под заказ
D97: 5902738040073 | E97: 386162-03-01R | G97: ARTA KDD B 100 R | H97: хром+ | I97: 1000x2000 | J97: прозрачное | K97: 8 мм | L97: 1474 | M97: Под заказ
G98: Однодверная распашная душевая кабина
B99: Arta | C99: KDS I В заказе надо указать 3 номера артикулов: фронтальной части кабины (2 номера) и боковой стенки S2. | D99: 5902738041926 | E99: 386520-03-01L | F99: KDS I 90 L | G99: ARTA Дверь W 520 L | H99: хром+ | I99: 520x2000 | J99: прозрачное | K99: 8 мм | L99: 617 | M99: Под заказ
D100: 5902738036151 | E100: 1386100-03-01 | G100: ARTA KDS I Неподвижная стенка 300 | H100: хром+ | I100: 300x2000 | J100: прозрачное | K100: 8 мм | L100: 1004 | M100: Под заказ
...

Sheet Euphoria
B1: Коллекция | C1: Модель | D1: Штрих код | E1: Код товара | G1: Наименование | H1: Цвет | I1: Размер | J1: Цвет стекла | K1: Толщина стекла | L1: РРЦ, € с 1.08.26 | M1: Склад/ под заказ | N1: Доп. информация | O1: 🛑 Коллекция выходит из ассортимента. Доступна до окончания запасов фабрики. Наличие уточняйте
B2: Euphoria I | C2: Walk-in В заказе надо указать 3 номера артикулов: фронтальной части W4 и двух боковых стенок SW | G2: Душевая перегородка
G3: Фронтальная часть
D4: 5902738033754 | E4: 383144-01-01 | G4: Фронтальная часть Euphoria Walk- in W4 120 | H4: хром | I4: 1200x2000 | J4: прозрачное | K4: 8 мм | L4: 466 | M4: Под заказ
D5: 5902738033761 | E5: 383145-01-01 | G5: Фронтальная часть Euphoria Walk- in W4 130 | H5: хром | I5: 1300x2000 | J5: прозрачное | K5: 8 мм | L5: 487 | M5: Под заказ
D6: 5902738033778 | E6: 383146-01-01 | G6: Фронтальная часть Euphoria Walk- in W4 140 | H6: хром | I6: 1400x2000 | J6: прозрачное | K6: 8 мм | L6: 508 | M6: Под заказ
G7: Боковая стенка SW
D8: 5902738033815 | E8: 383160-01-01 | G8: Боковая стенка Euphoria Walk- in SW 30 | H8: хром | I8: 300x2000 | J8: прозрачное | K8: 8 мм | L8: 462 | M8: Под заказ
C9: Walk-in В заказе надо указать 2 номера артикулов: фронтальной части W3 и боковой стенки SW. Кабина универсальная, возможен как левосторонный, так и правосторонный монтаж. | G9: Фронтальная часть
B10: Euphoria II | D10: 5902738033648 | E10: 383130-01-01 | G10: Фронтальная часть Euphoria Walk- in W3 80 | H10: хром | I10: 800x2000 | J10: прозрачное | K10: 8 мм | L10: 533 | M10: Под заказ
D11: 5902738033655 | E11: 383131-01-01 | G11: Фронтальная часть Euphoria Walk- in W3 90 | H11: хром | I11: 900x2000 | J11: прозрачное | K11: 8 мм | L11: 563 | M11: Под заказ
D12: 5902738033662 | E12: 383132-01-01 | G12: Фронтальная часть Euphoria Walk- in W3 100 | H12: хром | I12: 1000x2000 | J12: прозрачное | K12: 8 мм | L12: 609 | M12: Под заказ
D13: 5902738033679 | E13: 383133-01-01 | G13: Фронтальная часть Euphoria Walk- in W3 110 | H13: хром | I13: 1100x2000 | J13: прозрачное | K13: 8 мм | L13: 638 | M13: Под заказ
D14: 5902738033686 | E14: 383134-01-01 | G14: Фронтальная часть Euphoria Walk- in W3 120 | H14: хром | I14: 1200x2000 | J14: прозрачное | K14: 8 мм | L14: 689 | M14: Под заказ
D15: 5902738033693 | E15: 383135-01-01 | G15: Фронтальная часть Euphoria Walk- in W3 130 | H15: хром | I15: 1300x2000 | J15: прозрачное | K15: 8 мм | L15: 731 | M15: Под заказ
D16: 5902738033709 | E16: 383136-01-01 | G16: Фронтальная часть Euphoria Walk- in W3 140 | H16: хром | I16: 1400x2000 | J16: прозрачное | K16: 8 мм | L16: 764 | M16: Под заказ
G17: Боковая стенка SW
D18: 5902738033815 | E18: 383160-01-01 | G18: Боковая стенка Euphoria Walk- in SW 30 | H18: хром | I18: 300x2000 | J18: прозрачное | K18: 8 мм | L18: 462 | M18: Под заказ
B19: Euphoria III | C19: Walk-in В заказе надо указать 3 номера артикулов: фронтальной части W3, боковой стенки W2 и боковой стенки SW. | G19: Фронтальная часть
D20: 5902738033648 | E20: 383130-01-01 | G20: Фронтальная часть Euphoria Walk- in W3 80 | H20: хром | I20: 800x2000 | J20: прозрачное | K20: 8 мм | L20: 533 | M20: Под заказ
D21: 5902738033655 | E21: 383131-01-01 | G21: Фронтальная часть Euphoria Walk- in W3 90 | H21: хром | I21: 900x2000 | J21: прозрачное | K21: 8 мм | L21: 563 | M21: Под заказ
D22: 5902738033662 | E22: 383132-01-01 | G22: Фронтальная часть Euphoria Walk- in W3 100 | H22: хром | I22: 1000x2000 | J22: прозрачное | K22: 8 мм | L22: 609 | M22: Под заказ
D23: 5902738033679 | E23: 383133-01-01 | G23: Фронтальная часть Euphoria Walk- in W3 110 | H23: хром | I23: 1100x2000 | J23: прозрачное | K23: 8 мм | L23: 638 | M23: Под заказ
D24: 5902738033686 | E24: 383134-01-01 | G24: Фронтальная часть Euphoria Walk- in W3 120 | H24: хром | I24: 1200x2000 | J24: прозрачное | K24: 8 мм | L24: 689 | M24: Под заказ
D25: 5902738033693 | E25: 383135-01-01 | G25: Фронтальная часть Euphoria Walk- in W3 130 | H25: хром | I25: 1300x2000 | J25: прозрачное | K25: 8 мм | L25: 731 | M25: Под заказ
D26: 5902738033709 | E26: 383136-01-01 | G26: Фронтальная часть Euphoria Walk- in W3 140 | H26: хром | I26: 1400x2000 | J26: прозрачное | K26: 8 мм | L26: 764 | M26: Под заказ
G27: Боковая стенка W2
D28: 5902738033617 | E28: 383120-01-01 | G28: Боковая стенка Euphoria Walk- in W2 80 | H28: хром | I28: 800x2000 | J28: прозрачное | K28: 8 мм | L28: 554 | M28: Под заказ
D29: 5902738033624 | E29: 383121-01-01 | G29: Боковая стенка Euphoria Walk- in W2 90 | H29: хром | I29: 900x2000 | J29: прозрачное | K29: 8 мм | L29: 596 | M29: Под заказ
D30: 5902738033631 | E30: 383122-01-01 | G30: Боковая стенка Euphoria Walk- in W2 100 | H30: хром | I30: 1000x2000 | J30: прозрачное | K30: 8 мм | L30: 638 | M30: Под заказ
G31: Боковая стенка SW
D32: 5902738033815 | E32: 383160-01-01 | G32: Боковая стенка Euphoria Walk- in SW 30 | H32: хром | I32: 300x2000 | J32: прозрачное | K32: 8 мм | L32: 462 | M32: Под заказ
B33: Euphoria IV | C33: Walk-in В заказе надо указать 3 номера артикулов: фронтальной части W4, боковой стенки W5 и боковой стенки SW. Кабина универсальная, возможен как левосторонный, так и правосторонный монтаж. | G33: Фронтальная часть
D34: 5902738033716 | E34: 383140-01-01 | G34: Фронтальная часть Euphoria Walk- in W4 80 | H34: хром | I34: 800x2000 | J34: прозрачное | K34: 8 мм | L34: 311 | M34: Под заказ
D35: 5902738033723 | E35: 383141-01-01 | G35: Фронтальная часть Euphoria Walk- in W4 90 | H35: хром | I35: 900x2000 | J35: прозрачное | K35: 8 мм | L35: 332 | M35: Под заказ
D36: 5902738033730 | E36: 383142-01-01 | G36: Фронтальная часть Euphoria Walk- in W4 100 | H36: хром | I36: 1000x2000 | J36: прозрачное | K36: 8 мм | L36: 353 | M36: Под заказ
D37: 5902738033747 | E37: 383143-01-01 | G37: Фронтальная часть Euphoria Walk- in W4 110 | H37: хром | I37: 1100x2000 | J37: прозрачное | K37: 8 мм | L37: 399 | M37: Под заказ
D38: 5902738033754 | E38: 383144-01-01 | G38: Фронтальная часть Euphoria Walk- in W4 120 | H38: хром | I38: 1200x2000 | J38: прозрачное | K38: 8 мм | L38: 466 | M38: Под заказ
D39: 5902738033761 | E39: 383145-01-01 | G39: Фронтальная часть Euphoria Walk- in W4 130 | H39: хром | I39: 1300x2000 | J39: прозрачное | K39: 8 мм | L39: 487 | M39: Под заказ
D40: 5902738033778 | E40: 383146-01-01 | G40: Фронтальная часть Euphoria Walk- in W4 140 | H40: хром | I40: 1400x2000 | J40: прозрачное | K40: 8 мм | L40: 508 | M40: Под заказ
G41: Боковая стенка W5
D42: 5902738033785 | E42: 383150-01-01 | G42: Боковая стенка Euphoria Walk- in W5 80 | H42: хром | I42: 800x2000 | J42: прозрачное | K42: 8 мм | L42: 739 | M42: Под заказ
D43: 5902738033792 | E43: 383151-01-01 | G43: Боковая стенка Euphoria Walk- in W5 90 | H43: хром | I43: 900x2000 | J43: прозрачное | K43: 8 мм | L43: 785 | M43: Под заказ
D44: 5902738033808 | E44: 383152-01-01 | G44: Боковая стенка Euphoria Walk- in W5 100 | H44: хром | I44: 1000x2000 | J44: прозрачное | K44: 8 мм | L44: 815 | M44: Под заказ
G45: Боковая стенка SW
D46: 5902738033815 | E46: 383160-01-01 | G46: Боковая стенка Euphoria Walk- in SW 30 | H46: хром | I46: 300x2000 | J46: прозрачное | K46: 8 мм | L46: 462 | M46: Под заказ
B47: Euphoria V | C47: Walk-in Кабина универсальная, возможен как левосторонный, так и правосторонный монтаж. | D47: 5902738033600 | E47: 383117-01-01 | G47: Фронтальная часть Euphoria Walk- in W1 70 | H47: хром | I47: 700x2000 | J47: прозрачное | K47: 8 мм | L47: 525 | M47: Под заказ
D48: 5902738033532 | E48: 383110-01-01 | G48: Фронтальная часть Euphoria Walk- in W1 80 | H48: хром | I48: 800x2000 | J48: прозрачное | K48: 8 мм | L48: 571 | M48: Под заказ
D49: 5902738033549 | E49: 383111-01-01 | G49: Фронтальная часть Euphoria Walk- in W1 90 | H49: хром | I49: 900x2000 | J49: прозрачное | K49: 8 мм | L49: 588 | M49: Под заказ
D50: 5902738033556 | E50: 383112-01-01 | G50: Фронтальная часть Euphoria Walk- in W1 100 | H50: хром | I50: 1000x2000 | J50: прозрачное | K50: 8 мм | L50: 638 | M50: Под заказ
D51: 5902738033563 | E51: 383113-01-01 | G51: Фронтальная часть Euphoria Walk- in W1 110 | H51: хром | I51: 1100x2000 | J51: прозрачное | K51: 8 мм | L51: 676 | M51: Под заказ
D52: 5902738033570 | E52: 383114-01-01 | G52: Фронтальная часть Euphoria Walk- in W1 120 | H52: хром | I52: 1200x2000 | J52: прозрачное | K52: 8 мм | L52: 701 | M52: Под заказ
D53: 5902738033587 | E53: 383115-01-01 | G53: Фронтальная часть Euphoria Walk- in W1 130 | H53: хром | I53: 1300x2000 | J53: прозрачное | K53: 8 мм | L53: 743 | M53: Под заказ
D54: 5902738033594 | E54: 383116-01-01 | G54: Фронтальная часть Euphoria Walk- in W1 140 | H54: хром | I54: 1400x2000 | J54: прозрачное | K54: 8 мм | L54: 794 | M54: Под заказ
B55: Euphoria VI | C55: Walk-in При оформлении заказа укажите 2 артикула: Фронтальной части W6 и стенки W5. | G55: Фронтальная часть
D56: 5902738090467 | E56: 383170-01-01 | G56: Фронтальная стенка Euphoria Walk In W6 80*200 прозрачное 8 мм | H56: хром | I56: 800x2000 | J56: прозрачное | K56: 8 мм | L56: 353 | M56: Под заказ
D57: 5902738090474 | E57: 383171-01-01 | G57: Фронтальная стенка Euphoria Walk In W6 90*200 прозрачное 8 мм | H57: хром | I57: 900x2000 | J57: прозрачное | K57: 8 мм | L57: 378 | M57: Под заказ
D58: 5902738090481 | E58: 383172-01-01 | G58: Фронтальная стенка Euphoria Walk In W6 100*200 прозрачное 8 мм | H58: хром | I58: 1000x2000 | J58: прозрачное | K58: 8 мм | L58: 399 | M58: Под заказ
D59: 5902738090498 | E59: 383173-01-01 | G59: Фронтальная стенка Euphoria Walk In W6 110*200 прозрачное 8 мм | H59: хром | I59: 1100x2000 | J59: прозрачное | K59: 8 мм | L59: 441 | M59: Под заказ
D60: 5902738090504 | E60: 383174-01-01 | G60: Фронтальная стенка Euphoria Walk In W6 120*200 прозрачное 8 мм | H60: хром | I60: 1200x2000 | J60: прозрачное | K60: 8 мм | L60: 466 | M60: Под заказ
D61: 5902738090511 | E61: 383175-01-01 | G61: Фронтальная стенка Euphoria Walk In W6 130*200 прозрачное 8 мм | H61: хром | I61: 1300x2000 | J61: прозрачное | K61: 8 мм | L61: 525 | M61: Под заказ
D62: 5902738090528 | E62: 383176-01-01 | G62: Фронтальная стенка Euphoria Walk In W6 140*200 прозрачное 8 мм | H62: хром | I62: 1400x2000 | J62: прозрачное | K62: 8 мм | L62: 546 | M62: Под заказ
G63: Боковая стенка W5
D64: 5902738033785 | E64: 383150-01-01 | G64: Боковая стенка Euphoria Walk- in W5 80 | H64: хром | I64: 800x2000 | J64: прозрачное | K64: 8 мм | L64: 739 | M64: Под заказ
D65: 5902738033792 | E65: 383151-01-01 | G65: Боковая стенка Euphoria Walk- in W5 90 | H65: хром | I65: 900x2000 | J65: прозрачное | K65: 8 мм | L65: 785 | M65: Под заказ
D66: 5902738033808 | E66: 383152-01-01 | G66: Боковая стенка Euphoria Walk- in W5 100 | H66: хром | I66: 1000x2000 | J66: прозрачное | K66: 8 мм | L66: 815 | M66: Под заказ
G67: Двухдверная распашная душевая кабина
G68: Левая часть
B69: Euphoria | C69: PDD В заказе надо указать 2 номера артикулов: левой и правой части кабины. | D69: 5902738025353 | E69: 383002-01L | G69: Euphoria PDD 80/L | H69: хром | I69: 800x2000 | J69: прозрачное | K69: 8 мм | L69: 1042 | M69: Под заказ
D70: 5902738025377 | E70: 383001-01L | G70: Euphoria PDD 90/L | H70: хром | I70: 900x2000 | J70: прозрачное | K70: 8 мм | L70: 1067 | M70: Под заказ
D71: 5902738025391 | E71: 383003-01L | G71: Euphoria PDD 100/L | H71: хром | I71: 1000x2000 | J71: прозрачное | K71: 8 мм | L71: 1100 | M71: Под заказ
G72: Правая часть
D73: 5902738025384 | E73: 383001-01R | G73: Euphoria PDD 90/R | H73: хром | I73: 900x2000 | J73: прозрачное | K73: 8 мм | L73: 1067 | M73: Под заказ
D74: 5902738025360 | E74: 383002-01R | G74: Euphoria PDD 80/R | H74: хром | I74: 800x2000 | J74: прозрачное | K74: 8 мм | L74: 1042 | M74: Под заказ
D75: 5902738025407 | E75: 383003-01R | G75: Euphoria PDD 100/R | H75: хром | I75: 1000x2000 | J75: прозрачное | K75: 8 мм | L75: 1100 | M75: Под заказ
B76: Euphoria | C76: KDJ В заказе надо указать 3 номера артикулов: фронтальной части (2 номера) и боковой стенки S1. | G76: Однодверная распашная душевая кабина
D77: 5902738054452 | E77: 383512-01L | F77: KDJ 80 L | G77: Euphoria KDJ дверь 512 левая | H77: хром | I77: 512x2000 | J77: прозрачное | K77: 8 мм | L77: 252 | M77: Под заказ
D78: 5902738054490 | E78: 383241-01L | G78: Euphoria KDJ неподвижная стенка двери 243 левая | H78: хром | I78: 243x2000 | J78: прозрачное | K78: 8 мм | L78: 844 | M78: Под заказ
D79: 5902738054469 | E79: 383512-01R | F79: KDJ 80 R | G79: Euphoria KDJ дверь 512 правая | H79: хром | I79: 512x2000 | J79: прозрачное | K79: 8 мм | L79: 252 | M79: Под заказ
D80: 5902738054506 | E80: 383241-01R | G80: Euphoria KDJ неподвижная стенка двери 243 правая | H80: хром | I80: 243x2000 | J80: прозрачное | K80: 8 мм | L80: 844 | M80: Под заказ
D81: 5902738054414 | E81: 383612-01L | F81: KDJ 90 L | G81: Euphoria KDJ дверь 612 левая | H81: хром | I81: 612x2000 | J81: прозрачное | K81: 8 мм | L81: 273 | M81: Под заказ
D82: 5902738054490 | E82: 383241-01L | G82: Euphoria KDJ неподвижная стенка двери 243 левая | H82: хром | I82: 243x2000 | J82: прозрачное | K82: 8 мм | L82: 844 | M82: Под заказ
D83: 5902738054421 | E83: 383612-01R | F83: KDJ 90 R | G83: Euphoria KDJ дверь 612 правая | H83: хром | I83: 612x2000 | J83: прозрачное | K83: 8 мм | L83: 273 | M83: Под заказ
D84: 5902738054506 | E84: 383241-01R | G84: Euphoria KDJ неподвижная стенка двери 243 правая | H84: хром | I84: 243x2000 | J84: прозрачное | K84: 8 мм | L84: 844 | M84: Под заказ
D85: 5902738054414 | E85: 383612-01L | F85: KDJ 100 L | G85: Euphoria KDJ дверь 612 левая | H85: хром | I85: 612x2000 | J85: прозрачное | K85: 8 мм | L85: 273 | M85: Под заказ
D86: 5902738054476 | E86: 383240-01L | G86: Euphoria KDJ неподвижная стенка двери 343 левая | H86: хром | I86: 343x2000 | J86: прозрачное | K86: 8 мм | L86: 874 | M86: Под заказ
D87: 5902738054421 | E87: 383612-01R | F87: KDJ 100 R | G87: Euphoria KDJ дверь 612 правая | H87: хром | I87: 612x2000 | J87: прозрачное | K87: 8 мм | L87: 273 | M87: Под заказ
D88: 5902738054483 | E88: 383240-01R | G88: Euphoria KDJ неподвижная стенка двери 343 правая | H88: хром | I88: 343x2000 | J88: прозрачное | K88: 8 мм | L88: 874 | M88: Под заказ
D89: 5902738054438 | E89: 383812-01L | F89: KDJ 110 L | G89: Euphoria KDJ дверь 812 левая | H89: хром | I89: 812x2000 | J89: прозрачное | K89: 8 мм | L89: 323 | M89: Под заказ
D90: 5902738054490 | E90: 383241-01L | G90: Euphoria KDJ неподвижная стенка двери 243 левая | H90: хром | I90: 243x2000 | J90: прозрачное | K90: 8 мм | L90: 844 | M90: Под заказ
D91: 5902738054445 | E91: 383812-01R | F91: KDJ 110 R | G91: Euphoria KDJ дверь 812 правая | H91: хром | I91: 812x2000 | J91: прозрачное | K91: 8 мм | L91: 323 | M91: Под заказ
D92: 5902738054506 | E92: 383241-01R | G92: Euphoria KDJ неподвижная стенка двери 243 правая | H92: хром | I92: 243x2000 | J92: прозрачное | K92: 8 мм | L92: 844 | M92: Под заказ
D93: 5902738054438 | E93: 383812-01L | F93: KDJ 120 L | G93: Euphoria KDJ дверь 812 левая | H93: хром | I93: 812x2000 | J93: прозрачное | K93: 8 мм | L93: 323 | M93: Под заказ
D94: 5902738054476 | E94: 383240-01L | G94: Euphoria KDJ неподвижная стенка двери 343 левая | H94: хром | I94: 343x2000 | J94: прозрачное | K94: 8 мм | L94: 874 | M94: Под заказ
D95: 5902738054445 | E95: 383812-01R | F95: KDJ 120 R | G95: Euphoria KDJ дверь 812 правая | H95: хром | I95: 812x2000 | J95: прозрачное | K95: 8 мм | L95: 323 | M95: Под заказ
D96: 5902738054483 | E96: 383240-01R | G96: Euphoria KDJ неподвижная стенка двери 343 правая | H96: хром | I96: 343x2000 | J96: прозрачное | K96: 8 мм | L96: 874 | M96: Под заказ
G97: Боковая стенка
D98: 5902738065014 | E98: 383055-01 | G98: Боковая стенка Euphoria S1 70 | H98: хром | I98: 700x2000 | J98: прозрачное | K98: 8 мм | L98: 470 | M98: Под заказ
D99: 5902738065021 | E99: 383056-01 | G99: Боковая стенка Euphoria S1 75 | H99: хром | I99: 750x2000 | J99: прозрачное | K99: 8 мм | L99: 479 | M99: Под заказ
D100: 5902738025513 | E100: 383051-01 | G100: Боковая стенка Euphoria S1 80 | H100: хром | I100: 800x2000 | J100: прозрачное | K100: 8 мм | L100: 521 | M100: Под заказ
...

Sheet Furo
B1: Коллекция | C1: Модель | D1: Штрих код | E1: Код товара | G1: Наименование | H1: Цвет | I1: Размер | J1: Цвет стекла | K1: Толщина стекла | L1: РРЦ, € с 1.08.26 | M1: Склад/ под заказ | N1: Доп. информация
B2: Furo | C2: Walk-in При оформлении заказа необходимо указать 2 артикула: двери и стены | D2: 5902738095516 | E2: 10106438-01-01L | F2: Walk-in 80 L | G2: Furo Walk-in дверь 438 Left | H2: хром | I2: 438x2000 | J2: прозрачное | K2: 8 мм | L2: 617 | M2: Под заказ
D3: 5902738095578 | E3: 10110394-01-01 | G3: Furo стенка 394 | H3: - | I3: 394x2000 | J3: прозрачное | K3: 8 мм | L3: 210 | M3: Под заказ
D4: 5902738095523 | E4: 10106438-01-01R | F4: Walk-in 80 R | G4: Furo Walk-in дверь 438 Right | H4: хром | I4: 438x2000 | J4: прозрачное | K4: 8 мм | L4: 617 | M4: Под заказ
D5: 5902738095578 | E5: 10110394-01-01 | G5: Furo стенка 394 | H5: - | I5: 394x2000 | J5: прозрачное | K5: 8 мм | L5: 210 | M5: Под заказ
D6: 5902738095585 | E6: 10106488-01-01L | F6: Walk-in 90 L | G6: Furo Walk-in дверь 488 Left | H6: хром | I6: 488x2000 | J6: прозрачное | K6: 8 мм | L6: 630 | M6: Под заказ
D7: 5902738095646 | E7: 10110444-01-01 | G7: Furo стенка 444 | H7: - | I7: 444x2000 | J7: прозрачное | K7: 8 мм | L7: 231 | M7: Под заказ
D8: 5902738095592 | E8: 10106488-01-01R | F8: Walk-in 90 R | G8: Furo Walk-in дверь 488 Right | H8: хром | I8: 488x2000 | J8: прозрачное | K8: 8 мм | L8: 630 | M8: Под заказ
A9: За дополнительную плату можно заказать дверь с полотенцедержате- лем вместо обычной ручки. | D9: 5902738095646 | E9: 10110444-01-01 | G9: Furo стенка 444 | H9: - | I9: 444x2000 | J9: прозрачное | K9: 8 мм | L9: 231 | M9: Под заказ
D10: 5902738087962 | E10: 10106538-01-01L | F10: Walk-in 100 L | G10: Furo Walk-in дверь 538 Left | H10: хром | I10: 538x2000 | J10: прозрачное | K10: 8 мм | L10: 651 | M10: Под заказ
D11: 5902738089072 | E11: 10110494-01-01 | G11: Furo стенка 494 | H11: - | I11: 494x2000 | J11: прозрачное | K11: 8 мм | L11: 239 | M11: Под заказ
D12: 5902738087979 | E12: 10106538-01-01R | F12: Walk-in 100 R | G12: Furo Walk-in дверь 538 Right | H12: хром | I12: 538x2000 | J12: прозрачное | K12: 8 мм | L12: 651 | M12: Под заказ
D13: 5902738089072 | E13: 10110494-01-01 | G13: Furo стенка 494 | H13: - | I13: 494x2000 | J13: прозрачное | K13: 8 мм | L13: 239 | M13: Под заказ
D14: 5902738087986 | E14: 10106588-01-01L | F14: Walk-in 110 L | G14: Furo Walk-in дверь 588 Left | H14: хром | I14: 588x2000 | J14: прозрачное | K14: 8 мм | L14: 676 | M14: Под заказ
D15: 5902738089089 | E15: 10110544-01-01 | G15: Furo стенка 544 | H15: - | I15: 544x2000 | J15: прозрачное | K15: 8 мм | L15: 256 | M15: Под заказ
D16: 5902738087993 | E16: 10106588-01-01R | F16: Walk-in 110 R | G16: Furo Walk-in дверь 588 Right | H16: хром | I16: 588x2000 | J16: прозрачное | K16: 8 мм | L16: 676 | M16: Под заказ
D17: 5902738089089 | E17: 10110544-01-01 | G17: Furo стенка 544 | H17: - | I17: 544x2000 | J17: прозрачное | K17: 8 мм | L17: 256 | M17: Под заказ
D18: 5902738088006 | E18: 10106638-01-01L | F18: Walk-in 120 L | G18: Furo Walk-in дверь 638 Left | H18: хром | I18: 638x2000 | J18: прозрачное | K18: 8 мм | L18: 685 | M18: Под заказ
D19: 5902738089096 | E19: 10110594-01-01 | G19: Furo стенка 594 | H19: - | I19: 594x2000 | J19: прозрачное | K19: 8 мм | L19: 269 | M19: Под заказ
D20: 5902738088013 | E20: 10106638-01-01R | F20: Walk-in 120 R | G20: Furo Walk-in дверь 638 Right | H20: хром | I20: 638x2000 | J20: прозрачное | K20: 8 мм | L20: 685 | M20: Под заказ
D21: 5902738089096 | E21: 10110594-01-01 | G21: Furo стенка 594 | H21: - | I21: 594x2000 | J21: прозрачное | K21: 8 мм | L21: 269 | M21: Под заказ
D22: 5902738088020 | E22: 10106688-01-01L | F22: Walk-in 130 L | G22: Furo Walk-in дверь 688 Left | H22: хром | I22: 688x2000 | J22: прозрачное | K22: 8 мм | L22: 727 | M22: Под заказ
D23: 5902738089102 | E23: 10110644-01-01 | G23: Furo стенка 644 | H23: - | I23: 644x2000 | J23: прозрачное | K23: 8 мм | L23: 286 | M23: Под заказ
D24: 5902738088037 | E24: 10106688-01-01R | F24: Walk-in 130 R | G24: Furo Walk-in дверь 688 Right | H24: хром | I24: 688x2000 | J24: прозрачное | K24: 8 мм | L24: 727 | M24: Под заказ
D25: 5902738089102 | E25: 10110644-01-01 | G25: Furo стенка 644 | H25: - | I25: 644x2000 | J25: прозрачное | K25: 8 мм | L25: 286 | M25: Под заказ
D26: 5902738088044 | E26: 10106738-01-01L | F26: Walk-in 140 L | G26: Furo Walk-in дверь 738 Left | H26: хром | I26: 738x2000 | J26: прозрачное | K26: 8 мм | L26: 731 | M26: Под заказ
D27: 5902738089119 | E27: 10110694-01-01 | G27: Furo стенка 694 | H27: - | I27: 694x2000 | J27: прозрачное | K27: 8 мм | L27: 298 | M27: Под заказ
D28: 5902738088051 | E28: 10106738-01-01R | F28: Walk-in 140 R | G28: Furo Walk-in дверь 738 Right | H28: хром | I28: 738x2000 | J28: прозрачное | K28: 8 мм | L28: 731 | M28: Под заказ
D29: 5902738089119 | E29: 10110694-01-01 | G29: Furo стенка 694 | H29: - | I29: 694x2000 | J29: прозрачное | K29: 8 мм | L29: 298 | M29: Под заказ
D30: 5902738088068 | E30: 10106788-01-01L | F30: Walk-in 150 L | G30: Furo Walk-in дверь 788 Left | H30: хром | I30: 788x2000 | J30: прозрачное | K30: 8 мм | L30: 752 | M30: Под заказ
D31: 5902738089126 | E31: 10110744-01-01 | G31: Furo стенка 744 | H31: - | I31: 744x2000 | J31: прозрачное | K31: 8 мм | L31: 315 | M31: Под заказ
D32: 5902738088075 | E32: 10106788-01-01R | F32: Walk-in 150 R | G32: Furo Walk-in дверь 788 Right | H32: хром | I32: 788x2000 | J32: прозрачное | K32: 8 мм | L32: 752 | M32: Под заказ
D33: 5902738089126 | E33: 10110744-01-01 | G33: Furo стенка 744 | H33: - | I33: 744x2000 | J33: прозрачное | K33: 8 мм | L33: 315 | M33: Под заказ
D34: 5902738088082 | E34: 10106838-01-01L | F34: Walk-in 160 L | G34: Furo Walk-in дверь 838 Left | H34: хром | I34: 838x2000 | J34: прозрачное | K34: 8 мм | L34: 760 | M34: Под заказ
D35: 5902738089133 | E35: 10110794-01-01 | G35: Furo стенка 794 | H35: - | I35: 794x2000 | J35: прозрачное | K35: 8 мм | L35: 332 | M35: Под заказ
D36: 5902738088099 | E36: 10106838-01-01R | F36: Walk-in 160 R | G36: Furo Walk-in дверь 838 Right | H36: хром | I36: 838x2000 | J36: прозрачное | K36: 8 мм | L36: 760 | M36: Под заказ
D37: 5902738089133 | E37: 10110794-01-01 | G37: Furo стенка 794 | H37: - | I37: 794x2000 | J37: прозрачное | K37: 8 мм | L37: 332 | M37: Под заказ
B38: Furo Black | C38: Walk-in При оформлении заказа необходимо указать 2 артикула: двери и стены | D38: 5902738095530 | E38: 10106438-54-01L | F38: Walk-in 80 L | G38: Furo Black Walk-in дверь 438 Left | H38: черный | I38: 438x2000 | J38: прозрачное | K38: 8 мм | L38: 685 | M38: Под заказ
D39: 5902738095578 | E39: 10110394-01-01 | G39: Furo стенка 394 | H39: - | I39: 394x2000 | J39: прозрачное | K39: 8 мм | L39: 210 | M39: Под заказ
D40: 5902738095547 | E40: 10106438-54-01R | F40: Walk-in 80 R | G40: Furo Black Walk-in дверь 438 Right | H40: черный | I40: 438x2000 | J40: прозрачное | K40: 8 мм | L40: 685 | M40: Под заказ
D41: 5902738095578 | E41: 10110394-01-01 | G41: Furo стенка 394 | H41: - | I41: 394x2000 | J41: прозрачное | K41: 8 мм | L41: 210 | M41: Под заказ
D42: 5902738095608 | E42: 10106488-54-01L | F42: Walk-in 90 L | G42: Furo Black Walk-in дверь 488 Left | H42: черный | I42: 488x2000 | J42: прозрачное | K42: 8 мм | L42: 701 | M42: Под заказ
D43: 5902738095646 | E43: 10110444-01-01 | G43: Furo стенка 444 | H43: - | I43: 444x2000 | J43: прозрачное | K43: 8 мм | L43: 231 | M43: Под заказ
D44: 5902738095615 | E44: 10106488-54-01R | F44: Walk-in 90 R | G44: Furo Black Walk-in дверь 488 Right | H44: черный | I44: 488x2000 | J44: прозрачное | K44: 8 мм | L44: 701 | M44: Под заказ
D45: 5902738095646 | E45: 10110444-01-01 | G45: Furo стенка 444 | H45: - | I45: 444x2000 | J45: прозрачное | K45: 8 мм | L45: 231 | M45: Под заказ
D46: 5902738088105 | E46: 10106538-54-01L | F46: Walk-in 100 L | G46: Furo Black Walk-in дверь 538 Left | H46: черный | I46: 538x2000 | J46: прозрачное | K46: 8 мм | L46: 718 | M46: Под заказ
D47: 5902738089072 | E47: 10110494-01-01 | G47: Furo стенка 494 | H47: - | I47: 494x2000 | J47: прозрачное | K47: 8 мм | L47: 239 | M47: Под заказ
D48: 5902738088112 | E48: 10106538-54-01R | F48: Walk-in 100 R | G48: Furo Black Walk-in дверь 538 Right | H48: черный | I48: 538x2000 | J48: прозрачное | K48: 8 мм | L48: 718 | M48: Под заказ
D49: 5902738089072 | E49: 10110494-01-01 | G49: Furo стенка 494 | H49: - | I49: 494x2000 | J49: прозрачное | K49: 8 мм | L49: 239 | M49: Под заказ
D50: 5902738088129 | E50: 10106588-54-01L | F50: Walk-in 110 L | G50: Furo Black Walk-in дверь 588 Left | H50: черный | I50: 588x2000 | J50: прозрачное | K50: 8 мм | L50: 743 | M50: Под заказ
D51: 5902738089089 | E51: 10110544-01-01 | G51: Furo стенка 544 | H51: - | I51: 544x2000 | J51: прозрачное | K51: 8 мм | L51: 256 | M51: Под заказ
D52: 5902738088136 | E52: 10106588-54-01R | F52: Walk-in 110 R | G52: Furo Black Walk-in дверь 588 Right | H52: черный | I52: 588x2000 | J52: прозрачное | K52: 8 мм | L52: 743 | M52: Под заказ
D53: 5902738089089 | E53: 10110544-01-01 | G53: Furo стенка 544 | H53: - | I53: 544x2000 | J53: прозрачное | K53: 8 мм | L53: 256 | M53: Под заказ
D54: 5902738088143 | E54: 10106638-54-01L | F54: Walk-in 120 L | G54: Furo Black Walk-in дверь 638 Left | H54: черный | I54: 638x2000 | J54: прозрачное | K54: 8 мм | L54: 752 | M54: Под заказ
D55: 5902738089096 | E55: 10110594-01-01 | G55: Furo стенка 594 | H55: - | I55: 594x2000 | J55: прозрачное | K55: 8 мм | L55: 269 | M55: Под заказ
D56: 5902738088150 | E56: 10106638-54-01R | F56: Walk-in 120 R | G56: Furo Black Walk-in дверь 638 Right | H56: черный | I56: 638x2000 | J56: прозрачное | K56: 8 мм | L56: 752 | M56: Под заказ
D57: 5902738089096 | E57: 10110594-01-01 | G57: Furo стенка 594 | H57: - | I57: 594x2000 | J57: прозрачное | K57: 8 мм | L57: 269 | M57: Под заказ
D58: 5902738088167 | E58: 10106688-54-01L | F58: Walk-in 130 L | G58: Furo Black Walk-in дверь 688 Left | H58: черный | I58: 688x2000 | J58: прозрачное | K58: 8 мм | L58: 798 | M58: Под заказ
D59: 5902738089102 | E59: 10110644-01-01 | G59: Furo стенка 644 | H59: - | I59: 644x2000 | J59: прозрачное | K59: 8 мм | L59: 286 | M59: Под заказ
D60: 5902738088174 | E60: 10106688-54-01R | F60: Walk-in 130 R | G60: Furo Black Walk-in дверь 688 Right | H60: черный | I60: 688x2000 | J60: прозрачное | K60: 8 мм | L60: 798 | M60: Под заказ
D61: 5902738089102 | E61: 10110644-01-01 | G61: Furo стенка 644 | H61: - | I61: 644x2000 | J61: прозрачное | K61: 8 мм | L61: 286 | M61: Под заказ
D62: 5902738088181 | E62: 10106738-54-01L | F62: Walk-in 140 L | G62: Furo Black Walk-in дверь 738 Left | H62: черный | I62: 738x2000 | J62: прозрачное | K62: 8 мм | L62: 802 | M62: Под заказ
D63: 5902738089119 | E63: 10110694-01-01 | G63: Furo стенка 694 | H63: - | I63: 694x2000 | J63: прозрачное | K63: 8 мм | L63: 298 | M63: Под заказ
D64: 5902738088198 | E64: 10106738-54-01R | F64: Walk-in 140 R | G64: Furo Black Walk-in дверь 738 Right | H64: черный | I64: 738x2000 | J64: прозрачное | K64: 8 мм | L64: 802 | M64: Под заказ
D65: 5902738089119 | E65: 10110694-01-01 | G65: Furo стенка 694 | H65: - | I65: 694x2000 | J65: прозрачное | K65: 8 мм | L65: 298 | M65: Под заказ
D66: 5902738088204 | E66: 10106788-54-01L | F66: Walk-in 150 L | G66: Furo Black Walk-in дверь 788 Left | H66: черный | I66: 788x2000 | J66: прозрачное | K66: 8 мм | L66: 827 | M66: Под заказ
D67: 5902738089126 | E67: 10110744-01-01 | G67: Furo стенка 744 | H67: - | I67: 744x2000 | J67: прозрачное | K67: 8 мм | L67: 315 | M67: Под заказ
D68: 5902738088211 | E68: 10106788-54-01R | F68: Walk-in 150 R | G68: Furo Black Walk-in дверь 788 Right | H68: черный | I68: 788x2000 | J68: прозрачное | K68: 8 мм | L68: 827 | M68: Под заказ
D69: 5902738089126 | E69: 10110744-01-01 | G69: Furo стенка 744 | H69: - | I69: 744x2000 | J69: прозрачное | K69: 8 мм | L69: 315 | M69: Под заказ
D70: 5902738088228 | E70: 10106838-54-01L | F70: Walk-in 160 L | G70: Furo Black Walk-in дверь 838 Left | H70: черный | I70: 838x2000 | J70: прозрачное | K70: 8 мм | L70: 840 | M70: Под заказ
D71: 5902738089133 | E71: 10110794-01-01 | G71: Furo стенка 794 | H71: - | I71: 794x2000 | J71: прозрачное | K71: 8 мм | L71: 332 | M71: Под заказ
D72: 5902738088235 | E72: 10106838-54-01R | F72: Walk-in 160 R | G72: Furo Black Walk-in дверь 838 Right | H72: черный | I72: 838x2000 | J72: прозрачное | K72: 8 мм | L72: 840 | M72: Под заказ
D73: 5902738089133 | E73: 10110794-01-01 | G73: Furo стенка 794 | H73: - | I73: 794x2000 | J73: прозрачное | K73: 8 мм | L73: 332 | M73: Под заказ
B74: Furo | C74: Walk-in При оформлении заказа необходимо указать 2 артикула: двери и стены | D74: 5902738090320 | E74: 10106538-09-01L | F74: Walk-in 100 L | G74: Furo Gold Walk-in дверь 538 Left | H74: золото | I74: 538x2000 | J74: прозрачное | K74: 8 мм | L74: 798 | M74: Под заказ
D75: 5902738089072 | E75: 10110494-01-01 | G75: Furo стенка 494 | H75: - | I75: 494x2000 | J75: прозрачное | K75: 8 мм | L75: 239 | M75: Под заказ
D76: 5902738090337 | E76: 10106538-09-01R | F76: Walk-in 100 R | G76: Furo Gold Walk-in дверь 538 Right | H76: золото | I76: 538x2000 | J76: прозрачное | K76: 8 мм | L76: 798 | M76: Под заказ
D77: 5902738089072 | E77: 10110494-01-01 | G77: Furo стенка 494 | H77: - | I77: 494x2000 | J77: прозрачное | K77: 8 мм | L77: 239 | M77: Под заказ
D78: 5902738090344 | E78: 10106588-09-01L | F78: Walk-in 110 L | G78: Furo Gold Walk-in дверь 588 Left | H78: золото | I78: 588x2000 | J78: прозрачное | K78: 8 мм | L78: 827 | M78: Под заказ
D79: 5902738089089 | E79: 10110544-01-01 | G79: Furo стенка 544 | H79: - | I79: 544x2000 | J79: прозрачное | K79: 8 мм | L79: 256 | M79: Под заказ
D80: 5902738090351 | E80: 10106588-09-01R | F80: Walk-in 110 R | G80: Furo Gold Walk-in дверь 588 Right | H80: золото | I80: 588x2000 | J80: прозрачное | K80: 8 мм | L80: 827 | M80: Под заказ
D81: 5902738089089 | E81: 10110544-01-01 | G81: Furo стенка 544 | H81: - | I81: 544x2000 | J81: прозрачное | K81: 8 мм | L81: 256 | M81: Под заказ
D82: 5902738090368 | E82: 10106638-09-01L | F82: Walk-in 120 L | G82: Furo Gold Walk-in дверь 638 Left | H82: золото | I82: 638x2000 | J82: прозрачное | K82: 8 мм | L82: 840 | M82: Под заказ
D83: 5902738089096 | E83: 10110594-01-01 | G83: Furo стенка 594 | H83: - | I83: 594x2000 | J83: прозрачное | K83: 8 мм | L83: 269 | M83: Под заказ
D84: 5902738090375 | E84: 10106638-09-01R | F84: Walk-in 120 R | G84: Furo Gold Walk-in дверь 638 Right | H84: золото | I84: 638x2000 | J84: прозрачное | K84: 8 мм | L84: 840 | M84: Под заказ
D85: 5902738089096 | E85: 10110594-01-01 | G85: Furo стенка 594 | H85: - | I85: 594x2000 | J85: прозрачное | K85: 8 мм | L85: 269 | M85: Под заказ
D86: 5902738090382 | E86: 10106688-09-01L | F86: Walk-in 130 L | G86: Furo Gold Walk-in дверь 688 Left | H86: золото | I86: 688x2000 | J86: прозрачное | K86: 8 мм | L86: 895 | M86: Под заказ
D87: 5902738089102 | E87: 10110644-01-01 | G87: Furo стенка 644 | H87: - | I87: 644x2000 | J87: прозрачное | K87: 8 мм | L87: 286 | M87: Под заказ
D88: 5902738090399 | E88: 10106688-09-01R | F88: Walk-in 130 R | G88: Furo Gold Walk-in дверь 688 Right | H88: золото | I88: 688x2000 | J88: прозрачное | K88: 8 мм | L88: 895 | M88: Под заказ
D89: 5902738089102 | E89: 10110644-01-01 | G89: Furo стенка 644 | H89: - | I89: 644x2000 | J89: прозрачное | K89: 8 мм | L89: 286 | M89: Под заказ
D90: 5902738090405 | E90: 10106738-09-01L | F90: Walk-in 140 L | G90: Furo Gold Walk-in дверь 738 Left | H90: золото | I90: 738x2000 | J90: прозрачное | K90: 8 мм | L90: 899 | M90: Под заказ
D91: 5902738089119 | E91: 10110694-01-01 | G91: Furo стенка 694 | H91: - | I91: 694x2000 | J91: прозрачное | K91: 8 мм | L91: 298 | M91: Под заказ
D92: 5902738090412 | E92: 10106738-09-01R | F92: Walk-in 140 R | G92: Furo Gold Walk-in дверь 738 Right | H92: золото | I92: 738x2000 | J92: прозрачное | K92: 8 мм | L92: 899 | M92: Под заказ
D93: 5902738089119 | E93: 10110694-01-01 | G93: Furo стенка 694 | H93: - | I93: 694x2000 | J93: прозрачное | K93: 8 мм | L93: 298 | M93: Под заказ
D94: 5902738090429 | E94: 10106788-09-01L | F94: Walk-in 150 L | G94: Furo Gold Walk-in дверь 788 Left | H94: золото | I94: 788x2000 | J94: прозрачное | K94: 8 мм | L94: 928 | M94: Под заказ
D95: 5902738089126 | E95: 10110744-01-01 | G95: Furo стенка 744 | H95: - | I95: 744x2000 | J95: прозрачное | K95: 8 мм | L95: 315 | M95: Под заказ
D96: 5902738090436 | E96: 10106788-09-01R | F96: Walk-in 150 R | G96: Furo Gold Walk-in дверь 788 Right | H96: золото | I96: 788x2000 | J96: прозрачное | K96: 8 мм | L96: 928 | M96: Под заказ
D97: 5902738089126 | E97: 10110744-01-01 | G97: Furo стенка 744 | H97: - | I97: 744x2000 | J97: прозрачное | K97: 8 мм | L97: 315 | M97: Под заказ
D98: 5902738090443 | E98: 10106838-09-01L | F98: Walk-in 160 L | G98: Furo Gold Walk-in дверь 838 Left | H98: золото | I98: 838x2000 | J98: прозрачное | K98: 8 мм | L98: 937 | M98: Под заказ
D99: 5902738089133 | E99: 10110794-01-01 | G99: Furo стенка 794 | H99: - | I99: 794x2000 | J99: прозрачное | K99: 8 мм | L99: 332 | M99: Под заказ
D100: 5902738090450 | E100: 10106838-09-01R | F100: Walk-in 160 R | G100: Furo Gold Walk-in дверь 838 Right | H100: золото | I100: 838x2000 | J100: прозрачное | K100: 8 мм | L100: 937 | M100: Под заказ
...

Sheet Espera Pro
B1: Коллекция | C1: Модель | D1: Штрих код | E1: Код товара | G1: Наименование | H1: Цвет | I1: Размер, мм | J1: Цвет стекла | K1: Толщина стекла, мм | L1: РРЦ, € с 1.08.26 | M1: Склад/ под заказ | N1: Доп. информация
B2: Espera Pro | C2: KDJ В заказе надо указать 3 номера артикулов: фронтальной части (2 номера) и боковой стенки S1. | G2: ФРОНТАЛЬНАЯ ЧАСТЬ (створка двери и неподвожное стекло)
D3: 5902738070810 | E3: 10090100-01-01L | F3: KDJ 100 L | G3: Espera Pro Drzwi 535 Left | H3: хром | I3: 535x2000 | J3: прозрачное | K3: 8 мм | L3: 260 | M3: Под заказ
D4: 5902738071015 | E4: 10092100-01-01L | G4: Espera Pro KDJ Wall 440 Left | H4: хром | I4: 440x2000 | J4: прозрачное | K4: 8 мм | L4: 865 | M4: Под заказ
D5: 5902738070827 | E5: 10090100-01-01R | F5: KDJ 100 R | G5: Espera Pro Drzwi 535 Right | H5: хром | I5: 535x2000 | J5: прозрачное | K5: 8 мм | L5: 260 | M5: Под заказ
D6: 5902738071022 | E6: 10092100-01-01R | G6: Espera Pro KDJ Wall 440 Right | H6: хром | I6: 440x2000 | J6: прозрачное | K6: 8 мм | L6: 865 | M6: Под заказ
D7: 5902738070834 | E7: 10090110-01-01L | F7: KDJ 110 L | G7: Espera Pro Drzwi 585 Left | H7: хром | I7: 585x2000 | J7: прозрачное | K7: 8 мм | L7: 277 | M7: Под заказ
D8: 5902738071039 | E8: 10092110-01-01L | G8: Espera Pro KDJ Wall 490 Left | H8: хром | I8: 490x2000 | J8: прозрачное | K8: 8 мм | L8: 882 | M8: Под заказ
D9: 5902738070841 | E9: 10090110-01-01R | F9: KDJ 110 R | G9: Espera Pro Drzwi 585 Right | H9: хром | I9: 585x2000 | J9: прозрачное | K9: 8 мм | L9: 277 | M9: Под заказ
D10: 5902738071046 | E10: 10092110-01-01R | G10: Espera Pro KDJ Wall 490 Right | H10: хром | I10: 490x2000 | J10: прозрачное | K10: 8 мм | L10: 882 | M10: Под заказ
D11: 5902738070858 | E11: 10090120-01-01L | F11: KDJ 120 L | G11: Espera Pro Drzwi 635 Left | H11: хром | I11: 635x2000 | J11: прозрачное | K11: 8 мм | L11: 294 | M11: Под заказ
D12: 5902738071053 | E12: 10092120-01-01L | G12: Espera Pro KDJ Wall 540 Left | H12: хром | I12: 540x2000 | J12: прозрачное | K12: 8 мм | L12: 903 | M12: Под заказ
D13: 5902738070865 | E13: 10090120-01-01R | F13: KDJ 120 R | G13: Espera Pro Drzwi 635 Right | H13: хром | I13: 635x2000 | J13: прозрачное | K13: 8 мм | L13: 294 | M13: Под заказ
D14: 5902738071060 | E14: 10092120-01-01R | G14: Espera Pro KDJ Wall 540 Right | H14: хром | I14: 540x2000 | J14: прозрачное | K14: 8 мм | L14: 903 | M14: Под заказ
D15: 5902738070872 | E15: 10090140-01-01L | F15: KDJ 140 L | G15: Espera Pro Drzwi 735 Left | H15: хром | I15: 735x2000 | J15: прозрачное | K15: 8 мм | L15: 311 | M15: Под заказ
D16: 5902738071077 | E16: 10092140-01-01L | G16: Espera Pro KDJ Wall 640 Left | H16: хром | I16: 640x2000 | J16: прозрачное | K16: 8 мм | L16: 949 | M16: Под заказ
D17: 5902738070889 | E17: 10090140-01-01R | F17: KDJ 140 R | G17: Espera Pro Drzwi 735 Right | H17: хром | I17: 735x2000 | J17: прозрачное | K17: 8 мм | L17: 311 | M17: Под заказ
D18: 5902738071084 | E18: 10092140-01-01R | G18: Espera Pro KDJ Wall 640 Right | H18: хром | I18: 640x2000 | J18: прозрачное | K18: 8 мм | L18: 949 | M18: Под заказ
G19: БОКОВАЯ СТЕНКА S1
D20: 5902738071091 | E20: 10093070-01-01 | G20: Espera Pro S1 боковая стенка 70 | H20: хром | I20: 700x2000 | J20: прозрачное | K20: 8 мм | L20: 311 | M20: Под заказ
D21: 5902738071107 | E21: 10093075-01-01 | G21: Espera Pro S1 боковая стенка 75 | H21: хром | I21: 750x2000 | J21: прозрачное | K21: 8 мм | L21: 328 | M21: Под заказ
D22: 5902738071114 | E22: 10093080-01-01 | G22: Espera Pro S1 боковая стенка 80 | H22: хром | I22: 800x2000 | J22: прозрачное | K22: 8 мм | L22: 344 | M22: Под заказ
D23: 5902738071121 | E23: 10093090-01-01 | G23: Espera Pro S1 боковая стенка 90 | H23: хром | I23: 900x2000 | J23: прозрачное | K23: 8 мм | L23: 361 | M23: Под заказ
D24: 5902738071138 | E24: 10093100-01-01 | G24: Espera Pro S1 боковая стенка 100 | H24: хром | I24: 1000x2000 | J24: прозрачное | K24: 8 мм | L24: 391 | M24: Под заказ
B25: Espera Pro | C25: DWJ В заказе надо указать 2 номера артикулов: створки двери и стенки. | D25: 5902738070810 | E25: 10090100-01-01L | F25: DWJ 100 L | G25: Espera Pro Drzwi 535 Left | H25: хром | I25: 535x2000 | J25: прозрачное | K25: 8 мм | L25: 260 | M25: Под заказ
D26: 5902738070919 | E26: 10091100-01-01L | G26: Espera Pro DWJ Wall 460 Left | H26: хром | I26: 460x2000 | J26: прозрачное | K26: 8 мм | L26: 924 | M26: Под заказ
D27: 5902738070827 | E27: 10090100-01-01R | F27: DWJ 100 R | G27: Espera Pro Drzwi 535 Right | H27: хром | I27: 535x2000 | J27: прозрачное | K27: 8 мм | L27: 260 | M27: Под заказ
D28: 5902738070926 | E28: 10091100-01-01R | G28: Espera Pro DWJ Wall 460 Right | H28: хром | I28: 460x2000 | J28: прозрачное | K28: 8 мм | L28: 924 | M28: Под заказ
D29: 5902738070834 | E29: 10090110-01-01L | F29: DWJ 110 L | G29: Espera Pro Drzwi 585 Left | H29: хром | I29: 585x2000 | J29: прозрачное | K29: 8 мм | L29: 277 | M29: Под заказ
D30: 5902738070933 | E30: 10091110-01-01L | G30: Espera Pro DWJ Wall 510 Left | H30: хром | I30: 510x2000 | J30: прозрачное | K30: 8 мм | L30: 949 | M30: Под заказ
D31: 5902738070841 | E31: 10090110-01-01R | F31: DWJ 110 R | G31: Espera Pro Drzwi 585 Right | H31: хром | I31: 585x2000 | J31: прозрачное | K31: 8 мм | L31: 277 | M31: Под заказ
D32: 5902738070940 | E32: 10091110-01-01R | G32: Espera Pro DWJ Wall 510 Right | H32: хром | I32: 510x2000 | J32: прозрачное | K32: 8 мм | L32: 949 | M32: Под заказ
D33: 5902738070858 | E33: 10090120-01-01L | F33: DWJ 120 L | G33: Espera Pro Drzwi 635 Left | H33: хром | I33: 635x2000 | J33: прозрачное | K33: 8 мм | L33: 294 | M33: Под заказ
D34: 5902738070957 | E34: 10091120-01-01L | G34: Espera Pro DWJ Wall 560 Left | H34: хром | I34: 560x2000 | J34: прозрачное | K34: 8 мм | L34: 966 | M34: Под заказ
D35: 5902738070865 | E35: 10090120-01-01R | F35: DWJ 120 R | G35: Espera Pro Drzwi 635 Right | H35: хром | I35: 635x2000 | J35: прозрачное | K35: 8 мм | L35: 294 | M35: Под заказ
D36: 5902738070964 | E36: 10091120-01-01R | G36: Espera Pro DWJ Wall 560 Right | H36: хром | I36: 560x2000 | J36: прозрачное | K36: 8 мм | L36: 966 | M36: Под заказ
D37: 5902738070872 | E37: 10090140-01-01L | F37: DWJ 140 L | G37: Espera Pro Drzwi 735 Left | H37: хром | I37: 735x2000 | J37: прозрачное | K37: 8 мм | L37: 311 | M37: Под заказ
D38: 5902738070971 | E38: 10091140-01-01L | G38: Espera Pro DWJ Wall 660 Left | H38: хром | I38: 660x2000 | J38: прозрачное | K38: 8 мм | L38: 1012 | M38: Под заказ
D39: 5902738070889 | E39: 10090140-01-01R | F39: DWJ 140 R | G39: Espera Pro Drzwi 735 Right | H39: хром | I39: 735x2000 | J39: прозрачное | K39: 8 мм | L39: 311 | M39: Под заказ
D40: 5902738070988 | E40: 10091140-01-01R | G40: Espera Pro DWJ Wall 660 Right | H40: хром | I40: 660x2000 | J40: прозрачное | K40: 8 мм | L40: 1012 | M40: Под заказ
D41: 5902738070896 | E41: 10090160-01-01L | F41: DWJ 160 L | G41: Espera Pro Drzwi 835 Left | H41: хром | I41: 835x2000 | J41: прозрачное | K41: 8 мм | L41: 332 | M41: Под заказ
D42: 5902738070995 | E42: 10091160-01-01L | G42: Espera Pro DWJ Wall 760 Left | H42: хром | I42: 760x2000 | J42: прозрачное | K42: 8 мм | L42: 1050 | M42: Под заказ
D43: 5902738070902 | E43: 10090160-01-01R | F43: DWJ 160 R | G43: Espera Pro Drzwi 835 Right | H43: хром | I43: 835x2000 | J43: прозрачное | K43: 8 мм | L43: 332 | M43: Под заказ
D44: 5902738071008 | E44: 10091160-01-01R | G44: Espera Pro DWJ Wall 760 Right | H44: хром | I44: 760x2000 | J44: прозрачное | K44: 8 мм | L44: 1050 | M44: Под заказ
B45: Espera Pro | C45: Espera Pro Walk-in В заказе надо указать 2 номера артикулов | D45: 5904295009081 | E45: 10094100-01-01L | F45: Walk-in 100 Left | G45: Espera Pro Walk-in Wall 440 Left | H45: хром | I45: 460x2000 | J45: прозрачное | K45: 8 мм | L45: 974 | M45: Под заказ
D46: 5902738070810 | E46: 10090100-01-01L | G46: Espera Pro Door 535 Left | H46: - | J46: прозрачное | K46: 8 мм | L46: 260 | M46: Под заказ
D47: 5904295009098 | E47: 10094100-01-01R | F47: Walk-in 100 Right | G47: Espera Pro Walk-in Wall 440 Right | H47: хром | I47: 460x2000 | J47: прозрачное | K47: 8 мм | L47: 974 | M47: Под заказ
D48: 5902738070827 | E48: 10090100-01-01R | G48: Espera Pro Door 535 Right | H48: - | J48: прозрачное | K48: 8 мм | L48: 260 | M48: Под заказ
D49: 5904295009104 | E49: 10094110-01-01L | F49: Walk-in 110 Left | G49: Espera Pro Walk-in Wall 490 Left | H49: хром | I49: 510x2000 | J49: прозрачное | K49: 8 мм | L49: 995 | M49: Под заказ
D50: 5902738070834 | E50: 10090110-01-01L | G50: Espera Pro Door 585 Left | H50: - | J50: прозрачное | K50: 8 мм | L50: 277 | M50: Под заказ
D51: 5904295009111 | E51: 10094110-01-01R | F51: Walk-in 110 Right | G51: Espera Pro Walk-in Wall 490 Right | H51: хром | I51: 510x2000 | J51: прозрачное | K51: 8 мм | L51: 995 | M51: Под заказ
D52: 5902738070841 | E52: 10090110-01-01R | G52: Espera Pro Door 585 Right | H52: - | J52: прозрачное | K52: 8 мм | L52: 277 | M52: Под заказ
D53: 5904295009128 | E53: 10094120-01-01L | F53: Walk-in 120 Left | G53: Espera Pro Walk-in Wall 540 Left | H53: хром | I53: 560x2000 | J53: прозрачное | K53: 8 мм | L53: 1037 | M53: Под заказ
D54: 5902738070858 | E54: 10090120-01-01L | G54: Espera Pro Door 635 Left | H54: - | J54: прозрачное | K54: 8 мм | L54: 294 | M54: Под заказ
D55: 5904295009135 | E55: 10094120-01-01R | F55: Walk-in 120 Right | G55: Espera Pro Walk-in Wall 540 Right | H55: хром | I55: 560x2000 | J55: прозрачное | K55: 8 мм | L55: 1037 | M55: Под заказ
D56: 5902738070865 | E56: 10090120-01-01R | G56: Espera Pro Door 635 Right | H56: - | J56: прозрачное | K56: 8 мм | L56: 294 | M56: Под заказ
D57: 5904295009142 | E57: 10094140-01-01L | F57: Walk-in 140 Left | G57: Espera Pro Walk-in Wall 640 Left | H57: хром | I57: 660x2000 | J57: прозрачное | K57: 8 мм | L57: 1084 | M57: Под заказ
D58: 5902738070872 | E58: 10090140-01-01L | G58: Espera Pro Door 735 Left | H58: - | J58: прозрачное | K58: 8 мм | L58: 311 | M58: Под заказ
D59: 5904295009159 | E59: 10094140-01-01R | F59: Walk-in 140 Right | G59: Espera Pro Walk-in Wall 640 Right | H59: хром | I59: 660x2000 | J59: прозрачное | K59: 8 мм | L59: 1084 | M59: Под заказ
D60: 5902738070889 | E60: 10090140-01-01R | G60: Espera Pro Door 735 Right | H60: - | J60: прозрачное | K60: 8 мм | L60: 311 | M60: Под заказ

Sheet Espera
B1: Коллекция | C1: Модель | D1: Штрих код | E1: Код товара | G1: Наименование | H1: Цвет | I1: Размер, мм | J1: Цвет стекла | K1: Толщина стекла, мм | L1: РРЦ, € с 1.08.26 | M1: Склад/ под заказ | N1: Доп. информация
B2: Espera | C2: KDJ В заказе надо указать 3 номера артикулов: фронтальной части (2 номера) и боковой стенки S1. | D2: 5902738053950 | E2: 380495-01L | F2: KDJ 100 L | G2: Espera DWJ дверь 495 L | H2: хром | I2: 495x2000 | J2: прозрачное | K2: 8 мм | L2: 235 | M2: Под заказ
D3: 5902738054087 | E3: 380230-01L | G3: Espera KDJ неподвижная стенка 450 L | H3: хром | I3: 450x2000 | J3: прозрачное | K3: 8 мм | L3: 823 | M3: Под заказ
D4: 5902738053967 | E4: 380495-01R | F4: KDJ 100 R | G4: Espera DWJ дверь 495 R | H4: хром | I4: 495x2000 | J4: прозрачное | K4: 8 мм | L4: 235 | M4: Под заказ
D5: 5902738054094 | E5: 380230-01R | G5: Espera KDJ неподвижная стенка 450 R | H5: хром | I5: 450x2000 | J5: прозрачное | K5: 8 мм | L5: 823 | M5: Под заказ
D6: 5902738053974 | E6: 380545-01L | F6: KDJ 110 L | G6: Espera DWJ дверь 545 L | H6: хром | I6: 545x2000 | J6: прозрачное | K6: 8 мм | L6: 252 | M6: Под заказ
D7: 5902738054100 | E7: 380231-01L | G7: Espera KDJ неподвижная стенка 500 L | H7: хром | I7: 500x2000 | J7: прозрачное | K7: 8 мм | L7: 840 | M7: Под заказ
D8: 5902738053981 | E8: 380545-01R | F8: KDJ 110 R | G8: Espera DWJ дверь 545 R | H8: хром | I8: 545x2000 | J8: прозрачное | K8: 8 мм | L8: 252 | M8: Под заказ
D9: 5902738054117 | E9: 380231-01R | G9: Espera KDJ неподвижная стенка 500 R | H9: хром | I9: 500x2000 | J9: прозрачное | K9: 8 мм | L9: 840 | M9: Под заказ
D10: 5902738053998 | E10: 380595-01L | F10: KDJ 120 L | G10: Espera DWJ дверь 595 L | H10: хром | I10: 595x2000 | J10: прозрачное | K10: 8 мм | L10: 273 | M10: Под заказ
D11: 5902738054124 | E11: 380232-01L | G11: Espera KDJ неподвижная стенка 550 L | H11: хром | I11: 550x2000 | J11: прозрачное | K11: 8 мм | L11: 857 | M11: Под заказ
D12: 5902738054001 | E12: 380595-01R | F12: KDJ 120 R | G12: Espera DWJ дверь 595 R | H12: хром | I12: 595x2000 | J12: прозрачное | K12: 8 мм | L12: 273 | M12: Под заказ
D13: 5902738054131 | E13: 380232-01R | G13: Espera KDJ неподвижная стенка 550 R | H13: хром | I13: 550x2000 | J13: прозрачное | K13: 8 мм | L13: 857 | M13: Под заказ
D14: 5902738054018 | E14: 380695-01L | F14: KDJ 140 L | G14: Espera DWJ дверь 695 L | H14: хром | I14: 695x2000 | J14: прозрачное | K14: 8 мм | L14: 298 | M14: Под заказ
D15: 5902738054148 | E15: 380234-01L | G15: Espera KDJ неподвижная стенка 650 L | H15: хром | I15: 650x2000 | J15: прозрачное | K15: 8 мм | L15: 907 | M15: Под заказ
D16: 5902738054025 | E16: 380695-01R | F16: KDJ 140 R | G16: Espera DWJ дверь 695 R | H16: хром | I16: 695x2000 | J16: прозрачное | K16: 8 мм | L16: 298 | M16: Под заказ
D17: 5902738054155 | E17: 380234-01R | G17: Espera KDJ неподвижная стенка 650 R | H17: хром | I17: 650x2000 | J17: прозрачное | K17: 8 мм | L17: 907 | M17: Под заказ
D18: 5902738065212 | E18: 380147-01L | G18: Espera KDJ Стенка 700*2000L | H18: хром | I18: 700x2000 | J18: прозрачное | K18: 8 мм | L18: 353 | M18: Под заказ
D19: 5902738065229 | E19: 380147-01R | G19: Espera KDJ Стенка 700*2000R | H19: хром | I19: 700x2000 | J19: прозрачное | K19: 8 мм | L19: 353 | M19: Под заказ
D20: 5902738065236 | E20: 380146-01L | G20: Espera KDJ Стенка 750*2000L | H20: хром | I20: 750x2000 | J20: прозрачное | K20: 8 мм | L20: 382 | M20: Под заказ
D21: 5902738065243 | E21: 380146-01R | G21: Espera KDJ Стенка 750*2000R | H21: хром | I21: 750x2000 | J21: прозрачное | K21: 8 мм | L21: 382 | M21: Под заказ
D22: 5902738015231 | E22: 380148-01L | G22: Espera KDJ Стенка 800*2000L | H22: хром | I22: 800x2000 | J22: прозрачное | K22: 8 мм | L22: 403 | M22: Под заказ
D23: 5902738015248 | E23: 380148-01R | G23: Espera KDJ Стенка 800*2000R | H23: хром | I23: 800x2000 | J23: прозрачное | K23: 8 мм | L23: 403 | M23: Под заказ
D24: 5902738015255 | E24: 380149-01L | G24: Espera KDJ Стенка 900*2000L | H24: хром | I24: 900x2000 | J24: прозрачное | K24: 8 мм | L24: 424 | M24: Под заказ
D25: 5902738015262 | E25: 380149-01R | G25: Espera KDJ Стенка 900*2000R | H25: хром | I25: 900x2000 | J25: прозрачное | K25: 8 мм | L25: 424 | M25: Под заказ
D26: 5902738015279 | E26: 380140-01L | G26: Espera KDJ Стенка 1000*2000L | H26: хром | I26: 1000x2000 | J26: прозрачное | K26: 8 мм | L26: 470 | M26: Под заказ
D27: 5902738015286 | E27: 380140-01R | G27: Espera KDJ Стенка 1000*2000R | H27: хром | I27: 1000x2000 | J27: прозрачное | K27: 8 мм | L27: 470 | M27: Под заказ
B28: Espera | C28: KDD В заказе надо указать 2 номера артикулов: левой и правой части кабины. | D28: 5902738025131 | E28: 380150-01L | G28: Espera KDD 80/L | H28: хром | I28: 800x2000 | J28: прозрачное | K28: 8 мм | L28: 886 | M28: Под заказ
D29: 5902738025155 | E29: 380151-01L | G29: Espera KDD 90/L | H29: хром | I29: 900x2000 | J29: прозрачное | K29: 8 мм | L29: 911 | M29: Под заказ
D30: 5902738025179 | E30: 380152-01L | G30: Espera KDD 100/L | H30: хром | I30: 1000x2000 | J30: прозрачное | K30: 8 мм | L30: 937 | M30: Под заказ
D31: 5902738025193 | E31: 380153-01L | G31: Espera KDD 120/L | H31: хром | I31: 1200x2000 | J31: прозрачное | K31: 8 мм | L31: 995 | M31: Под заказ
D32: 5902738025148 | E32: 380150-01R | G32: Espera KDD 80/R | H32: хром | I32: 800x2000 | J32: прозрачное | K32: 8 мм | L32: 886 | M32: Под заказ
D33: 5902738025162 | E33: 380151-01R | G33: Espera KDD 90/R | H33: хром | I33: 900x2000 | J33: прозрачное | K33: 8 мм | L33: 911 | M33: Под заказ
D34: 5902738025186 | E34: 380152-01R | G34: Espera KDD 100/R | H34: хром | I34: 1000x2000 | J34: прозрачное | K34: 8 мм | L34: 937 | M34: Под заказ
D35: 5902738025209 | E35: 380153-01R | G35: Espera KDD 120/R | H35: хром | I35: 1200x2000 | J35: прозрачное | K35: 8 мм | L35: 995 | M35: Под заказ
B36: Espera | C36: DWJ В заказе надо указать 2 номера артикулов: створки двери и стенки. | D36: 5902738053950 | E36: 380495-01L | F36: DWJ 100 L | G36: Espera DWJ дверь 495 L | H36: хром | I36: 495x2000 | J36: прозрачное | K36: 8 мм | L36: 235 | M36: Под заказ
D37: 5902738054223 | E37: 380210-01L | G37: Espera DWJ неподвижная стенка 450 L | H37: хром | I37: 450x2000 | J37: прозрачное | K37: 8 мм | L37: 924 | M37: Под заказ
D38: 5902738053967 | E38: 380495-01R | F38: DWJ 100 R | G38: Espera DWJ дверь 495 R | H38: хром | I38: 495x2000 | J38: прозрачное | K38: 8 мм | L38: 235 | M38: Под заказ
D39: 5902738054230 | E39: 380210-01R | G39: Espera DWJ неподвижная стенка 450 R | H39: хром | I39: 450x2000 | J39: прозрачное | K39: 8 мм | L39: 924 | M39: Под заказ
D40: 5902738053974 | E40: 380545-01L | F40: DWJ 110 L | G40: Espera DWJ дверь 545 L | H40: хром | I40: 545x2000 | J40: прозрачное | K40: 8 мм | L40: 252 | M40: Под заказ
D41: 5902738054247 | E41: 380211-01L | G41: Espera DWJ неподвижная стенка 500 L | H41: хром | I41: 500x2000 | J41: прозрачное | K41: 8 мм | L41: 941 | M41: Под заказ
D42: 5902738053981 | E42: 380545-01R | F42: DWJ 110 R | G42: Espera DWJ дверь 545 R | H42: хром | I42: 545x2000 | J42: прозрачное | K42: 8 мм | L42: 252 | M42: Под заказ
D43: 5902738054254 | E43: 380211-01R | G43: Espera DWJ неподвижная стенка 500 R | H43: хром | I43: 500x2000 | J43: прозрачное | K43: 8 мм | L43: 941 | M43: Под заказ
D44: 5902738053998 | E44: 380595-01L | F44: DWJ 120 L | G44: Espera DWJ дверь 595 L | H44: хром | I44: 595x2000 | J44: прозрачное | K44: 8 мм | L44: 273 | M44: Под заказ
D45: 5902738054261 | E45: 380212-01L | G45: Espera DWJ неподвижная стенка 550 L | H45: хром | I45: 550x2000 | J45: прозрачное | K45: 8 мм | L45: 962 | M45: Под заказ
D46: 5902738054001 | E46: 380595-01R | F46: DWJ 120 R | G46: Espera DWJ дверь 595 R | H46: хром | I46: 595x2000 | J46: прозрачное | K46: 8 мм | L46: 273 | M46: Под заказ
D47: 5902738054278 | E47: 380212-01R | G47: Espera DWJ неподвижная стенка 550 R | H47: хром | I47: 550x2000 | J47: прозрачное | K47: 8 мм | L47: 962 | M47: Под заказ
D48: 5902738054018 | E48: 380695-01L | F48: DWJ 140 L | G48: Espera DWJ дверь 695 L | H48: хром | I48: 695x2000 | J48: прозрачное | K48: 8 мм | L48: 298 | M48: Под заказ
D49: 5902738054285 | E49: 380214-01L | G49: Espera DWJ неподвижная стенка 650 L | H49: хром | I49: 650x2000 | J49: прозрачное | K49: 8 мм | L49: 1004 | M49: Под заказ
D50: 5902738054025 | E50: 380695-01R | F50: DWJ 140 R | G50: Espera DWJ дверь 695 R | H50: хром | I50: 695x2000 | J50: прозрачное | K50: 8 мм | L50: 298 | M50: Под заказ
D51: 5902738054292 | E51: 380214-01R | G51: Espera DWJ неподвижная стенка 650 R | H51: хром | I51: 650x2000 | J51: прозрачное | K51: 8 мм | L51: 1004 | M51: Под заказ
D52: 5902738054032 | E52: 380795-01L | F52: DWJ 160 L | G52: Espera DWJ дверь 795 L | H52: хром | I52: 795x2000 | J52: прозрачное | K52: 8 мм | L52: 323 | M52: Под заказ
D53: 5902738054308 | E53: 380216-01L | G53: Espera DWJ неподвижная стенка 750 L | H53: хром | I53: 750x2000 | J53: прозрачное | K53: 8 мм | L53: 1021 | M53: Под заказ
D54: 5902738054049 | E54: 380795-01R | F54: DWJ 160 R | G54: Espera DWJ дверь 795 R | H54: хром | I54: 795x2000 | J54: прозрачное | K54: 8 мм | L54: 323 | M54: Под заказ
D55: 5902738054315 | E55: 380216-01R | G55: Espera DWJ неподвижная стенка 750 R | H55: хром | I55: 750x2000 | J55: прозрачное | K55: 8 мм | L55: 1021 | M55: Под заказ
B56: Espera | C56: Mirror | D56: 5902738054001 | E56: 380595-01R | F56: DWJ 120 R | G56: Espera DWJ дверь 595 R | H56: хром | I56: 595x2000 | J56: прозрачное | K56: 8 мм | L56: 273 | M56: Под заказ
D57: 5902738054353 | E57: 380212-71R | G57: Espera DWJ неподвижная стенка 550 R | H57: хром | I57: 550x2000 | J57: зеркало | K57: 8 мм | L57: 1073 | M57: вышло из ассортимента | N57: Есть в наличии
D58: 5902738054025 | E58: 380695-01R | F58: DWJ 140 R | G58: Espera DWJ дверь 695 R | H58: хром | I58: 695x2000 | J58: прозрачное | K58: 8 мм | L58: 298 | M58: Под заказ | N58: Есть в наличии под старым артикулом 380114-71R (Спеццена 43 300 руб)
D59: 5902738054377 | E59: 380214-71R | G59: Espera DWJ неподвижная стенка 650 R | H59: хром | I59: 650x2000 | J59: зеркало | K59: 8 мм | M59: вышло из ассортимента | N59: Теперь доступно, как вариант стекла. Смотрите вкладку "изменение цвета стекла"
B60: Espera | C60: DWD В заказе надо указать 2 номера артикулов: набора створок и набора стенок. | D60: 5902738054056 | E60: 380240-01 | F60: DWD 140 | G60: Espera DWD 140 комплект створок двери | H60: хром | I60: 1400x2000 | J60: прозрачное | K60: 8 мм | L60: 340 | M60: Под заказ
D61: 5902738054384 | E61: 380224-01 | G61: Espera DWD 140 комплект неподвижных стенок | H61: хром | I61: 1400x2000 | J61: прозрачное | K61: 8 мм | L61: 1327 | M61: Под заказ
D62: 5902738054063 | E62: 380260-01 | F62: DWD 160 | G62: Espera DWD 160 комплект створок двери | H62: хром | I62: 1600x2000 | J62: прозрачное | K62: 8 мм | L62: 353 | M62: Под заказ
D63: 5902738054391 | E63: 380226-01 | G63: Espera DWD 160 комплект неподвижных стенок | H63: хром | I63: 1600x2000 | J63: прозрачное | K63: 8 мм | L63: 1357 | M63: Под заказ
D64: 5902738054070 | E64: 380280-01 | F64: DWD 180 | G64: Espera DWD 180 комплект створок двери | H64: хром | I64: 1800x2000 | J64: прозрачное | K64: 8 мм | L64: 382 | M64: Под заказ
D65: 5902738054407 | E65: 380228-01 | G65: Espera DWD 180 комплект неподвижных стенок | H65: хром | I65: 1800x2000 | J65: прозрачное | K65: 8 мм | L65: 1407 | M65: Под заказ

Sheet Idea 8 &Idea 8 QL
B1: Коллекция | C1: Модель | D1: Штрих код | E1: Код товара | G1: Наименование | H1: Цвет | I1: Размер, мм | J1: Цвет стекла | K1: Толщина стекла, мм | L1: РРЦ, € с 1.08.26 | M1: Склад/ под заказ | N1: Доп. информация
B2: Idea 8 KDJ | C2: KDJ В заказе надо указать 3 номера артикулов: фронтальной части (2 номера) и боковой стенки S1. | D2: 5904295980960 | E2: 10340520-01-01L | F2: Idea 8 KDJ 100 Left | G2: Idea 8 KDJ дверь 520 левая | H2: хром | I2: 1000x2005 | J2: прозрачное | K2: 8 мм | L2: 643 | M2: Под заказ
D3: 5904295981240 | E3: 10350453-01-01 | G3: Неподвижная стенка Idea 8 стенка 453 | H3: - | I3: 453x2005 | J3: прозрачное | K3: 8 мм | L3: 193 | M3: Под заказ
D4: 5904295980977 | E4: 10340520-01-01R | F4: Idea 8 KDJ 100 Right | G4: Idea 8 KDJ дверь 520 правая | H4: хром | I4: 1000x2005 | J4: прозрачное | K4: 8 мм | L4: 643 | M4: Под заказ
D5: 5904295981240 | E5: 10350453-01-01 | G5: Неподвижная стенка Idea 8 стенка 453 | H5: - | I5: 453x2005 | J5: прозрачное | K5: 8 мм | L5: 193 | M5: Под заказ
D6: 5904295981004 | E6: 10340570-01-01L | F6: Idea 8 KDJ 110 Left | G6: Idea 8 KDJ дверь 570 левая | H6: хром | I6: 1100x2005 | J6: прозрачное | K6: 8 мм | L6: 668 | M6: Под заказ
D7: 5904295981257 | E7: 10350503-01-01 | G7: Неподвижная стенка Idea 8 стенка 503 | H7: - | I7: 503x2005 | J7: прозрачное | K7: 8 мм | L7: 214 | M7: Под заказ
D8: 5904295981011 | E8: 10340570-01-01R | F8: Idea 8 KDJ 110 Right | G8: Idea 8 KDJ дверь 570 правая | H8: хром | I8: 1200x2005 | J8: прозрачное | K8: 8 мм | L8: 668 | M8: Под заказ
D9: 5904295981257 | E9: 10350503-01-01 | G9: Неподвижная стенка Idea 8 стенка 503 | H9: - | I9: 553x2005 | J9: прозрачное | K9: 8 мм | L9: 214 | M9: Под заказ
D10: 5904295981042 | E10: 10340620-01-01L | F10: Idea 8 KDJ 120 Left | G10: Idea 8 KDJ дверь 620 левая | H10: хром | I10: 1200x2005 | J10: прозрачное | K10: 8 мм | L10: 689 | M10: Под заказ
D11: 5904295981264 | E11: 10350553-01-01 | G11: Неподвижная стенка Idea 8 стенка 553 | H11: - | I11: 553x2005 | J11: прозрачное | K11: 8 мм | L11: 239 | M11: Под заказ
D12: 5904295981059 | E12: 10340620-01-01R | F12: Idea 8 KDJ 120 Right | G12: Idea 8 KDJ дверь 620 правая | H12: хром | I12: 1200x2005 | J12: прозрачное | K12: 8 мм | L12: 689 | M12: Под заказ
D13: 5904295981264 | E13: 10350553-01-01 | G13: Неподвижная стенка Idea 8 стенка 553 | H13: - | I13: 553x2005 | J13: прозрачное | K13: 8 мм | L13: 239 | M13: Под заказ
D14: 5904295981080 | E14: 10340670-01-01L | F14: Idea 8 KDJ 130 Left | G14: Idea 8 KDJ дверь 670 левая | H14: хром | I14: 1300x2005 | J14: прозрачное | K14: 8 мм | L14: 710 | M14: Под заказ
D15: 5904295981271 | E15: 10350603-01-01 | G15: Неподвижная стенка Idea 8 стенка 603 | H15: - | I15: 603x2005 | J15: прозрачное | K15: 8 мм | L15: 260 | M15: Под заказ
D16: 5904295981097 | E16: 10340670-01-01R | F16: Idea 8 KDJ 130 Right | G16: Idea 8 KDJ дверь 670 правая | H16: хром | I16: 1300x2005 | J16: прозрачное | K16: 8 мм | L16: 710 | M16: Под заказ
D17: 5904295981271 | E17: 10350603-01-01 | G17: Неподвижная стенка Idea 8 стенка 603 | H17: - | I17: 603x2005 | J17: прозрачное | K17: 8 мм | L17: 260 | M17: Под заказ
D18: 5904295981127 | E18: 10340720-01-01L | F18: Idea 8 KDJ 140 Left | G18: Idea 8 KDJ дверь 720 левая | H18: хром | I18: 1400x2005 | J18: прозрачное | K18: 8 мм | L18: 731 | M18: Под заказ
D19: 5904295981288 | E19: 10350653-01-01 | G19: Неподвижная стенка Idea 8 стенка 653 | H19: - | I19: 653x2005 | J19: прозрачное | K19: 8 мм | L19: 281 | M19: Под заказ
D20: 5904295981134 | E20: 10340720-01-01R | F20: Idea 8 KDJ 140 Right | G20: Idea 8 KDJ дверь 720 правая | H20: хром | I20: 1400x2005 | J20: прозрачное | K20: 8 мм | L20: 731 | M20: Под заказ
D21: 5904295981288 | E21: 10350653-01-01 | G21: Неподвижная стенка Idea 8 стенка 653 | H21: - | I21: 653x2005 | J21: прозрачное | K21: 8 мм | L21: 281 | M21: Под заказ
D22: 5904295981165 | E22: 10340770-01-01L | F22: Idea 8 KDJ 150 Left | G22: Idea 8 KDJ дверь 770 левая | H22: хром | I22: 1500x2005 | J22: прозрачное | K22: 8 мм | L22: 752 | M22: Под заказ
D23: 5904295981295 | E23: 10350703-01-01 | G23: Неподвижная стенка Idea 8 стенка 703 | H23: - | I23: 703x2005 | J23: прозрачное | K23: 8 мм | L23: 302 | M23: Под заказ
D24: 5904295981172 | E24: 10340770-01-01R | F24: Idea 8 KDJ 150 Right | G24: Idea 8 KDJ дверь 770 правая | H24: хром | I24: 1500x2005 | J24: прозрачное | K24: 8 мм | L24: 752 | M24: Под заказ
D25: 5904295981295 | E25: 10350703-01-01 | G25: Неподвижная стенка Idea 8 стенка 703 | H25: - | I25: 703x2005 | J25: прозрачное | K25: 8 мм | L25: 302 | M25: Под заказ
D26: 5904295981202 | E26: 10340820-01-01L | F26: Idea 8 KDJ 160 Left | G26: Idea 8 KDJ дверь 820 левая | H26: хром | I26: 1600x2005 | J26: прозрачное | K26: 8 мм | L26: 773 | M26: Под заказ
D27: 5904295981301 | E27: 10350753-01-01 | G27: Неподвижная стенка Idea 8 стенка 753 | H27: - | I27: 753x2005 | J27: прозрачное | K27: 8 мм | L27: 323 | M27: Под заказ
D28: 5904295981219 | E28: 10340820-01-01R | F28: Idea 8 KDJ 160 Right | G28: Idea 8 KDJ дверь 820 правая | H28: хром | I28: 1600x2005 | J28: прозрачное | K28: 8 мм | L28: 773 | M28: Под заказ
D29: 5904295981301 | E29: 10350753-01-01 | G29: Неподвижная стенка Idea 8 стенка 753 | H29: - | I29: 753x2005 | J29: прозрачное | K29: 8 мм | L29: 323 | M29: Под заказ
D30: 5904295984340 | E30: 10360070-01-01L | G30: Idea 8 S1 боковая стенка 70 Left | H30: - | I30: 700X2005 | J30: прозрачное | K30: 8 мм | L30: 344 | M30: Под заказ
D31: 5904295981318 | E31: 10360070-01-01R | G31: Idea 8 S1 боковая стенка 70 Right | H31: - | I31: 700X2005 | J31: прозрачное | K31: 8 мм | L31: 344 | M31: Под заказ
D32: 5904295984357 | E32: 10360075-01-01L | G32: Idea 8 S1 боковая стенка 75 Left | H32: - | I32: 750x2005 | J32: прозрачное | K32: 8 мм | L32: 365 | M32: Под заказ
D33: 5904295981325 | E33: 10360075-01-01R | G33: Idea 8 S1 боковая стенка 75 Right | H33: - | I33: 750x2005 | J33: прозрачное | K33: 8 мм | L33: 365 | M33: Под заказ
D34: 5904295984364 | E34: 10360080-01-01L | G34: Idea 8 S1 боковая стенка 80 Left | H34: - | I34: 800x2005 | J34: прозрачное | K34: 8 мм | L34: 386 | M34: Под заказ
D35: 5904295981332 | E35: 10360080-01-01R | G35: Idea 8 S1 боковая стенка 80 Right | H35: - | I35: 800x2005 | J35: прозрачное | K35: 8 мм | L35: 386 | M35: Под заказ
D36: 5904295984371 | E36: 10360090-01-01L | G36: Idea 8 S1 боковая стенка 90 Left | H36: - | I36: 900x2005 | J36: прозрачное | K36: 8 мм | L36: 407 | M36: Под заказ
D37: 5904295981349 | E37: 10360090-01-01R | G37: Idea 8 S1 боковая стенка 90 Right | H37: - | I37: 900x2005 | J37: прозрачное | K37: 8 мм | L37: 407 | M37: Под заказ
D38: 5904295984388 | E38: 10360100-01-01L | G38: Idea 8 S1 боковая стенка 100 Left | H38: - | I38: 1000x2005 | J38: прозрачное | K38: 8 мм | L38: 428 | M38: Под заказ
D39: 5904295981356 | E39: 10360100-01-01R | G39: Idea 8 S1 боковая стенка 100 Right | H39: - | I39: 1000x2005 | J39: прозрачное | K39: 8 мм | L39: 428 | M39: Под заказ
D40: 5904295984395 | E40: 10360110-01-01L | G40: Idea 8 S1 боковая стенка 110 Left | H40: - | I40: 1100x2005 | J40: прозрачное | K40: 8 мм | L40: 475 | M40: Под заказ
... D43: 5904295981370 | E43: 10360120-01-01R | G43: Idea 8 S1 боковая стенка 120 Right | H43: - | I43: 1200x2005 | J43: прозрачное | K43: 8 мм | L43: 496 | M43: Под заказ
B44: Idea 8 Black KDJ | C44: KDJ В заказе надо указать 3 номера артикулов: фронтальной части (2 номера) и боковой стенки S1. | D44: 5904295980984 | E44: 10340520-54-01L | F44: Idea 8 Black KDJ 100 Left | G44: Idea 8 KDJ дверь 520 левая | H44: чёрный | I44: 1000x2005 | J44: прозрачное | K44: 8 мм | L44: 710 | M44: Под заказ
D45: 5904295981240 | E45: 10350453-01-01 | G45: Неподвижная стенка Idea 8 стенка 453 | H45: - | I45: 453x2005 | J45: прозрачное | K45: 8 мм | L45: 193 | M45: Под заказ
D46: 5904295980991 | E46: 10340520-54-01R | F46: Idea 8 Black KDJ 100 Right | G46: Idea 8 KDJ дверь 520 правая | H46: чёрный | I46: 1000x2005 | J46: прозрачное | K46: 8 мм | L46: 710 | M46: Под заказ
D47: 5904295981240 | E47: 10350453-01-01 | G47: Неподвижная стенка Idea 8 стенка 453 | H47: - | I47: 453x2005 | J47: прозрачное | K47: 8 мм | L47: 193 | M47: Под заказ
D48: 5904295981028 | E48: 10340570-54-01L | F48: Idea 8 Black KDJ 110 Left | G48: Idea 8 KDJ дверь 570 левая | H48: чёрный | I48: 1100x2005 | J48: прозрачное | K48: 8 мм | L48: 735 | M48: Под заказ
D49: 5904295981257 | E49: 10350503-01-01 | G49: Неподвижная стенка Idea 8 стенка 503 | H49: - | I49: 503x2005 | J49: прозрачное | K49: 8 мм | L49: 214 | M49: Под заказ
D50: 5904295981035 | E50: 10340570-54-01R | F50: Idea 8 Black KDJ 110 Right | G50: Idea 8 KDJ дверь 570 правая | H50: чёрный | I50: 1200x2005 | J50: прозрачное | K50: 8 мм | L50: 735 | M50: Под заказ
D51: 5904295981257 | E51: 10350503-01-01 | G51: Неподвижная стенка Idea 8 стенка 503 | H51: - | I51: 553x2005 | J51: прозрачное | K51: 8 мм | L51: 214 | M51: Под заказ
D52: 5904295981066 | E52: 10340620-54-01L | F52: Idea 8 Black KDJ 120 Left | G52: Idea 8 KDJ дверь 620 левая | H52: чёрный | I52: 1200x2005 | J52: прозрачное | K52: 8 мм | L52: 756 | M52: Под заказ
D53: 5904295981264 | E53: 10350553-01-01 | G53: Неподвижная стенка Idea 8 стенка 553 | H53: - | I53: 553x2005 | J53: прозрачное | K53: 8 мм | L53: 239 | M53: Под заказ
D54: 5904295981073 | E54: 10340620-54-01R | F54: Idea 8 Black KDJ 120 Right | G54: Idea 8 KDJ дверь 620 правая | H54: чёрный | I54: 1200x2005 | J54: прозрачное | K54: 8 мм | L54: 756 | M54: Под заказ
D55: 5904295981264 | E55: 10350553-01-01 | G55: Неподвижная стенка Idea 8 стенка 553 | H55: - | I55: 553x2005 | J55: прозрачное | K55: 8 мм | L55: 239 | M55: Под заказ
D56: 5904295981103 | E56: 10340670-54-01L | F56: Idea 8 Black KDJ 130 Left | G56: Idea 8 KDJ дверь 670 левая | H56: чёрный | I56: 1300x2005 | J56: прозрачное | K56: 8 мм | L56: 781 | M56: Под заказ
D57: 5904295981271 | E57: 10350603-01-01 | G57: Неподвижная стенка Idea 8 стенка 603 | H57: - | I57: 603x2005 | J57: прозрачное | K57: 8 мм | L57: 260 | M57: Под заказ
D58: 5904295981110 | E58: 10340670-54-01R | F58: Idea 8 Black KDJ 130 Right | G58: Idea 8 KDJ дверь 670 правая | H58: чёрный | I58: 1300x2005 | J58: прозрачное | K58: 8 мм | L58: 781 | M58: Под заказ
D59: 5904295981271 | E59: 10350603-01-01 | G59: Неподвижная стенка Idea 8 стенка 603 | H59: - | I59: 603x2005 | J59: прозрачное | K59: 8 мм | L59: 260 | M59: Под заказ
D60: 5904295981141 | E60: 10340720-54-01L | F60: Idea 8 Black KDJ 140 Left | G60: Idea 8 KDJ дверь 720 левая | H60: чёрный | I60: 1400x2005 | J60: прозрачное | K60: 8 мм | L60: 802 | M60: Под заказ
D61: 5904295981288 | E61: 10350653-01-01 | G61: Неподвижная стенка Idea 8 стенка 653 | H61: - | I61: 653x2005 | J61: прозрачное | K61: 8 мм | L61: 281 | M61: Под заказ
D62: 5904295981158 | E62: 10340720-54-01R | F62: Idea 8 Black KDJ 140 Right | G62: Idea 8 KDJ дверь 720 правая | H62: чёрный | I62: 1400x2005 | J62: прозрачное | K62: 8 мм | L62: 802 | M62: Под заказ
D63: 5904295981288 | E63: 10350653-01-01 | G63: Неподвижная стенка Idea 8 стенка 653 | H63: - | I63: 653x2005 | J63: прозрачное | K63: 8 мм | L63: 281 | M63: Под заказ
D64: 5904295981189 | E64: 10340770-54-01L | F64: Idea 8 Black KDJ 150 Left | G64: Idea 8 KDJ дверь 770 левая | H64: чёрный | I64: 1500x2005 | J64: прозрачное | K64: 8 мм | L64: 827 | M64: Под заказ
D65: 5904295981295 | E65: 10350703-01-01 | G65: Неподвижная стенка Idea 8 стенка 703 | H65: - | I65: 703x2005 | J65: прозрачное | K65: 8 мм | L65: 302 | M65: Под заказ
D66: 5904295981196 | E66: 10340770-54-01R | F66: Idea 8 Black KDJ 150 Right | G66: Idea 8 KDJ дверь 770 правая | H66: чёрный | I66: 1500x2005 | J66: прозрачное | K66: 8 мм | L66: 827 | M66: Под заказ
D67: 5904295981295 | E67: 10350703-01-01 | G67: Неподвижная стенка Idea 8 стенка 703 | H67: - | I67: 703x2005 | J67: прозрачное | K67: 8 мм | L67: 302 | M67: Под заказ
D68: 5904295981226 | E68: 10340820-54-01L | F68: Idea 8 Black KDJ 160 Left | G68: Idea 8 KDJ дверь 820 левая | H68: чёрный | I68: 1600x2005 | J68: прозрачное | K68: 8 мм | L68: 848 | M68: Под заказ
D69: 5904295981301 | E69: 10350753-01-01 | G69: Неподвижная стенка Idea 8 стенка 753 | H69: - | I69: 753x2005 | J69: прозрачное | K69: 8 мм | L69: 323 | M69: Под заказ
D70: 5904295981233 | E70: 10340820-54-01R | F70: Idea 8 Black KDJ 160 Right | G70: Idea 8 KDJ дверь 820 правая | H70: чёрный | I70: 1600x2005 | J70: прозрачное | K70: 8 мм | L70: 848 | M70: Под заказ
D71: 5904295981301 | E71: 10350753-01-01 | G71: Неподвижная стенка Idea 8 стенка 753 | H71: - | I71: 753x2005 | J71: прозрачное | K71: 8 мм | L71: 323 | M71: Под заказ
D72: 5904295984340 | E72: 10360070-01-01L | G72: Idea 8 S1 боковая стенка 70 Left | H72: - | I72: 700X2005 | J72: прозрачное | K72: 8 мм | L72: 344 | M72: Под заказ
D73: 5904295981318 | E73: 10360070-01-01R | G73: Idea 8 S1 боковая стенка 70 Right | H73: - | I73: 700X2005 | J73: прозрачное | K73: 8 мм | L73: 344 | M73: Под заказ
D74: 5904295984357 | E74: 10360075-01-01L | G74: Idea 8 S1 боковая стенка 75 Left | H74: - | I74: 750x2005 | J74: прозрачное | K74: 8 мм | L74: 365 | M74: Под заказ
D75: 5904295981325 | E75: 10360075-01-01R | G75: Idea 8 S1 боковая стенка 75 Right | H75: - | I75: 750x2005 | J75: прозрачное | K75: 8 мм | L75: 365 | M75: Под заказ
D76: 5904295984364 | E76: 10360080-01-01L | G76: Idea 8 S1 боковая стенка 80 Left | H76: - | I76: 800x2005 | J76: прозрачное | K76: 8 мм | L76: 386 | M76: Под заказ
D77: 5904295981332 | E77: 10360080-01-01R | G77: Idea 8 S1 боковая стенка 80 Right | H77: - | I77: 800x2005 | J77: прозрачное | K77: 8 мм | L77: 386 | M77: Под заказ
D78: 5904295984371 | E78: 10360090-01-01L | G78: Idea 8 S1 боковая стенка 90 Left | H78: - | I78: 900x2005 | J78: прозрачное | K78: 8 мм | L78: 407 | M78: Под заказ
D79: 5904295981349 | E79: 10360090-01-01R | G79: Idea 8 S1 боковая стенка 90 Right | H79: - | I79: 900x2005 | J79: прозрачное | K79: 8 мм | L79: 407 | M79: Под заказ
D80: 5904295984388 | E80: 10360100-01-01L | G80: Idea 8 S1 боковая стенка 100 Left | H80: - | I80: 1000x2005 | J80: прозрачное | K80: 8 мм | L80: 428 | M80: Под заказ
D81: 5904295981356 | E81: 10360100-01-01R | G81: Idea 8 S1 боковая стенка 100 Right | H81: - | I81: 1000x2005 | J81: прозрачное | K81: 8 мм | L81: 428 | M81: Под заказ
D82: 5904295984395 | E82: 10360110-01-01L | G82: Idea 8 S1 боковая стенка 110 Left | H82: - | I82: 1100x2005 | J82: прозрачное | K82: 8 мм | L82: 475 | M82: Под заказ
... D85: 5904295981370 | E85: 10360120-01-01R | G85: Idea 8 S1 боковая стенка 120 Right | H85: - | I85: 1200x2005 | J85: прозрачное | K85: 8 мм | L85: 496 | M85: Под заказ
B86: Idea 8 Brushed Light Gold KDJ | C86: KDJ В заказе надо указать 3 номера артикулов: фронтальной части (2 номера) и боковой стенки S1. | D86: 5904295640536 | E86: 10340520-98-01L | F86: Idea 8 Brushed Light Gold KDJ 100 Left | G86: Idea 8 KDJ дверь 520 левая | H86: Brushed Light Gold | I86: 1000x2005 | J86: прозрачное | K86: 8 мм | L86: 794 | M86: Под заказ
D87: 5904295981240 | E87: 10350453-01-01 | G87: Неподвижная стенка Idea 8 стенка 453 | H87: - | I87: 453x2005 | J87: прозрачное | K87: 8 мм | L87: 193 | M87: Под заказ
D88: 5904295640543 | E88: 10340520-98-01R | F88: Idea 8 Brushed Light Gold KDJ Right | G88: Idea 8 KDJ дверь 520 правая | H88: Brushed Light Gold | I88: 1000x2005 | J88: прозрачное | K88: 8 мм | L88: 794 | M88: Под заказ
D89: 5904295981240 | E89: 10350453-01-01 | G89: Неподвижная стенка Idea 8 стенка 453 | H89: - | I89: 453x2005 | J89: прозрачное | K89: 8 мм | L89: 193 | M89: Под заказ
D90: 5904295640550 | E90: 10340570-98-01L | F90: Idea 8 Brushed Light Gold KDJ 110 Left | G90: Idea 8 KDJ дверь 570 левая | H90: Brushed Light Gold | I90: 1100x2005 | J90: прозрачное | K90: 8 мм | L90: 819 | M90: Под заказ
D91: 5904295981257 | E91: 10350503-01-01 | G91: Неподвижная стенка Idea 8 стенка 503 | H91: - | I91: 503x2005 | J91: прозрачное | K91: 8 мм | L91: 214 | M91: Под заказ
D92: 5904295640567 | E92: 10340570-98-01R | F92: Idea 8 Brushed Light Gold KDJ 110 Right | G92: Idea 8 KDJ дверь 570 правая | H92: Brushed Light Gold | I92: 1200x2005 | J92: прозрачное | K92: 8 мм | L92: 819 | M92: Под заказ
D93: 5904295981257 | E93: 10350503-01-01 | G93: Неподвижная стенка Idea 8 стенка 503 | H93: - | I93: 553x2005 | J93: прозрачное | K93: 8 мм | L93: 214 | M93: Под заказ
D94: 5904295640574 | E94: 10340620-98-01L | F94: Idea 8 Brushed Light Gold KDJ 120 Left | G94: Idea 8 KDJ дверь 620 левая | H94: Brushed Light Gold | I94: 1200x2005 | J94: прозрачное | K94: 8 мм | L94: 844 | M94: Под заказ
D95: 5904295981264 | E95: 10350553-01-01 | G95: Неподвижная стенка Idea 8 стенка 553 | H95: - | I95: 553x2005 | J95: прозрачное | K95: 8 мм | L95: 239 | M95: Под заказ
D96: 5904295640581 | E96: 10340620-98-01R | F96: Idea 8 Brushed Light Gold KDJ 120 Right | G96: Idea 8 KDJ дверь 620 правая | H96: Brushed Light Gold | I96: 1200x2005 | J96: прозрачное | K96: 8 мм | L96: 844 | M96: Под заказ
D97: 5904295981264 | E97: 10350553-01-01 | G97: Неподвижная стенка Idea 8 стенка 553 | H97: - | I97: 553x2005 | J97: прозрачное | K97: 8 мм | L97: 239 | M97: Под заказ
D98: 5904295640598 | E98: 10340670-98-01L | F98: Idea 8 Brushed Light Gold KDJ 130 Left | G98: Idea 8 KDJ дверь 670 левая | H98: Brushed Light Gold | I98: 1300x2005 | J98: прозрачное | K98: 8 мм | L98: 874 | M98: Под заказ
D99: 5904295981271 | E99: 10350603-01-01 | G99: Неподвижная стенка Idea 8 стенка 603 | H99: - | I99: 603x2005 | J99: прозрачное | K99: 8 мм | L99: 260 | M99: Под заказ
D100: 5904295640604 | E100: 10340670-98-01R | F100: Idea 8 Brushed Light Gold KDJ 130 Right | G100: Idea 8 KDJ дверь 670 правая | H100: Brushed Light Gold | I100: 1300x2005 | J100: прозрачное | K100: 8 мм | L100: 874 | M100: Под заказ
D101: 5904295981271 | E101: 10350603-01-01 | G101: Неподвижная стенка Idea 8 стенка 603 | H101: - | I101: 603x2005 | J101: прозрачное | K101: 8 мм | L101: 260 | M101: Под заказ
D102: 5904295640611 | E102: 10340720-98-01L | F102: Idea 8 Brushed Light Gold KDJ 140 Left | G102: Idea 8 KDJ дверь 720 левая | H102: Brushed Light Gold | I102: 1400x2005 | J102: прозрачное | K102: 8 мм | L102: 899 | M102: Под заказ
D103: 5904295981288 | E103: 10350653-01-01 | G103: Неподвижная стенка Idea 8 стенка 653 | H103: - | I103: 653x2005 | J103: прозрачное | K103: 8 мм | L103: 281 | M103: Под заказ
D104: 5904295640628 | E104: 10340720-98-01R | F104: Idea 8 Brushed Light Gold KDJ 140 Right | G104: Idea 8 KDJ дверь 720 правая | H104: Brushed Light Gold | I104: 1400x2005 | J104: прозрачное | K104: 8 мм | L104: 899 | M104: Под заказ
...

Sheet Idea
B1: Коллекция | C1: Модель | D1: Штрих код | E1: Код товара | G1: Наименование | H1: Цвет | I1: Размер, мм | J1: Цвет стекла | K1: Толщина стекла, мм | L1: РРЦ, € с 1.08.26 | M1: Склад/ под заказ | N1: Доп. информация
B2: Idea 6 PDD | C2: PDD В заказе надо указать 2 номера артикулов: двери кабины и комплекта боковых стенок. | D2: 5902738064666 | E2: 387139-01-01 | F2: PDD 80x80 | G2: Idea PDD ДВЕРЬ | H2: хром | I2: 900x2000 | J2: прозрачное | K2: 6 мм | L2: 353 | M2: Склад
D3: 5902738064680 | E3: 387141-01-01 | G3: Idea PDD стенки 80L*80R | H3: хром | I3: 800x800x2005 | J3: прозрачное | K3: 6 мм | L3: 739 | M3: Под заказ
D4: 5902738064666 | E4: 387139-01-01 | F4: PDD 90x90 | G4: Idea PDD ДВЕРЬ | H4: хром | I4: 900x2000 | J4: прозрачное | K4: 6 мм | L4: 353 | M4: Склад
D5: 5902738064703 | E5: 387140-01-01 | G5: Idea PDD стенки 90L*90R | H5: хром | I5: 900x900x2005 | J5: прозрачное | K5: 6 мм | L5: 790 | M5: Склад
D6: 5902738064666 | E6: 387139-01-01 | F6: PDD 100x100 | G6: Idea PDD ДВЕРЬ | H6: хром | I6: 900x2000 | J6: прозрачное | K6: 6 мм | L6: 353 | M6: Склад
D7: 5902738064727 | E7: 387142-01-01 | G7: Idea PDD стенки 100L*100R | H7: хром | I7: 1000x1000x2005 | J7: прозрачное | K7: 6 мм | L7: 832 | M7: Склад
D8: 5902738064666 | E8: 387139-01-01 | F8: PDD 80Lx90R | G8: Idea PDD ДВЕРЬ | H8: хром | I8: 900x2000 | J8: прозрачное | K8: 6 мм | L8: 353 | M8: Склад
D9: 5902738064741 | E9: 387150-01-01 | G9: Idea PDD walls 80Lx90R | H9: хром | I9: 800x900x2005 | J9: прозрачное | K9: 6 мм | L9: 773 | M9: Под заказ
D10: 5902738064666 | E10: 387139-01-01 | F10: PDD 80Lx100R | G10: Idea PDD ДВЕРЬ 90 | H10: хром | I10: 900x2000 | J10: прозрачное | K10: 6 мм | L10: 353 | M10: Склад
D11: 5902738064789 | E11: 387152-01-01 | G11: Idea PDD стенки 80L*100R | H11: хром | I11: 800х1000x2005 | J11: прозрачное | K11: 6 мм | L11: 794 | M11: Под заказ
D12: 5902738064666 | E12: 387139-01-01 | F12: PDD 80Lx120R | G12: Idea PDD ДВЕРЬ | H12: хром | I12: 900x2000 | J12: прозрачное | K12: 6 мм | L12: 353 | M12: Склад
D13: 5902738064826 | E13: 387154-01-01 | G13: Idea PDD стенки 80L*120R | H13: хром | I13: 800х1200x2005 | J13: прозрачное | K13: 6 мм | L13: 832 | M13: Под заказ
D14: 5902738064666 | E14: 387139-01-01 | F14: PDD 90Lx80R | G14: Idea PDD ДВЕРЬ | H14: хром | I14: 900x2000 | J14: прозрачное | K14: 6 мм | L14: 353 | M14: Склад
D15: 5902738064765 | E15: 387151-01-01 | G15: Idea PDD стенки 80R*90L | H15: хром | I15: 800х900x2005 | J15: прозрачное | K15: 6 мм | L15: 773 | M15: Под заказ
D16: 5902738064666 | E16: 387139-01-01 | F16: PDD 90Lx100R | G16: Idea PDD ДВЕРЬ | H16: хром | I16: 900x2000 | J16: прозрачное | K16: 6 мм | L16: 353 | M16: Склад
D17: 5902738064864 | E17: 387156-01-01 | G17: Idea PDD стенки 90L*100R | H17: хром | I17: 900x1000x2005 | J17: прозрачное | K17: 6 мм | L17: 815 | M17: Под заказ
D18: 5902738064666 | E18: 387139-01-01 | F18: PDD 90Lx120R | G18: Idea PDD ДВЕРЬ | H18: хром | I18: 900x2000 | J18: прозрачное | K18: 6 мм | L18: 353 | M18: Склад
D19: 5902738064901 | E19: 387158-01-01 | G19: Idea PDD стенки 90L*120R | H19: хром | I19: 900x1200x2005 | J19: прозрачное | K19: 6 мм | L19: 853 | M19: Под заказ
D20: 5902738064666 | E20: 387139-01-01 | F20: PDD 100Lx80R | G20: Idea PDD ДВЕРЬ | H20: хром | I20: 900x2000 | J20: прозрачное | K20: 6 мм | L20: 353 | M20: Склад
D21: 5902738064802 | E21: 387153-01-01 | G21: Idea PDD стенки 80R*100L | H21: хром | I21: 800х1000x2005 | J21: прозрачное | K21: 6 мм | L21: 794 | M21: Под заказ
D22: 5902738064666 | E22: 387139-01-01 | F22: PDD 100Lx90R | G22: Idea PDD ДВЕРЬ | H22: хром | I22: 900x2000 | J22: прозрачное | K22: 6 мм | L22: 353 | M22: Склад
D23: 5902738064888 | E23: 387157-01-01 | G23: Idea PDD стенки 90R*100L | H23: хром | I23: 900x1000x2005 | J23: прозрачное | K23: 6 мм | L23: 815 | M23: Под заказ
D24: 5902738064666 | E24: 387139-01-01 | F24: PDD 120Lx80R | G24: Idea PDD ДВЕРЬ | H24: хром | I24: 900x2000 | J24: прозрачное | K24: 6 мм | L24: 353 | M24: Склад
D25: 5902738064840 | E25: 387155-01-01 | G25: Idea PDD стенки 80R*120L | H25: хром | I25: 800х1200x2005 | J25: прозрачное | K25: 6 мм | L25: 832 | M25: Под заказ
D26: 5902738064666 | E26: 387139-01-01 | F26: PDD 120Lx90R | G26: Idea PDD ДВЕРЬ | H26: хром | I26: 900x2000 | J26: прозрачное | K26: 6 мм | L26: 353 | M26: Склад
D27: 5902738064925 | E27: 387159-01-01 | G27: Idea PDD стенки 90R*120L | H27: хром | I27: 900x1200x2005 | J27: прозрачное | K27: 6 мм | L27: 853 | M27: Под заказ
D28: 5902738064666 | E28: 387139-01-01 | F28: PDD 80x80 | G28: Idea PDD ДВЕРЬ | H28: - | I28: 900x2000 | J28: прозрачное | K28: 6 мм | L28: 353 | M28: Склад
D29: 5904295521965 | E29: 387141-93-01 | G29: Idea brushed copper PDD стенки 80L*80R | H29: brushed cooper | I29: 800x800x2005 | J29: прозрачное | K29: 6 мм | L29: 848 | M29: Под заказ | N29: !Новинка!
D30: 5902738064666 | E30: 387139-01-01 | F30: PDD 90x90 | G30: Idea PDD ДВЕРЬ | H30: - | I30: 900x2000 | J30: прозрачное | K30: 6 мм | L30: 353 | M30: Склад
D31: 5904295521958 | E31: 387140-93-01 | G31: Idea brushed copper PDD стенки 90L*90R | H31: brushed cooper | I31: 900x900x2005 | J31: прозрачное | K31: 6 мм | L31: 911 | M31: Под заказ | N31: !Новинка!
D32: 5902738064666 | E32: 387139-01-01 | F32: PDD 100x100 | G32: Idea PDD ДВЕРЬ | H32: - | I32: 900x2000 | J32: прозрачное | K32: 6 мм | L32: 353 | M32: Склад
D33: 5904295521972 | E33: 387142-93-01 | G33: Idea brushed copper PDD стенки 100L*100R | H33: brushed cooper | I33: 1000x1000x2005 | J33: прозрачное | K33: 6 мм | L33: 962 | M33: Под заказ | N33: !Новинка!
D34: 5902738064666 | E34: 387139-01-01 | F34: PDD 80Lx90R | G34: Idea PDD ДВЕРЬ | H34: - | I34: 900x2000 | J34: прозрачное | K34: 6 мм | L34: 353 | M34: Склад
D35: 5904295521989 | E35: 387150-93-01 | G35: Idea brushed copper PDD walls 80Lx90R | H35: brushed cooper | I35: 800x900x2005 | J35: прозрачное | K35: 6 мм | L35: 890 | M35: Под заказ | N35: !Новинка!
D36: 5902738064666 | E36: 387139-01-01 | F36: PDD 80Lx100R | G36: Idea PDD ДВЕРЬ | H36: - | I36: 900x2000 | J36: прозрачное | K36: 6 мм | L36: 353 | M36: Склад
D37: 5904295522009 | E37: 387152-93-01 | G37: Idea brushed copper PDD стенки 80L*100R | H37: brushed cooper | I37: 800х1000x2005 | J37: прозрачное | K37: 6 мм | L37: 916 | M37: Под заказ | N37: !Новинка!
D38: 5902738064666 | E38: 387139-01-01 | F38: PDD 80Lx120R | G38: Idea PDD ДВЕРЬ | H38: - | I38: 900x2000 | J38: прозрачное | K38: 6 мм | L38: 353 | M38: Склад
D39: 5904295522023 | E39: 387154-93-01 | G39: Idea brushed copper PDD стенки 80L*120R | H39: brushed cooper | I39: 800х1200x2005 | J39: прозрачное | K39: 6 мм | L39: 962 | M39: Под заказ | N39: !Новинка!
D40: 5902738064666 | E40: 387139-01-01 | F40: PDD 90Lx80R | G40: Idea PDD ДВЕРЬ | H40: - | I40: 900x2000 | J40: прозрачное | K40: 6 мм | L40: 353 | M40: Склад
D41: 5904295521996 | E41: 387151-93-01 | G41: Idea brushed copper PDD стенки 80R*90L | H41: brushed cooper | I41: 800х900x2005 | J41: прозрачное | K41: 6 мм | L41: 890 | M41: Под заказ | N41: !Новинка!
D42: 5902738064666 | E42: 387139-01-01 | F42: PDD 90Lx100R | G42: Idea PDD ДВЕРЬ | H42: - | I42: 900x2000 | J42: прозрачное | K42: 6 мм | L42: 353 | M42: Склад
D43: 5904295522047 | E43: 387156-93-01 | G43: Idea brushed copper PDD стенки 90L*100R | H43: brushed cooper | I43: 900x1000x2005 | J43: прозрачное | K43: 6 мм | L43: 941 | M43: Под заказ | N43: !Новинка!
D44: 5902738064666 | E44: 387139-01-01 | F44: PDD 90Lx120R | G44: Idea PDD ДВЕРЬ | H44: - | I44: 900x2000 | J44: прозрачное | K44: 6 мм | L44: 353 | M44: Склад
D45: 5904295522061 | E45: 387158-93-01 | G45: Idea brushed copper PDD стенки 90L*120R | H45: brushed cooper | I45: 900x1200x2005 | J45: прозрачное | K45: 6 мм | L45: 983 | M45: Под заказ | N45: !Новинка!
D46: 5902738064666 | E46: 387139-01-01 | F46: PDD 100Lx80R | G46: Idea PDD ДВЕРЬ | H46: - | I46: 900x2000 | J46: прозрачное | K46: 6 мм | L46: 353 | M46: Склад
D47: 5904295522016 | E47: 387153-93-01 | G47: Idea brushed copper PDD стенки 80R*100L | H47: brushed cooper | I47: 800х1000x2005 | J47: прозрачное | K47: 6 мм | L47: 916 | M47: Под заказ | N47: !Новинка!
D48: 5902738064666 | E48: 387139-01-01 | F48: PDD 100Lx90R | G48: Idea PDD ДВЕРЬ | H48: - | I48: 900x2000 | J48: прозрачное | K48: 6 мм | L48: 353 | M48: Склад
D49: 5904295522054 | E49: 387157-93-01 | G49: Idea brushed copper PDD стенки 90R*100L | H49: brushed cooper | I49: 900x1000x2005 | J49: прозрачное | K49: 6 мм | L49: 941 | M49: Под заказ | N49: !Новинка!
D50: 5902738064666 | E50: 387139-01-01 | F50: PDD 120Lx80R | G50: Idea PDD ДВЕРЬ | H50: - | I50: 900x2000 | J50: прозрачное | K50: 6 мм | L50: 353 | M50: Склад
D51: 5904295522030 | E51: 387155-93-01 | G51: Idea brushed copper PDD стенки 80R*120L | H51: brushed cooper | I51: 800х1200x2005 | J51: прозрачное | K51: 6 мм | L51: 962 | M51: Под заказ | N51: !Новинка!
D52: 5902738064666 | E52: 387139-01-01 | F52: PDD 120Lx90R | G52: Idea PDD ДВЕРЬ | H52: - | I52: 900x2000 | J52: прозрачное | K52: 6 мм | L52: 353 | M52: Склад
D53: 5904295522078 | E53: 387159-93-01 | G53: Idea brushed copper PDD стенки 90R*120L | H53: brushed cooper | I53: 900x1200x2005 | J53: прозрачное | K53: 6 мм | L53: 983 | M53: Под заказ | N53: !Новинка!
D54: 5902738064666 | E54: 387139-01-01 | F54: PDD 80x80 | G54: Idea PDD ДВЕРЬ | H54: - | I54: 900x2000 | J54: прозрачное | K54: 6 мм | L54: 353 | M54: Склад
D55: 5904295521705 | E55: 387141-91-01 | G55: Idea brushed nickel PDD стенки 80L*80R | H55: brushed nickel | I55: 800x800x2005 | J55: прозрачное | K55: 6 мм | L55: 848 | M55: Под заказ | N55: !Новинка!
D56: 5902738064666 | E56: 387139-01-01 | F56: PDD 90x90 | G56: Idea PDD ДВЕРЬ | H56: - | I56: 900x2000 | J56: прозрачное | K56: 6 мм | L56: 353 | M56: Склад
D57: 5904295521699 | E57: 387140-91-01 | G57: Idea brushed nickel PDD стенки 90L*90R | H57: brushed nickel | I57: 900x900x2005 | J57: прозрачное | K57: 6 мм | L57: 911 | M57: Под заказ | N57: !Новинка!
D58: 5902738064666 | E58: 387139-01-01 | F58: PDD 100x100 | G58: Idea PDD ДВЕРЬ | H58: - | I58: 900x2000 | J58: прозрачное | K58: 6 мм | L58: 353 | M58: Склад
D59: 5904295521712 | E59: 387142-91-01 | G59: Idea brushed nickel PDD стенки 100L*100R | H59: brushed nickel | I59: 1000x1000x2005 | J59: прозрачное | K59: 6 мм | L59: 962 | M59: Под заказ | N59: !Новинка!
D60: 5902738064666 | E60: 387139-01-01 | F60: PDD 80Lx90R | G60: Idea PDD ДВЕРЬ | H60: - | I60: 900x2000 | J60: прозрачное | K60: 6 мм | L60: 353 | M60: Склад
D61: 5904295521729 | E61: 387150-91-01 | G61: Idea brushed nickel PDD walls 80Lx90R | H61: brushed nickel | I61: 800x900x2005 | J61: прозрачное | K61: 6 мм | L61: 890 | M61: Под заказ | N61: !Новинка!
D62: 5902738064666 | E62: 387139-01-01 | F62: PDD 80Lx100R | G62: Idea PDD ДВЕРЬ | H62: - | I62: 900x2000 | J62: прозрачное | K62: 6 мм | L62: 353 | M62: Склад
D63: 5904295521743 | E63: 387152-91-01 | G63: Idea brushed nickel PDD стенки 80L*100R | H63: brushed nickel | I63: 800х1000x2005 | J63: прозрачное | K63: 6 мм | L63: 916 | M63: Под заказ | N63: !Новинка!
D64: 5902738064666 | E64: 387139-01-01 | F64: PDD 80Lx120R | G64: Idea PDD ДВЕРЬ | H64: - | I64: 900x2000 | J64: прозрачное | K64: 6 мм | L64: 353 | M64: Склад
D65: 5904295521767 | E65: 387154-91-01 | G65: Idea brushed nickel PDD стенки 80L*120R | H65: brushed nickel | I65: 800х1200x2005 | J65: прозрачное | K65: 6 мм | L65: 941 | M65: Под заказ | N65: !Новинка!
D66: 5902738064666 | E66: 387139-01-01 | F66: PDD 90Lx80R | G66: Idea PDD ДВЕРЬ | H66: - | I66: 900x2000 | J66: прозрачное | K66: 6 мм | L66: 353 | M66: Склад
D67: 5904295521736 | E67: 387151-91-01 | G67: Idea brushed nickel PDD стенки 80R*90L | H67: brushed nickel | I67: 800х900x2005 | J67: прозрачное | K67: 6 мм | L67: 890 | M67: Под заказ | N67: !Новинка!
D68: 5902738064666 | E68: 387139-01-01 | F68: PDD 90Lx100R | G68: Idea PDD ДВЕРЬ | H68: - | I68: 900x2000 | J68: прозрачное | K68: 6 мм | L68: 353 | M68: Склад
D69: 5904295521781 | E69: 387156-91-01 | G69: Idea brushed nickel PDD стенки 90L*100R | H69: brushed nickel | I69: 900x1000x2005 | J69: прозрачное | K69: 6 мм | L69: 962 | M69: Под заказ | N69: !Новинка!
D70: 5902738064666 | E70: 387139-01-01 | F70: PDD 90Lx120R | G70: Idea PDD ДВЕРЬ | H70: - | I70: 900x2000 | J70: прозрачное | K70: 6 мм | L70: 353 | M70: Склад
D71: 5904295521804 | E71: 387158-91-01 | G71: Idea brushed nickel PDD стенки 90L*120R | H71: brushed nickel | I71: 900x1200x2005 | J71: прозрачное | K71: 6 мм | L71: 983 | M71: Под заказ | N71: !Новинка!
D72: 5902738064666 | E72: 387139-01-01 | F72: PDD 100Lx80R | G72: Idea PDD ДВЕРЬ | H72: - | I72: 900x2000 | J72: прозрачное | K72: 6 мм | L72: 353 | M72: Склад
D73: 5904295521750 | E73: 387153-91-01 | G73: Idea brushed nickel PDD стенки 80R*100L | H73: brushed nickel | I73: 800х1000x2005 | J73: прозрачное | K73: 6 мм | L73: 916 | M73: Под заказ | N73: !Новинка!
D74: 5902738064666 | E74: 387139-01-01 | F74: PDD 100Lx90R | G74: Idea PDD ДВЕРЬ | H74: - | I74: 900x2000 | J74: прозрачное | K74: 6 мм | L74: 353 | M74: Склад
D75: 5904295521798 | E75: 387157-91-01 | G75: Idea brushed nickel PDD стенки 90R*100L | H75: brushed nickel | I75: 900x1000x2005 | J75: прозрачное | K75: 6 мм | L75: 962 | M75: Под заказ | N75: !Новинка!
D76: 5902738064666 | E76: 387139-01-01 | F76: PDD 120Lx80R | G76: Idea PDD ДВЕРЬ | H76: - | I76: 900x2000 | J76: прозрачное | K76: 6 мм | L76: 353 | M76: Склад
D77: 5904295521774 | E77: 387155-91-01 | G77: Idea brushed nickel PDD стенки 80R*120L | H77: brushed nickel | I77: 800х1200x2005 | J77: прозрачное | K77: 6 мм | L77: 941 | M77: Под заказ | N77: !Новинка!
D78: 5902738064666 | E78: 387139-01-01 | F78: PDD 120Lx90R | G78: Idea PDD ДВЕРЬ | H78: - | I78: 900x2000 | J78: прозрачное | K78: 6 мм | L78: 353 | M78: Склад
D79: 5904295521811 | E79: 387159-91-01 | G79: Idea brushed nickel PDD стенки 90R*120L | H79: brushed nickel | I79: 900x1200x2005 | J79: прозрачное | K79: 6 мм | L79: 983 | M79: Под заказ | N79: !Новинка!
D80: 5902738064666 | E80: 387139-01-01 | F80: PDD 80x80 | G80: Idea PDD ДВЕРЬ | H80: - | I80: 900x2000 | J80: прозрачное | K80: 6 мм | L80: 353 | M80: Склад
D81: 5904295521835 | E81: 387141-92-01 | G81: Idea brushed gunmetal PDD стенки 80L*80R | H81: Brushed GunMetal | I81: 800x800x2005 | J81: прозрачное | K81: 6 мм | L81: 848 | M81: Под заказ | N81: !Новинка!
D82: 5902738064666 | E82: 387139-01-01 | F82: PDD 90x90 | G82: Idea PDD ДВЕРЬ | H82: - | I82: 900x2000 | J82: прозрачное | K82: 6 мм | L82: 353 | M82: Склад
D83: 5904295521828 | E83: 387140-92-01 | G83: Idea brushed gunmetal PDD стенки 90L*90R | H83: Brushed GunMetal | I83: 900x900x2005 | J83: прозрачное | K83: 6 мм | L83: 911 | M83: Под заказ | N83: !Новинка!
D84: 5902738064666 | E84: 387139-01-01 | F84: PDD 100x100 | G84: Idea PDD ДВЕРЬ | H84: - | I84: 900x2000 | J84: прозрачное | K84: 6 мм | L84: 353 | M84: Склад
D85: 5904295521842 | E85: 387142-92-01 | G85: Idea brushed gunmetal PDD стенки 100L*100R | H85: Brushed GunMetal | I85: 1000x1000x2005 | J85: прозрачное | K85: 6 мм | L85: 962 | M85: Под заказ | N85: !Новинка!
D86: 5902738064666 | E86: 387139-01-01 | F86: PDD 80Lx90R | G86: Idea PDD ДВЕРЬ | H86: - | I86: 900x2000 | J86: прозрачное | K86: 6 мм | L86: 353 | M86: Склад
D87: 5904295521859 | E87: 387150-92-01 | G87: Idea brushed gunmetal PDD walls 80Lx90R | H87: Brushed GunMetal | I87: 800x900x2005 | J87: прозрачное | K87: 6 мм | L87: 890 | M87: Под заказ | N87: !Новинка!
D88: 5902738064666 | E88: 387139-01-01 | F88: PDD 80Lx100R | G88: Idea PDD ДВЕРЬ | H88: - | I88: 900x2000 | J88: прозрачное | K88: 6 мм | L88: 353 | M88: Склад
D89: 5904295521873 | E89: 387152-92-01 | G89: Idea brushed gunmetal PDD стенки 80L*100R | H89: Brushed GunMetal | I89: 800х1000x2005 | J89: прозрачное | K89: 6 мм | L89: 916 | M89: Под заказ | N89: !Новинка!
D90: 5902738064666 | E90: 387139-01-01 | F90: PDD 80Lx120R | G90: Idea PDD ДВЕРЬ | H90: - | I90: 900x2000 | J90: прозрачное | K90: 6 мм | L90: 353 | M90: Склад
D91: 5904295521897 | E91: 387154-92-01 | G91: Idea brushed gunmetal PDD стенки 80L*120R | H91: Brushed GunMetal | I91: 800х1200x2005 | J91: прозрачное | K91: 6 мм | L91: 941 | M91: Под заказ | N91: !Новинка!
D92: 5902738064666 | E92: 387139-01-01 | F92: PDD 90Lx80R | G92: Idea PDD ДВЕРЬ | H92: - | I92: 900x2000 | J92: прозрачное | K92: 6 мм | L92: 353 | M92: Склад
D93: 5904295521866 | E93: 387151-92-01 | G93: Idea brushed gunmetal PDD стенки 80R*90L | H93: Brushed GunMetal | I93: 800х900x2005 | J93: прозрачное | K93: 6 мм | L93: 890 | M93: Под заказ | N93: !Новинка!
D94: 5902738064666 | E94: 387139-01-01 | F94: PDD 90Lx100R | G94: Idea PDD ДВЕРЬ | H94: - | I94: 900x2000 | J94: прозрачное | K94: 6 мм | L94: 353 | M94: Склад
D95: 5904295521910 | E95: 387156-92-01 | G95: Idea brushed gunmetal PDD стенки 90L*100R | H95: Brushed GunMetal | I95: 900x1000x2005 | J95: прозрачное | K95: 6 мм | L95: 962 | M95: Под заказ | N95: !Новинка!
D96: 5902738064666 | E96: 387139-01-01 | F96: PDD 90Lx120R | G96: Idea PDD ДВЕРЬ | H96: - | I96: 900x2000 | J96: прозрачное | K96: 6 мм | L96: 353 | M96: Склад
D97: 5904295521934 | E97: 387158-92-01 | G97: Idea brushed gunmetal PDD стенки 90L*120R | H97: Brushed GunMetal | I97: 900x1200x2005 | J97: прозрачное | K97: 6 мм | L97: 983 | M97: Под заказ | N97: !Новинка!
D98: 5902738064666 | E98: 387139-01-01 | F98: PDD 100Lx80R | G98: Idea PDD ДВЕРЬ | H98: - | I98: 900x2000 | J98: прозрачное | K98: 6 мм | L98: 353 | M98: Склад
D99: 5904295521880 | E99: 387153-92-01 | G99: Idea brushed gunmetal PDD стенки 80R*100L | H99: Brushed GunMetal | I99: 800х1000x2005 | J99: прозрачное | K99: 6 мм | L99: 916 | M99: Под заказ | N99: !Новинка!
D100: 5902738064666 | E100: 387139-01-01 | F100: PDD 100Lx90R | G100: Idea PDD ДВЕРЬ | H100: - | I100: 900x2000 | J100: прозрачное | K100: 6 мм | L100: 353 | M100: Склад
...

Sheet ESSENZA 2023
B1: Коллекция | C1: Модель | D1: Штрих код | E1: Код товара | F1: Старый артикул | G1: Наименование | H1: Цвет | I1: Размер, мм | J1: Цвет стекла | K1: Толщина стекла, мм | L1: РРЦ, € с 1.08.26 | M1: Под заказ/ под заказ | N1: Доп. информация | O1: Спеццена
B2: Essenza 2023 | C2: PDD В заказе надо указать 2 номера артикулов: левой и правой части кабины. | G2: ЛЕВАЯ ЧАСТЬ КАБИНЫ
D3: 5902738033884 | E3: 1385002-01-01L | F3: 385002-01-01L | G3: Essenza PDD 80 Left | H3: хром | I3: 800x2000 | J3: прозрачное | K3: 6 мм | L3: 752 | M3: Под заказ
D4: 5902738033907 | E4: 1385001-01-01L | F4: 385001-01-01L | G4: Essenza PDD 90 Left | H4: хром | I4: 900x2000 | J4: прозрачное | K4: 6 мм | L4: 773 | M4: Под заказ
D5: 5902738033921 | E5: 1385003-01-01L | F5: 385003-01-01L | G5: Essenza PDD 100 Left | H5: хром | I5: 1000x2000 | J5: прозрачное | K5: 6 мм | L5: 794 | M5: Под заказ
D6: 5902738059358 | E6: 1385002-54-01L | F6: 385002-54-01L | G6: Essenza Black PDD 80 Left | H6: черный | I6: 800x2000 | J6: прозрачное | K6: 6 мм | L6: 827 | M6: Под заказ
D7: 5902738059372 | E7: 1385001-54-01L | F7: 385001-54-01L | G7: Essenza Black PDD 90 Left | H7: черный | I7: 900x2000 | J7: прозрачное | K7: 6 мм | L7: 853 | M7: Под заказ
D8: 5902738059334 | E8: 1385003-54-01L | F8: 385003-54-01L | G8: Essenza Black PDD 100 Left | H8: черный | I8: 1000x2000 | J8: прозрачное | K8: 6 мм | L8: 878 | M8: Под заказ
G9: ПРАВАЯ ЧАСТЬ КАБИНЫ
D10: 5902738033891 | E10: 1385002-01-01R | F10: 385002-01-01R | G10: Essenza PDD 80 Right | H10: хром | I10: 800x2000 | J10: прозрачное | K10: 6 мм | L10: 752 | M10: Под заказ
D11: 5902738033914 | E11: 1385001-01-01R | F11: 385001-01-01R | G11: Essenza PDD 90 Right | H11: хром | I11: 900x2000 | J11: прозрачное | K11: 6 мм | L11: 773 | M11: Под заказ
D12: 5902738033938 | E12: 1385003-01-01R | F12: 385003-01-01R | G12: Essenza PDD 100 Right | H12: хром | I12: 1000x2000 | J12: прозрачное | K12: 6 мм | L12: 794 | M12: Под заказ
D13: 5902738059365 | E13: 1385002-54-01R | F13: 385002-54-01R | G13: Essenza Black PDD 80 Right | H13: черный | I13: 800x2000 | J13: прозрачное | K13: 6 мм | L13: 827 | M13: Под заказ
D14: 5902738059389 | E14: 1385001-54-01R | F14: 385001-54-01R | G14: Essenza Black PDD 90 Right | H14: черный | I14: 900x2000 | J14: прозрачное | K14: 6 мм | L14: 853 | M14: Под заказ
D15: 5902738059341 | E15: 1385003-54-01R | F15: 385003-54-01R | G15: Essenza Black PDD 100 Right | H15: черный | I15: 1000x2000 | J15: прозрачное | K15: 6 мм | L15: 878 | M15: Под заказ
B16: Essenza 2023 | C16: KDJ В заказе надо указать 2 номера артикулов: двери кабины и боковой стенки. | G16: Дверь
D17: 5902738034140 | E17: 1385043-01-01L | F17: 385043-01-01L | G17: Essenza KDJ Door 80 Left | H17: хром | I17: 800x2000 | J17: прозрачное | K17: 6 мм | L17: 840 | M17: Под заказ
D18: 5902738034157 | E18: 1385043-01-01R | F18: 385043-01-01R | G18: Essenza KDJ Door 80 Right | H18: хром | I18: 800x2000 | J18: прозрачное | K18: 6 мм | L18: 840 | M18: Под заказ
D19: 5902738034164 | E19: 1385044-01-01L | F19: 385044-01-01L | G19: Essenza KDJ Door 90 Left | H19: хром | I19: 900x2000 | J19: прозрачное | K19: 6 мм | L19: 865 | M19: Под заказ
D20: 5902738034171 | E20: 1385044-01-01R | F20: 385044-01-01R | G20: Essenza KDJ Door 90 Right | H20: хром | I20: 900x2000 | J20: прозрачное | K20: 6 мм | L20: 865 | M20: Под заказ
D21: 5902738034188 | E21: 1385040-01-01L | F21: 385040-01-01L | G21: Essenza KDJ Door 100 Left | H21: хром | I21: 1000x2000 | J21: прозрачное | K21: 6 мм | L21: 886 | M21: Под заказ
D22: 5902738034195 | E22: 1385040-01-01R | F22: 385040-01-01R | G22: Essenza KDJ Door 100 Right | H22: хром | I22: 1000x2000 | J22: прозрачное | K22: 6 мм | L22: 886 | M22: Под заказ
D23: 5902738034201 | E23: 1385041-01-01L | F23: 385041-01-01L | G23: Essenza KDJ Door 110 Left | H23: хром | I23: 1100x2000 | J23: прозрачное | K23: 6 мм | L23: 907 | M23: Под заказ
D24: 5902738034218 | E24: 1385041-01-01R | F24: 385041-01-01R | G24: Essenza KDJ Door 110 Right | H24: хром | I24: 1100x2000 | J24: прозрачное | K24: 6 мм | L24: 907 | M24: Под заказ
